Workbook

Sheet HHRoster (1)
A1: No. | B1: ='[1]Complete Household'!Y149 -> Favor bele dehan mai ha'u ema nebee hela no han hamutuk iha uma kain ne'e iha loron 7 liu ba nian naran? | C1: ='[1]Complete Household'!Y151 -> (naran) feto ou mane? | D1: ='[1]Complete Household'!Y154 -> Nia (naran) tinan hira? | G1: ='[1]Complete Household'!Y159 -> Saida (naran) nian relasaun ba (xefi uma-kain) nian? | H1: ='[1]Complete Household'!Y1137 -> Agora daudaun, opsaun saida maka descreve diak liu situasaun empregu {naran} nian? | J1: No. | K1: Naran | L1: Idade
A6: 1 | C6: ='[1]Complete Household'!Z152 -> Mane | E6: Tinan | F6: Hatene | J6: 1 | N6: 1 | O6: ='[1]Complete Household'!Z160 -> Xefi uma-kain | Q6: 1 | R6: Empregadu ba empregador/servisu proyek
C7: ='[1]Complete Household'!Z153 -> Feto | E7: Fulan | F7: Est. | N7: 2 | O7: ='[1]Complete Household'!Z161 -> Fen/Kaben husi xefi uma-kain | Q7: 2 | R7: Servisu iha toos/agrikultura
A8: 2 | C8: =$C$6 -> Mane | E8: =$E$6 -> Tinan | F8: =$F$6 -> Hatene | J8: 2 | N8: 3 | O8: ='[1]Complete Household'!Z162 -> Laen/kaben xefi uma-kain | Q8: 3 | R8: Servisu ba an rasik/ fa'an sasan: loke kios, faan sasan iha dalan ibun ka merkadu, lori taxi ka mikrolet
C9: =$C$7 -> Feto | E9: =$E$7 -> Fulan | F9: =$F$7 -> Est. | N9: 4 | O9: ='[1]Complete Household'!Z163 -> Oan mane | Q9: 4 | R9: Servisu iha uma kain/dona de kaza
A10: 3 | C10: =$C$6 -> Mane | E10: =$E$6 -> Tinan | F10: =$F$6 -> Hatene | J10: 3 | N10: 5 | O10: ='[1]Complete Household'!Z164 -> Oan feto | Q10: 5 | R10: Laiha servisu, maibe buka servisu
C11: =$C$7 -> Feto | E11: =$E$7 -> Fulan | F11: =$F$7 -> Est. | N11: 6 | O11: ='[1]Complete Household'!Z165 -> Oan hakiak | Q11: 6 | R11: Laiha servisu no la buka servisu
A12: 4 | C12: =$C$6 -> Mane | E12: =$E$6 -> Tinan | F12: =$F$6 -> Hatene | J12: 4 | N12: 7 | O12: ='[1]Complete Household'!Z166 -> Be-oan feto | Q12: 7 | R12: Pensiun
C13: =$C$7 -> Feto | E13: =$E$7 -> Fulan | F13: =$F$7 -> Est. | N13: 8 | O13: ='[1]Complete Household'!Z167 -> Be-oan mane | Q13: 8 | R13: Studante
A14: 5 | C14: =$C$6 -> Mane | E14: =$E$6 -> Tinan | F14: =$F$6 -> Hatene | J14: 5 | N14: 9 | O14: ='[1]Complete Household'!Z168 -> Subrinha
C15: =$C$7 -> Feto | E15: =$E$7 -> Fulan | F15: =$F$7 -> Est. | N15: 10 | O15: ='[1]Complete Household'!Z169 -> Subrinho
A16: 6 | C16: =$C$6 -> Mane | E16: =$E$6 -> Tinan | F16: =$F$6 -> Hatene | J16: 6 | N16: 11 | O16: ='[1]Complete Household'!Z170 -> Aman
C17: =$C$7 -> Feto | E17: =$E$7 -> Fulan | F17: =$F$7 -> Est. | N17: 12 | O17: ='[1]Complete Household'!Z171 -> Inan
A18: 7 | C18: =$C$6 -> Mane | E18: =$E$6 -> Tinan | F18: =$F$6 -> Hatene | J18: 7 | N18: 13 | O18: ='[1]Complete Household'!Z172 -> Feton
C19: =$C$7 -> Feto | E19: =$E$7 -> Fulan | F19: =$F$7 -> Est. | N19: 14 | O19: ='[1]Complete Household'!Z173 -> Nan
A20: 8 | C20: =$C$6 -> Mane | E20: =$E$6 -> Tinan | F20: =$F$6 -> Hatene | J20: 8 | N20: 15 | O20: ='[1]Complete Household'!Z174 -> Mane foun
C21: =$C$7 -> Feto | E21: =$E$7 -> Fulan | F21: =$F$7 -> Est. | N21: 16 | O21: ='[1]Complete Household'!Z175 -> Feto foun
A22: 9 | C22: =$C$6 -> Mane | E22: =$E$6 -> Tinan | F22: =$F$6 -> Hatene | J22: 9 | N22: 17 | O22: ='[1]Complete Household'!Z176 -> Avo mane
C23: =$C$7 -> Feto | E23: =$E$7 -> Fulan | F23: =$F$7 -> Est. | N23: 18 | O23: ='[1]Complete Household'!Z177 -> Avo feto
A24: 10 | C24: =$C$6 -> Mane | E24: =$E$6 -> Tinan | F24: =$F$6 -> Hatene | J24: 10 | N24: 19 | O24: ='[1]Complete Household'!Z178 -> Banin mane
C25: =$C$7 -> Feto | E25: =$E$7 -> Fulan | F25: =$F$7 -> Est. | N25: 20 | O25: ='[1]Complete Household'!Z179 -> Banin feto
A26: 11 | C26: =$C$6 -> Mane | E26: =$E$6 -> Tinan | F26: =$F$6 -> Hatene | J26: 11 | N26: 21 | O26: ='[1]Complete Household'!Z180 -> Primo/a
C27: =$C$7 -> Feto | E27: =$E$7 -> Fulan | F27: =$F$7 -> Est. | N27: 22 | O27: ='[1]Complete Household'!Z181 -> Familia seluk
A28: 12 | C28: =$C$6 -> Mane | E28: =$E$6 -> Tinan | F28: =$F$6 -> Hatene | J28: 12 | N28: 23 | O28: ='[1]Complete Household'!Z182 -> Pembantu (ema nebe serbisu ajuda iha uma)
C29: =$C$7 -> Feto | E29: =$E$7 -> Fulan | F29: =$F$7 -> Est. | N29: 24 | O29: ='[1]Complete Household'!Z183 -> Pembantu nian familia
A30: 13 | C30: =$C$6 -> Mane | E30: =$E$6 -> Tinan | F30: =$F$6 -> Hatene | J30: 13 | N30: 25 | O30: ='[1]Complete Household'!Z184 -> Ema kos
C31: =$C$7 -> Feto | E31: =$E$7 -> Fulan | F31: =$F$7 -> Est. | N31: 26 | O31: ='[1]Complete Household'!Z185 -> Ema kos nian familia
A32: 14 | C32: =$C$6 -> Mane | E32: =$E$6 -> Tinan | F32: =$F$6 -> Hatene | J32: 14 | N32: 27 | O32: ='[1]Complete Household'!Z186 -> Seluk, spesifika liu tan
C33: =$C$7 -> Feto | E33: =$E$7 -> Fulan | F33: =$F$7 -> Est.
A34: 15 | C34: =$C$6 -> Mane | E34: =$E$6 -> Tinan | F34: =$F$6 -> Hatene | J34: 15
C35: =$C$7 -> Feto | E35: =$E$7 -> Fulan | F35: =$F$7 -> Est.
A36: 16 | C36: =$C$6 -> Mane | E36: =$E$6 -> Tinan | F36: =$F$6 -> Hatene | J36: 16
C37: =$C$7 -> Feto | E37: =$E$7 -> Fulan | F37: =$F$7 -> Est.
A38: 17 | C38: =$C$6 -> Mane | E38: =$E$6 -> Tinan | F38: =$F$6 -> Hatene | J38: 17
C39: =$C$7 -> Feto | E39: =$E$7 -> Fulan | F39: =$F$7 -> Est.
A40: 18 | C40: =$C$6 -> Mane | E40: =$E$6 -> Tinan | F40: =$F$6 -> Hatene | J40: 18
C41: =$C$7 -> Feto | E41: =$E$7 -> Fulan | F41: =$F$7 -> Est.
A42: 19 | C42: =$C$6 -> Mane | E42: =$E$6 -> Tinan | F42: =$F$6 -> Hatene | J42: 19
C43: =$C$7 -> Feto | E43: =$E$7 -> Fulan | F43: =$F$7 -> Est.
A44: 20 | C44: =$C$6 -> Mane | E44: =$E$6 -> Tinan | F44: =$F$6 -> Hatene | J44: 20
C45: =$C$7 -> Feto | E45: =$E$7 -> Fulan | F45: =$F$7 -> Est.
A46: 21 | C46: =$C$6 -> Mane | E46: =$E$6 -> Tinan | F46: =$F$6 -> Hatene | J46: 21
C47: =$C$7 -> Feto | E47: =$E$7 -> Fulan | F47: =$F$7 -> Est.
A48: 22 | C48: =$C$6 -> Mane | E48: =$E$6 -> Tinan | F48: =$F$6 -> Hatene | J48: 22
C49: =$C$7 -> Feto | E49: =$E$7 -> Fulan | F49: =$F$7 -> Est.

Sheet HHRoster (2)
A1: No. | B1: Naran | C1: ='[1]Complete Household'!Y187 -> Nia (naran) pernah ba eskola? | E1: ='[1]Complete Household'!Y192 -> Nivel edukasaun ikus nebe nia (naran) hasai mak saida? | J1: ='[1]Complete Household'!Y198 -> Nia (naran) kompleta ona kursu iha akademia, institutu, ou universidade balun? | R1: Idade
E3: Laiha | F3: Pre-Eskolar | G3: Primária | H3: Pre-Sekundária | I3: Sekundario
J4: ='[1]Complete Household'!Z199 -> Lae | K4: Akademia | L4: Institutu | M4: Universidade | N4: Seluk, spesifika
A6: 1 | C6: ='[1]Complete Household'!Z188 -> Lae | D6: ='[1]Complete Household'!Z190 -> La hatene | E6: =$E$3 -> Laiha | F6: =$F$3 -> Pre-Eskolar | G6: 1 2 3 | H6: 1 2 3 | I6: 1 2 3 | J6: =J4 -> Lae
C7: ='[1]Complete Household'!Z189 -> Sim | D7: Lakoi | G7: 4 5 6 | K7: tinan | L7: tinan | M7: tinan
A8: 2 | C8: =$C$6 -> Lae | D8: =$D$6 -> La hatene | E8: =$E$3 -> Laiha | F8: =$F$3 -> Pre-Eskolar | G8: 1 2 3 | H8: 1 2 3 | I8: 1 2 3 | J8: =J6 -> Lae
C9: =$C$7 -> Sim | D9: =$D$7 -> Lakoi | G9: 4 5 6 | K9: tinan | L9: tinan | M9: tinan
A10: 3 | C10: =$C$6 -> Lae | D10: =$D$6 -> La hatene | E10: =$E$3 -> Laiha | F10: =$F$3 -> Pre-Eskolar | G10: 1 2 3 | H10: 1 2 3 | I10: 1 2 3 | J10: =J8 -> Lae
C11: =$C$7 -> Sim | D11: =$D$7 -> Lakoi | G11: 4 5 6 | K11: tinan | L11: tinan | M11: tinan
A12: 4 | C12: =$C$6 -> Lae | D12: =$D$6 -> La hatene | E12: =$E$3 -> Laiha | F12: =$F$3 -> Pre-Eskolar | G12: 1 2 3 | H12: 1 2 3 | I12: 1 2 3 | J12: =J10 -> Lae
C13: =$C$7 -> Sim | D13: =$D$7 -> Lakoi | G13: 4 5 6 | K13: tinan | L13: tinan | M13: tinan
A14: 5 | C14: =$C$6 -> Lae | D14: =$D$6 -> La hatene | E14: =$E$3 -> Laiha | F14: =$F$3 -> Pre-Eskolar | G14: 1 2 3 | H14: 1 2 3 | I14: 1 2 3 | J14: =J12 -> Lae
C15: =$C$7 -> Sim | D15: =$D$7 -> Lakoi | G15: 4 5 6 | K15: tinan | L15: tinan | M15: tinan
A16: 6 | C16: =$C$6 -> Lae | D16: =$D$6 -> La hatene | E16: =$E$3 -> Laiha | F16: =$F$3 -> Pre-Eskolar | G16: 1 2 3 | H16: 1 2 3 | I16: 1 2 3 | J16: =J14 -> Lae
C17: =$C$7 -> Sim | D17: =$D$7 -> Lakoi | G17: 4 5 6 | K17: tinan | L17: tinan | M17: tinan
A18: 7 | C18: =$C$6 -> Lae | D18: =$D$6 -> La hatene | E18: =$E$3 -> Laiha | F18: =$F$3 -> Pre-Eskolar | G18: 1 2 3 | H18: 1 2 3 | I18: 1 2 3 | J18: =J16 -> Lae
C19: =$C$7 -> Sim | D19: =$D$7 -> Lakoi | G19: 4 5 6 | K19: tinan | L19: tinan | M19: tinan
A20: 8 | C20: =$C$6 -> Lae | D20: =$D$6 -> La hatene | E20: =$E$3 -> Laiha | F20: =$F$3 -> Pre-Eskolar | G20: 1 2 3 | H20: 1 2 3 | I20: 1 2 3 | J20: =J18 -> Lae
C21: =$C$7 -> Sim | D21: =$D$7 -> Lakoi | G21: 4 5 6 | K21: tinan | L21: tinan | M21: tinan
A22: 9 | C22: =$C$6 -> Lae | D22: =$D$6 -> La hatene | E22: =$E$3 -> Laiha | F22: =$F$3 -> Pre-Eskolar | G22: 1 2 3 | H22: 1 2 3 | I22: 1 2 3 | J22: =J20 -> Lae
C23: =$C$7 -> Sim | D23: =$D$7 -> Lakoi | G23: 4 5 6 | K23: tinan | L23: tinan | M23: tinan
A24: 10 | C24: =$C$6 -> Lae | D24: =$D$6 -> La hatene | E24: =$E$3 -> Laiha | F24: =$F$3 -> Pre-Eskolar | G24: 1 2 3 | H24: 1 2 3 | I24: 1 2 3 | J24: =J22 -> Lae
C25: =$C$7 -> Sim | D25: =$D$7 -> Lakoi | G25: 4 5 6 | K25: tinan | L25: tinan | M25: tinan
A26: 11 | C26: =$C$6 -> Lae | D26: =$D$6 -> La hatene | E26: =$E$3 -> Laiha | F26: =$F$3 -> Pre-Eskolar | G26: 1 2 3 | H26: 1 2 3 | I26: 1 2 3 | J26: =J24 -> Lae
C27: =$C$7 -> Sim | D27: =$D$7 -> Lakoi | G27: 4 5 6 | K27: tinan | L27: tinan | M27: tinan
A28: 12 | C28: =$C$6 -> Lae | D28: =$D$6 -> La hatene | E28: =$E$3 -> Laiha | F28: =$F$3 -> Pre-Eskolar | G28: 1 2 3 | H28: 1 2 3 | I28: 1 2 3 | J28: =J26 -> Lae
C29: =$C$7 -> Sim | D29: =$D$7 -> Lakoi | G29: 4 5 6 | K29: tinan | L29: tinan | M29: tinan
A30: 13 | C30: =$C$6 -> Lae | D30: =$D$6 -> La hatene | E30: =$E$3 -> Laiha | F30: =$F$3 -> Pre-Eskolar | G30: 1 2 3 | H30: 1 2 3 | I30: 1 2 3 | J30: =J28 -> Lae
C31: =$C$7 -> Sim | D31: =$D$7 -> Lakoi | G31: 4 5 6 | K31: tinan | L31: tinan | M31: tinan
A32: 14 | C32: =$C$6 -> Lae | D32: =$D$6 -> La hatene | E32: =$E$3 -> Laiha | F32: =$F$3 -> Pre-Eskolar | G32: 1 2 3 | H32: 1 2 3 | I32: 1 2 3 | J32: =J30 -> Lae
C33: =$C$7 -> Sim | D33: =$D$7 -> Lakoi | G33: 4 5 6 | K33: tinan | L33: tinan | M33: tinan
A34: 15 | C34: =$C$6 -> Lae | D34: =$D$6 -> La hatene | E34: =$E$3 -> Laiha | F34: =$F$3 -> Pre-Eskolar | G34: 1 2 3 | H34: 1 2 3 | I34: 1 2 3 | J34: =J32 -> Lae
C35: =$C$7 -> Sim | D35: =$D$7 -> Lakoi | G35: 4 5 6 | K35: tinan | L35: tinan | M35: tinan
A36: 16 | C36: =$C$6 -> Lae | D36: =$D$6 -> La hatene | E36: =$E$3 -> Laiha | F36: =$F$3 -> Pre-Eskolar | G36: 1 2 3 | H36: 1 2 3 | I36: 1 2 3 | J36: =J34 -> Lae
C37: =$C$7 -> Sim | D37: =$D$7 -> Lakoi | G37: 4 5 6 | K37: tinan | L37: tinan | M37: tinan
A38: 17 | C38: =$C$6 -> Lae | D38: =$D$6 -> La hatene | E38: =$E$3 -> Laiha | F38: =$F$3 -> Pre-Eskolar | G38: 1 2 3 | H38: 1 2 3 | I38: 1 2 3 | J38: =J36 -> Lae
C39: =$C$7 -> Sim | D39: =$D$7 -> Lakoi | G39: 4 5 6 | K39: tinan | L39: tinan | M39: tinan
A40: 18 | C40: =$C$6 -> Lae | D40: =$D$6 -> La hatene | E40: =$E$3 -> Laiha | F40: =$F$3 -> Pre-Eskolar | G40: 1 2 3 | H40: 1 2 3 | I40: 1 2 3 | J40: =J38 -> Lae
C41: =$C$7 -> Sim | D41: =$D$7 -> Lakoi | G41: 4 5 6 | K41: tinan | L41: tinan | M41: tinan
A42: 19 | C42: =$C$6 -> Lae | D42: =$D$6 -> La hatene | E42: =$E$3 -> Laiha | F42: =$F$3 -> Pre-Eskolar | G42: 1 2 3 | H42: 1 2 3 | I42: 1 2 3 | J42: =J40 -> Lae
C43: =$C$7 -> Sim | D43: =$D$7 -> Lakoi | G43: 4 5 6 | K43: tinan | L43: tinan | M43: tinan
A44: 20 | C44: =$C$6 -> Lae | D44: =$D$6 -> La hatene | E44: =$E$3 -> Laiha | F44: =$F$3 -> Pre-Eskolar | G44: 1 2 3 | H44: 1 2 3 | I44: 1 2 3 | J44: =J42 -> Lae
C45: =$C$7 -> Sim | D45: =$D$7 -> Lakoi | G45: 4 5 6 | K45: tinan | L45: tinan | M45: tinan
A46: 21 | C46: =$C$6 -> Lae | D46: =$D$6 -> La hatene | E46: =$E$3 -> Laiha | F46: =$F$3 -> Pre-Eskolar | G46: 1 2 3 | H46: 1 2 3 | I46: 1 2 3 | J46: =J44 -> Lae
C47: =$C$7 -> Sim | D47: =$D$7 -> Lakoi | G47: 4 5 6 | K47: tinan | L47: tinan | M47: tinan
A48: 22 | C48: =$C$6 -> Lae | D48: =$D$6 -> La hatene | E48: =$E$3 -> Laiha | F48: =$F$3 -> Pre-Eskolar | G48: 1 2 3 | H48: 1 2 3 | I48: 1 2 3 | J48: =J46 -> Lae
C49: =$C$7 -> Sim | D49: =$D$7 -> Lakoi | G49: 4 5 6 | K49: tinan | L49: tinan | M49: tinan

Sheet Outline - Male
A1: OUTLINE OF HOUSEHOLD QUESTIONNAIRES
A3: Male Enumerator | L3: In Female | M3: In Widow | N3: In Elderly | O3: In Youth
A5: PART A: | C5: Enumerator Observations Prior to Permissions
H6: 1 | J6: Household Identification | L6: Yes | M6: Yes | N6: Yes | O6: Yes
H7: 2 | J7: Road Access | L7: No | M7: Yes | N7: No | O7: No
H8: 3 | J8: Topography | L8: No | M8: Yes | N8: No | O8: No
A10: PART B1: | C10: Introduction and Permissions
I11: X | J11: Introduction | L11: Yes | M11: Yes | N11: Yes | O11: Yes
I12: X | J12: Permissions | L12: Yes | M12: Yes | N12: Yes | O12: Yes
A14: PART B2: | C14: Household Roster and Selection of Respondents
I15: X | J15: How long family in aldeia | L15: No | M15: Yes | N15: No | O15: No
I16: X | J16: Household Member Roster | L16: Yes | M16: Yes | N16: Yes | O16: Yes
A18: Male Questionnaire
A20: PART C: | C20: Household Basic Characteristics:
I21: X | J21: How long respondent in aldeia | L21: Yes | M21: Yes | N21: Yes | O21: Yes
I22: X | J22: Housing - number of rooms and ownership | L22: No | M22: Yes | N22: No | O22: No
I23: X | J23: Land | L23: No | M23: Yes | N23: No | O23: No
I24: X | J24: Assets | L24: No | M24: Yes | N24: No | O24: No
I25: X | J25: Lighting and Electricity | L25: No | M25: Yes | N25: No | O25: No
I26: X | J26: Bank Account | L26: No | M26: Yes | N26: No | O26: No
A28: PART D: | C28: Access and Use of Public Facilities:
I29: X | J29: Distance and Travel to District and Sub-District Capitals | L29: ? | M29: Yes | N29: No | O29: No
I30: X | J30: Public Halls and Offices, Meeting Attendance | L30: No | M30: Yes | N30: No | O30: No
I31: X | J31: Sports Facilities | L31: No | M31: Yes | N31: No | O31: No
I32: X | J32: Agricultural and Fisheries Equipment | L32: No | M32: Yes | N32: No | O32: No
A34: PART E: | C34: Crops, Irrigation and Income:
I35: X | J35: Crops | L35: No | M35: Yes | N35: No | O35: No
I36: X | J36: Irrigation and Crop Loss | L36: No | M36: Yes | N36: No | O36: No
I37: X | J37: Income (including paid project work) | L37: No | M37: Yes | N37: No | O37: No
A39: PART F: | C39: Projects and Community
I40: X | J40: Involvement in Community Work | L40: No | M40: Yes | N40: No | O40: No
J41: Preferences for Local Development Projects | L41: Yes | M41: Yes | N41: Yes | O41: Yes
A44: PART G | C44: Decision-Making and Governance
J45: Who are the Influential People in Suku and Aldeia Decision-Making | L45: Yes | M45: Yes | N45: Yes | O45: Yes
J46: Involvement in Community Decisions | L46: Yes | M46: Yes | N46: Yes | O46: Yes
J47: Perceptions of Governance and Voicing Concerns | L47: Yes | M47: Yes | N47: Yes | O47: Yes
J48: Political Participation and Preferences for Decentralisation | L48: Yes | M48: Yes | N48: Yes | O48: Yes
A50: PART H: | C50: Cohesion
J51: Crime, Conflict and Dispute Resolution | L51: Yes | M51: Yes | N51: Yes | O51: Yes
J52: Trust | L52: Yes | M52: Yes | N52: Yes | O52: Yes
J53: Attitudes towards Gender Roles | L53: Yes | M53: Yes | N53: Yes | O53: Yes
A55: PART I: | C55: Subjective Wellbeing and Satisfaction with Public Services
J56: Subjective Wellbeing | L56: Yes | M56: Yes | N56: Yes | O56: Yes
J57: Satisfaction with Public Services, Perceptions of Change over Time | L57: Yes | M57: Yes | N57: Yes | O57: Yes
A59: PART J: | C59: Information, Social and Human Capital
I60: X | J60: Sources of Information | L60: Yes | M60: Yes | N60: Yes | O60: Yes
I61: X | J61: Participation in Groups and Organisations | L61: Yes | M61: Yes | N61: Yes | O61: Yes
I62: X | J62: Lisan | L62: No | M62: Yes | N62: No | O62: No
I63: X | J63: Education | L63: Yes | M63: Yes | N63: Yes | O63: Yes
J64: Respondent Literacy | L64: Yes | M64: Yes | N64: No | O64: No
A66: PART K: | C66: Enumerator Observations Post Interview
J67: Housing Conditions | L67: No | M67: Yes | N67: No | O67: No

Sheet Outline - Female
A1: OUTLINE OF HOUSEHOLD QUESTIONNAIRES
A3: Female Enumerator | L3: In Female | M3: In Widow | N3: In Elderly | O3: In Youth
A5: PART A: | C5: Enumerator Observations Prior to Permissions
H6: 1 | I6: X | J6: Household Identification | L6: Yes | M6: Yes | N6: Yes | O6: Yes
A8: PART B1: | C8: Introduction and Permissions
I9: X | J9: Introduction | L9: Yes | M9: Yes | N9: Yes | O9: Yes
I10: X | J10: Permissions | L10: Yes | M10: Yes | N10: Yes | O10: Yes
A12: PART B2: | C12: Household Roster and Selection of Respondents
I13: X | J13: Household Member Roster | L13: Yes | M13: Yes | N13: Yes | O13: Yes
A15: Female Questionnaire
A17: PART C1: | C17: Household Basic Characteristics:
I18: X | J18: How long respondent in aldeia | L18: Yes | M18: Yes | N18: Yes | O18: Yes
I19: x | J19: Water Sources
I20: x | J20: Toilet Facilities
A22: PART C2 | C22: Child Schooling
I23: x | J23: Child Schooling
A25: PART C3 | C25: Health
I26: x | J26: Household Member Illness
I27: x | J27: Child under 5 Health and Nutrition
I28: x | J28: Maternal Health
A30: PART D: | C30: Access and Use of Public Facilities
I31: X | J31: Distance and Travel to District and Sub-District Capitals | L31: ? | M31: Yes | N31: No | O31: No
A33: PART E2: | C33: Consumption and Markets
I34: x | J34: Household Consumption
I35: x | J35: Market Engagement
I36: x | J36: Mobility
A38: PART F: | C38: Projects and Community
I39: X | J39: Preferences for Local Development Projects | L39: Yes | M39: Yes | N39: Yes | O39: Yes
A41: PART G | C41: Decision-Making and Governance
I42: X | J42: Who are the Influential People in Suku and Aldeia Decision-Making | L42: Yes | M42: Yes | N42: Yes | O42: Yes
I43: X | J43: Involvement in Community Decisions | L43: Yes | M43: Yes | N43: Yes | O43: Yes
I44: X | J44: Perceptions of Governance and Voicing Concerns | L44: Yes | M44: Yes | N44: Yes | O44: Yes
I45: X | J45: Political Participation and Preferences for Decentralisation | L45: Yes | M45: Yes | N45: Yes | O45: Yes
A47: PART H: | C47: Cohesion
I48: X | J48: Crime, Conflict and Dispute Resolution | L48: Yes | M48: Yes | N48: Yes | O48: Yes
I49: X | J49: Trust | L49: Yes | M49: Yes | N49: Yes | O49: Yes
I50: X | J50: Attitudes towards Gender Roles | L50: Yes | M50: Yes | N50: Yes | O50: Yes
A52: PART I: | C52: Subjective Wellbeing and Satisfaction with Public Services
I53: X | J53: Subjective Wellbeing | L53: Yes | M53: Yes | N53: Yes | O53: Yes
I54: X | J54: Satisfaction with Public Services, Perceptions of Change over Time | L54: Yes | M54: Yes | N54: Yes | O54: Yes
A56: PART J: | C56: Information, Social and Human Capital
I57: X | J57: Sources of Information | L57: Yes | M57: Yes | N57: Yes | O57: Yes
I58: X | J58: Participation in Groups and Organisations | L58: Yes | M58: Yes | N58: Yes | O58: Yes
I59: X | J59: Education | L59: Yes | M59: Yes | N59: Yes | O59: Yes
I60: X | J60: Respondent Literacy | L60: Yes | M60: Yes | N60: No | O60: No
A62: PART K: | C62: Enumerator Observations Post Interview

Sheet A
A1: IDENTICAL TO MALE PART A

Sheet B
A1: IDENTICAL TO MALE PART B

Sheet C1
A1: PART C: HOUSEHOLD INFORMATION (FEMALE)
A2: New ID | B2: Response ID | C2: Question or Response | D2: Question Completion Method | E2: Response Display Format | F2: Data Format | G2: Lower Bound | H2: Upper Bound | I2: Switching | J2: Image | K2: Display Text | M2: Translation | O2: Chronology | P2: Constraint | Q2: Required
A4: C1.02 | C4: Question | D4: Read question | E4: Category - choose one | F4: Code | K4: Since when have you lived in this aldeia? | M4: Dezde ita bot hela iha aldeia ida ne'e? | O4: C3.01 | Q4: Yes
C5: Response | E5: Category option | L5: Before the Japanese came (1942) | N5: Antes Japaun tama (antes 1942)
C6: Response | E6: Category option | K6: Portuguese time, but after the Japanese came (1945-1975) | N6: Tempo Portuguese, maibe depois Japaun tama (1942-1975)
C7: Response | E7: Category option | L7: Indonesian time (1975-1999) | N7: Tempo Indonezia (1975-1999)
C8: Response | E8: Category option | K8: After the referendum, but before the 2006 violence (1999-2006) | N8: Antes referendum, maibe depois violensia iha 2006 (1999-2006)
C9: Response | E9: Category option | L9: After the 2006 violence | N9: Depois violensia iha 2006

Sheet C2
A1: PART C2: HOUSEHOLD INFORMATION (FEMALE) | Q1: PART C: HOUSEHOLD INFORMATION (FEMALE) | R1: AB Comments
A2: New ID | C2: Question or Response | D2: Question Completion Method | E2: Response Display Format | F2: Data Format | G2: Lower Bound | H2: Upper Bound | J2: Display Text | L2: Translation | N2: Chronology | O2: Additional explanation - English | P2: Tetun | Q2: Unique ID | R2: AB Comments
A3: C2.1 Water Sources | L3: Be'e-matan sira | R3: A question about maintenance (if we can think of something approriate) would be fine. Save the water mgmt group question for the xefes
A4: Identify Sources of Drinking Water | L4: Identifika be'e-matan ba hemu nian
A5: C2.1.01 | C5: Question | D5: Read question | E5: Category - choose one | F5: Code | J5: Currently, what is the main source of drinking water for your household? | L5: Agora dadaun, ida nebee maka be'e-matan prinsipal be'e-hemu nian ba ita-nia uma-kain? | O5: Be sure this is the water source CURRENTLY being used | Q5: H3.1 | R5: As you proposed, ask separate questions about the dry and wet season. Maybe ask some questions just about the current season, though, so as to avoid doubling the number of questions. Also, who is best placed to answer these questions - men or women? I would rather put these in the gendered questionnaire than the HoHH.
B6: C2.1.03.a | C6: =VLOOKUP($B6,Codes!$A:$K,2,FALSE) -> Response | E6: =VLOOKUP($B6,Codes!$A:$K,4,FALSE) -> Category option | F6: =VLOOKUP($B6,Codes!$A:$K,5,FALSE) -> 1 | J6: 1 | K6: Bottled | M6: =VLOOKUP($B6,Codes!$A:$K,11,FALSE) -> Be botir (AQUA) | N6: =A21 -> C2.1.02
B7: C2.1.03.b | C7: =VLOOKUP($B7,Codes!$A:$K,2,FALSE) -> Response | E7: =VLOOKUP($B7,Codes!$A:$K,4,FALSE) -> Category option | F7: =VLOOKUP($B7,Codes!$A:$K,5,FALSE) -> 2 | J7: 2 | K7: Piped Into Dwelling | M7: =VLOOKUP($B7,Codes!$A:$K,11,FALSE) -> Pipa nebe liga ba uma | N7: =A21 -> C2.1.02
B8: C2.1.03.c | C8: =VLOOKUP($B8,Codes!$A:$K,2,FALSE) -> Response | E8: =VLOOKUP($B8,Codes!$A:$K,4,FALSE) -> Category option | F8: =VLOOKUP($B8,Codes!$A:$K,5,FALSE) -> 3 | J8: 3 | K8: Piped To Yard / Plot (On-Site) | M8: =VLOOKUP($B8,Codes!$A:$K,11,FALSE) -> Pipa nebe liga ba uma oin / fatin ida (iha fatin) | N8: =A21 -> C2.1.02 | O8: piped to property, but not into house
B9: C2.1.03.d | C9: =VLOOKUP($B9,Codes!$A:$K,2,FALSE) -> Response | E9: =VLOOKUP($B9,Codes!$A:$K,4,FALSE) -> Category option | F9: =VLOOKUP($B9,Codes!$A:$K,5,FALSE) -> 4 | J9: 4 | K9: Piped To Neighbour | M9: =VLOOKUP($B9,Codes!$A:$K,11,FALSE) -> Pipa nebe liga ba uma sorin / vizinhu | N9: =A21 -> C2.1.02
B10: C2.1.03.e | C10: =VLOOKUP($B10,Codes!$A:$K,2,FALSE) -> Response | E10: =VLOOKUP($B10,Codes!$A:$K,4,FALSE) -> Category option | F10: =VLOOKUP($B10,Codes!$A:$K,5,FALSE) -> 5 | J10: 5 | K10: Tap / Standpipe Off-Site | M10: =VLOOKUP($B10,Codes!$A:$K,11,FALSE) -> Torneira | N10: =A21 -> C2.1.02 | O10: not on property
B11: C2.1.03.f | C11: =VLOOKUP($B11,Codes!$A:$K,2,FALSE) -> Response | E11: =VLOOKUP($B11,Codes!$A:$K,4,FALSE) -> Category option | F11: =VLOOKUP($B11,Codes!$A:$K,5,FALSE) -> 6 | J11: 6 | K11: Dug Well | M11: =VLOOKUP($B11,Codes!$A:$K,11,FALSE) -> Be posu | N11: =A21 -> C2.1.02
B12: C2.1.03.g | C12: =VLOOKUP($B12,Codes!$A:$K,2,FALSE) -> Response | E12: =VLOOKUP($B12,Codes!$A:$K,4,FALSE) -> Category option | F12: =VLOOKUP($B12,Codes!$A:$K,5,FALSE) -> 7 | J12: 7 | K12: Borehole / Tubewell | M12: =VLOOKUP($B12,Codes!$A:$K,11,FALSE) -> Ke'e be | N12: =A21 -> C2.1.02 | O12: hole bored or drilled to reach water underground. Water is extracted with pipe and pump (hand/motor)
B13: C2.1.03.h | C13: =VLOOKUP($B13,Codes!$A:$K,2,FALSE) -> Response | E13: =VLOOKUP($B13,Codes!$A:$K,4,FALSE) -> Category option | F13: =VLOOKUP($B13,Codes!$A:$K,5,FALSE) -> 8 | J13: 8 | K13: Spring | M13: =VLOOKUP($B13,Codes!$A:$K,11,FALSE) -> Be moris | N13: =A21 -> C2.1.02
B14: C2.1.03.i | C14: =VLOOKUP($B14,Codes!$A:$K,2,FALSE) -> Response | E14: =VLOOKUP($B14,Codes!$A:$K,4,FALSE) -> Category option | F14: =VLOOKUP($B14,Codes!$A:$K,5,FALSE) -> 9 | J14: 9 | K14: River / Stream | M14: =VLOOKUP($B14,Codes!$A:$K,11,FALSE) -> Mota / be sulin | N14: =A21 -> C2.1.02 | O14: running water
B15: C2.1.03.j | C15: =VLOOKUP($B15,Codes!$A:$K,2,FALSE) -> Response | E15: =VLOOKUP($B15,Codes!$A:$K,4,FALSE) -> Category option | F15: =VLOOKUP($B15,Codes!$A:$K,5,FALSE) -> 10 | J15: 10 | K15: Dam / Lake / Pond | M15: =VLOOKUP($B15,Codes!$A:$K,11,FALSE) -> Kolam / lagua | N15: =A21 -> C2.1.02 | O15: stagnant water
B16: C2.1.03.k | C16: =VLOOKUP($B16,Codes!$A:$K,2,FALSE) -> Response | E16: =VLOOKUP($B16,Codes!$A:$K,4,FALSE) -> Category option | F16: =VLOOKUP($B16,Codes!$A:$K,5,FALSE) -> 11 | J16: 11 | K16: Canal / Irrigation Channel | M16: =VLOOKUP($B16,Codes!$A:$K,11,FALSE) -> Be dalan / kanal irigasaun | N16: =A21 -> C2.1.02
B17: C2.1.03.l | C17: =VLOOKUP($B17,Codes!$A:$K,2,FALSE) -> Response | E17: =VLOOKUP($B17,Codes!$A:$K,4,FALSE) -> Category option | F17: =VLOOKUP($B17,Codes!$A:$K,5,FALSE) -> 12 | J17: 12 | K17: Rainwater | M17: =VLOOKUP($B17,Codes!$A:$K,11,FALSE) -> Udan been | N17: =A21 -> C2.1.02
B18: C2.1.03.m | C18: =VLOOKUP($B18,Codes!$A:$K,2,FALSE) -> Response | E18: =VLOOKUP($B18,Codes!$A:$K,4,FALSE) -> Category option | F18: =VLOOKUP($B18,Codes!$A:$K,5,FALSE) -> 13 | J18: 13 | K18: Truck / Cart / Tanker | M18: =VLOOKUP($B18,Codes!$A:$K,11,FALSE) -> Trek / gerobak / tanke | N18: =A21 -> C2.1.02
B19: H1.01.c | C19: =VLOOKUP($B19,Codes!$A:$K,2,FALSE) -> Response | E19: =VLOOKUP($B19,Codes!$A:$K,4,FALSE) -> Category option | F19: =VLOOKUP($B19,Codes!$A:$K,5,FALSE) -> 997 | J19: 14 | K19: Other (specify) | M19: =VLOOKUP($B19,Codes!$A:$K,11,FALSE) -> Seluk (spesifika) | N19: =A20 -> C2.1.01x
A20: C2.1.01x | C20: Question | D20: Enumerator completes | E20: Text response | F20: Text | J20: [Specify other source] | L20: [Spesifika be matan seluk] | N20: =A21 -> C2.1.02
A21: C2.1.02 | C21: Question | D21: Read question | E21: Category - choose one | F21: Code | J21: In the last 12 months, has your household used any other source of water for drinking? | L21: Iha fulan 12 liu, ita nia uma-kain uza ona be'e-matan seluk ruma hodi hemu? | Q21: H3.11 | R21: It may be worth asking a couple of other questions about which agency / group / person etc. funded the water supply source and whether any improvements have been made in the past few years and who funded those? These may be better captured by the XS / XA interviews, though. If so, disregard the suggestion.
B22: H1.01.a | C22: =VLOOKUP($B22,Codes!$A:$K,2,FALSE) -> Response | E22: =VLOOKUP($B22,Codes!$A:$K,4,FALSE) -> Category option | F22: =VLOOKUP($B22,Codes!$A:$K,5,FALSE) -> 0 | K22: =VLOOKUP($B22,Codes!$A:$K,9,FALSE) -> No | M22: =VLOOKUP($B22,Codes!$A:$K,11,FALSE) -> Lae | N22: =A33 -> C2.1.10
B23: H1.01.b | C23: =VLOOKUP($B23,Codes!$A:$K,2,FALSE) -> Response | E23: =VLOOKUP($B23,Codes!$A:$K,4,FALSE) -> Category option | F23: =VLOOKUP($B23,Codes!$A:$K,5,FALSE) -> 1 | K23: =VLOOKUP($B23,Codes!$A:$K,9,FALSE) -> Yes | M23: =VLOOKUP($B23,Codes!$A:$K,11,FALSE) -> Sim | N23: =A147 -> C2.1.30
B24: H1.01.d | C24: =VLOOKUP($B24,Codes!$A:$K,2,FALSE) -> Response | E24: =VLOOKUP($B24,Codes!$A:$K,4,FALSE) -> Category option | F24: =VLOOKUP($B24,Codes!$A:$K,5,FALSE) -> 999 | K24: =VLOOKUP($B24,Codes!$A:$K,9,FALSE) -> Don't know | M24: =VLOOKUP($B24,Codes!$A:$K,11,FALSE) -> La hatene | N24: =A33 -> C2.1.10
A25: No other source used
A26: If:
A27: 6 | B27: Dug Well | I27: Dug Well
A28: 7 | B28: Borehole / Tubewell | I28: Borehole / Tubewell
A29: 8 | B29: Spring | I29: Spring
A30: 9 | B30: River / Stream | I30: River / Stream
A31: 10 | B31: Dam / Lake / Pond | I31: Dam / Lake / Pond
A32: 11 | B32: Canal / Irrigation Channel | I32: Canal / Irrigation Channel
A33: C2.1.10 | C33: Question | D33: Read question | E33: Category - choose one | F33: Code | J33: Do you get this water directly from the source, or is there a pipe? | L33: Ita hetan be ne'e husi be'e matan kedas, ou liga husi kanu? | O33: Select 'pipe' if any pipe at all
C34: Response | E34: Category option | F34: X | K34: Directly from source | M34: Husi be matan ne'e kedas | N34: =A44 -> C2.1.12
C35: Response | E35: Category option | F35: X | K35: From pipe | M35: Liga husi kanu | N35: =A38 -> C2.1.11
B36: H1.01.c | C36: =VLOOKUP($B36,Codes!$A:$K,2,FALSE) -> Response | E36: =VLOOKUP($B36,Codes!$A:$K,4,FALSE) -> Category option | F36: =VLOOKUP($B36,Codes!$A:$K,5,FALSE) -> 997 | K36: =VLOOKUP($B36,Codes!$A:$K,9,FALSE) -> Other (specify) | M36: =VLOOKUP($B36,Codes!$A:$K,11,FALSE) -> Seluk (spesifika) | N36: =A37 -> C2.1.10x
A37: C2.1.10x | C37: Question | D37: Enumerator completes | E37: Text response | F37: Text | J37: [Specify other] | L37: [Spesifika seluk tan] | N37: =A44 -> C2.1.12
A38: C2.1.11 | C38: Question | D38: Read question | E38: Category - choose one | F38: Code | J38: What sort of pipe is it? | L38: Kanu modelu oinsa?
C39: Response | E39: Category option | F39: X | K39: Bamboo | M39: Ai oan husi bambu | N39: =A57 -> C2.1.13
C40: Response | E40: Category option | F40: X | K40: Plastic / PVC | M40: Plastik / PVC | N40: =A57 -> C2.1.13
C41: Response | E41: Category option | F41: X | K41: Steel / iron / copper | M41: Besi | N41: =A57 -> C2.1.13
B42: H1.01.c | C42: =VLOOKUP($B42,Codes!$A:$K,2,FALSE) -> Response | E42: =VLOOKUP($B42,Codes!$A:$K,4,FALSE) -> Category option | F42: =VLOOKUP($B42,Codes!$A:$K,5,FALSE) -> 997 | K42: =VLOOKUP($B42,Codes!$A:$K,9,FALSE) -> Other (specify) | M42: =VLOOKUP($B42,Codes!$A:$K,11,FALSE) -> Seluk (spesifika) | N42: =A43 -> C2.1.11x
A43: C2.1.11x | C43: Question | D43: Enumerator completes | E43: Text response | F43: Text | J43: [Specify other type] | L43: [Spesifika tipu seluk] | N43: =A57 -> C2.1.13
A44: C2.1.12 | C44: Question | D44: Read question | E44: Category - choose one | F44: Code | J44: Is the opening to this water source currently covered or protected so that animals and debris can't contaminate it? | L44: Lutu-matan ba be'e-matan ne'e oras ne'e taka-metin ka protejidu atu nune'e animal sira ai-luruk labele hafoer be'e-matan ne'e? | O44: If has a cover / is protected but currently not being used / broken, select 'no' | Q44: H3.2 | R44: I think this would be a good question to ask for both.
B45: H1.01.a | C45: =VLOOKUP($B45,Codes!$A:$K,2,FALSE) -> Response | E45: =VLOOKUP($B45,Codes!$A:$K,4,FALSE) -> Category option | F45: =VLOOKUP($B45,Codes!$A:$K,5,FALSE) -> 0 | K45: =VLOOKUP($B45,Codes!$A:$K,9,FALSE) -> No | M45: =VLOOKUP($B45,Codes!$A:$K,11,FALSE) -> Lae | N45: =A57 -> C2.1.13
B46: H1.01.b | C46: =VLOOKUP($B46,Codes!$A:$K,2,FALSE) -> Response | E46: =VLOOKUP($B46,Codes!$A:$K,4,FALSE) -> Category option | F46: =VLOOKUP($B46,Codes!$A:$K,5,FALSE) -> 1 | K46: =VLOOKUP($B46,Codes!$A:$K,9,FALSE) -> Yes | M46: =VLOOKUP($B46,Codes!$A:$K,11,FALSE) -> Sim | N46: =A57 -> C2.1.13
B47: H1.01.d | C47: =VLOOKUP($B47,Codes!$A:$K,2,FALSE) -> Response | E47: =VLOOKUP($B47,Codes!$A:$K,4,FALSE) -> Category option | F47: =VLOOKUP($B47,Codes!$A:$K,5,FALSE) -> 999 | K47: =VLOOKUP($B47,Codes!$A:$K,9,FALSE) -> Don't know | M47: =VLOOKUP($B47,Codes!$A:$K,11,FALSE) -> La hatene | N47: =A57 -> C2.1.13
A48: End if
A49: If:
A50: 5 | B50: Tap / Standpipe Off-Site | I50: Tap / Standpipe Off-Site
A51: 6 | B51: Dug Well | I51: Dug Well
A52: 7 | B52: Borehole / Tubewell | I52: Borehole / Tubewell
A53: 8 | B53: Spring | I53: Spring
A54: 9 | B54: River / Stream | I54: River / Stream
A55: 10 | B55: Dam / Lake / Pond | I55: Dam / Lake / Pond
A56: 11 | B56: Canal / Irrigation Channel | I56: Canal / Irrigation Channel
A57: C2.1.13 | C57: Question | D57: Read question | E57: Select all household members | F57: Code | J57: Usually how often does your household go to collect water from this source? | L57: Bai-bain, ita-nia umakain ba kuru be'e dala hira husi be'e matan ne'e? | N57: =A58 -> C2.1.14
A58: C2.1.14 | C58: Question | D58: Read question | E58: Table - row: household member; columns: number | F58: XX | J58: [Specify time period] | L58: [Spesifika tempu ne'e] | O58: Number of trips: if 2 people went together, this is just 1 trip. | Q58: H3.6 | R58: This is two questions - do separate. Also add options . . .
C59: Response | E59: Category option | F59: X | K59: per day | M59: Iha loron 1 | N59: =A63 -> C2.1.15
C60: Response | E60: Category option | F60: X | K60: per week | M60: Iha semana 1 | N60: =A63 -> C2.1.15
C61: Response | E61: Category option | F61: X | K61: per month | M61: Iha fulan 1 | N61: =A63 -> C2.1.15
B62: H1.01.d | C62: =VLOOKUP($B62,Codes!$A:$K,2,FALSE) -> Response | E62: =VLOOKUP($B62,Codes!$A:$K,4,FALSE) -> Category option | F62: =VLOOKUP($B62,Codes!$A:$K,5,FALSE) -> 999 | K62: =VLOOKUP($B62,Codes!$A:$K,9,FALSE) -> Don't know | M62: =VLOOKUP($B62,Codes!$A:$K,11,FALSE) -> La hatene | N62: =A63 -> C2.1.15
A63: C2.1.15 | C63: Question | D63: Read question | E63: Numeric response | F63: Time: minutes + hours | J63: How long does it take to walk to this water source, fill the container(s) and return home? | L63: Tempu hira maka presiza hodi lao ba be'e matan ne'e, enxe jerigen no fila fali ba uma? | N63: =A64 -> C2.1.16 | O63: To the place where the water is usually collected from | Q63: H3.5 | R63: I think it may be useful to specify yesterday or last week etc. Time may vary with the weather. Also add options.
A64: C2.1.16 | C64: Question | D64: Read question | E64: Numeric response | F64: Time: minutes + hours | J64: In the wet season, how long does it take to walk to this water source, fill the container(s) and return home? | L64: Iha tempu udan, tempu hira maka presiza hodi lao ba be'e matan, enxe jerigen no fila fali ba uma? | N64: =A78 -> C2.1.17
A65: End if
A66: If:
A67: Piped Into Dwelling
A68: Piped To Yard / Plot (On-Site)
A69: Piped To Neighbour
A70: Tap / Standpipe Off-Site
A71: Dug Well
A72: Borehole / Tubewell
A73: Spring
A74: River / Stream
A75: Dam / Lake / Pond
A76: Canal / Irrigation Channel
A77: Rainwater
A78: C2.1.17 | C78: Question | D78: Read question | E78: Category - choose one | F78: Code | J78: Does your household do anything to the water before drinking? | L78: Ita nia uma-kain halo buat ruma ba be ne'e molok atu hemu?
C79: Response | E79: Category option | F79: X | K79: No | M79: Lae (hemu langsung) | N79: =A97 -> C2.1.18
C80: Response | E80: Category option | F80: X | K80: Yes, boil | M80: Sim, nono tia be ne'e | N80: =A97 -> C2.1.18
C81: Response | E81: Category option | F81: X | K81: Yes, add bleach / chlorine | M81: Sim, hatama klorine / bleach | N81: =A97 -> C2.1.18
C82: Response | E82: Category option | F82: X | K82: Yes, strain it through a cloth | M82: Sim, tais uza pasador / kuador | N82: =A97 -> C2.1.18
C83: Response | E83: Category option | F83: X | K83: Yes, use a water filter | M83: Sim, uza filter | N83: =A97 -> C2.1.18
C84: Response | E84: Category option | F84: X | K84: Yes, solar disinfection | M84: Sim, uza hamate foer ou bakteria uza solar | N84: =A97 -> C2.1.18
C85: Response | E85: Category option | F85: X | K85: Yes, let it stand and settle | M85: Sim, husik kapur ben tun hotu iha be okos tia lai | N85: =A97 -> C2.1.18
B86: H1.01.c | C86: =VLOOKUP($B86,Codes!$A:$K,2,FALSE) -> Response | E86: =VLOOKUP($B86,Codes!$A:$K,4,FALSE) -> Category option | F86: =VLOOKUP($B86,Codes!$A:$K,5,FALSE) -> 997 | K86: =VLOOKUP($B86,Codes!$A:$K,9,FALSE) -> Other (specify) | M86: =VLOOKUP($B86,Codes!$A:$K,11,FALSE) -> Seluk (spesifika) | N86: =A88 -> C2.1.17x
B87: H1.01.d | C87: =VLOOKUP($B87,Codes!$A:$K,2,FALSE) -> Response | E87: =VLOOKUP($B87,Codes!$A:$K,4,FALSE) -> Category option | F87: =VLOOKUP($B87,Codes!$A:$K,5,FALSE) -> 999 | K87: =VLOOKUP($B87,Codes!$A:$K,9,FALSE) -> Don't know | M87: =VLOOKUP($B87,Codes!$A:$K,11,FALSE) -> La hatene | N87: =A97 -> C2.1.18
A88: C2.1.17x | C88: Question | D88: Enumerator completes | E88: Text response | F88: Text | J88: [Specify other] | L88: [Spesifika seluk tan] | N88: =A97 -> C2.1.18
A89: End if
A90: If:
A91: 3 | B91: Piped To Yard / Plot (On-Site) | I91: Piped To Yard / Plot (On-Site)
A92: 4 | B92: Piped To Neighbour | I92: Piped To Neighbour
A93: 5 | B93: Tap / Standpipe Off-Site | I93: Tap / Standpipe Off-Site
A94: 6 | B94: Dug Well | I94: Dug Well
A95: 7 | B95: Borehole / Tubewell | I95: Borehole / Tubewell
A96: 8 | B96: Spring | I96: Spring
A97: C2.1.18 | C97: Question | D97: Read question | E97: Category - choose one | F97: Code | J97: Is this water source a private, shared or public facility? | L97: Be'e matan ida ne'e fasilidade privadu, uza hamutuk ka públiku? | Q97: H14.4 | R97: 0
B98: MC12.43.a | C98: =VLOOKUP($B98,Codes!$A:$K,2,FALSE) -> Response | E98: =VLOOKUP($B98,Codes!$A:$K,4,FALSE) -> Category option | F98: =VLOOKUP($B98,Codes!$A:$K,5,FALSE) -> 1 | K98: =VLOOKUP($B98,Codes!$A:$K,9,FALSE) -> Private - 1 household | M98: =VLOOKUP($B98,Codes!$A:$K,11,FALSE) -> Privadu - uma kain 1 deit | N98: =A114 -> C2.1.19
B99: MC12.43.b | C99: =VLOOKUP($B99,Codes!$A:$K,2,FALSE) -> Response | E99: =VLOOKUP($B99,Codes!$A:$K,4,FALSE) -> Category option | F99: =VLOOKUP($B99,Codes!$A:$K,5,FALSE) -> 2 | K99: =VLOOKUP($B99,Codes!$A:$K,9,FALSE) -> Private - shared between a few households | M99: =VLOOKUP($B99,Codes!$A:$K,11,FALSE) -> Privadu - uma kain balun sosi | N99: =A114 -> C2.1.19
B100: MC12.43.c | C100: =VLOOKUP($B100,Codes!$A:$K,2,FALSE) -> Response | E100: =VLOOKUP($B100,Codes!$A:$K,4,FALSE) -> Category option | F100: =VLOOKUP($B100,Codes!$A:$K,5,FALSE) -> 3 | K100: =VLOOKUP($B100,Codes!$A:$K,9,FALSE) -> Community / public | M100: =VLOOKUP($B100,Codes!$A:$K,11,FALSE) -> Komunidade / públiku | N100: =A114 -> C2.1.19
...

Sheet C3
A1: PART C3: CHILD SCHOOLING (FEMALE)
A2: New ID | C2: Question or Response | D2: Question Completion Method | E2: Response Display Format | F2: Data Format | G2: Lower Bound | H2: Upper Bound | J2: Display Text | L2: Translation | N2: Chronology | O2: Additional explanation - English | P2: Tetun | Q2: Unique ID | R2: AB Comments
A3: C3.1. Child School Enrolment | L3: Matrikula Eskola Labarik nian | R3: 0
A4: This section is to be asked for all household members aged 5-18: | M4: seksaun ida ne atu atu husu kona ba membrus uma kain hotu nebe tinan 5-18 | R4: 0
A5: Loop through children oldest to youngest? | M5: hare tuir labarik husi boot liu too kiik liu? | R5: 0
A6: C3.1.00a | J6: How many children aged 5 to 18 are there in your household? | M6: Ita boot nia oan nain hira iha idade 5-10 iha ita nia uma kain ne'e
K7: No children aged 5 to 18 | M7: Laiha oan ho tinan 5 to 18 | N7: Next section
K8: Insert number | M8: Hatama numeru | N8: =A10 -> C3.1.00b
K9: Numerical responses | M9: Numerical response | N9: =A10 -> C3.1.00b
A10: C3.1.00b | J10: What are their names, starting from the oldest? (up to 12 children) | M10: Sira nia naran saida, komesa ida oan dahuluk ne'e? (to oan nain 12) | N10: =A13 -> C3.1.01
A12: For first child: | M12: ba oan dahuluk | R12: 0
A13: C3.1.01 | C13: Question | D13: Read question | E13: Category - choose one | F13: Code | J13: Is {name} currently enrolled in school? | L13: (Naran) agora dadaun matrikula iha eskola ka lae? | O13: Enrolled not attending | Q13: H9.1 | R13: 0
B14: H1.01.a | C14: =VLOOKUP($B14,[2]Codes!$A$1:$K$65536,2,FALSE) -> Response | E14: =VLOOKUP($B14,[2]Codes!$A$1:$K$65536,4,FALSE) -> Category option | F14: =VLOOKUP($B14,[2]Codes!$A$1:$K$65536,5,FALSE) -> 0 | K14: No | M14: Lae | N14: =A18 -> C3.1.02
B15: H1.01.b | C15: =VLOOKUP($B15,[2]Codes!$A$1:$K$65536,2,FALSE) -> Response | E15: =VLOOKUP($B15,[2]Codes!$A$1:$K$65536,4,FALSE) -> Category option | F15: =VLOOKUP($B15,[2]Codes!$A$1:$K$65536,5,FALSE) -> 1 | K15: Yes | M15: Sim | N15: =A42 -> C3.1.06
B16: H1.01.d | C16: =VLOOKUP($B16,[2]Codes!$A$1:$K$65536,2,FALSE) -> Response | E16: =VLOOKUP($B16,[2]Codes!$A$1:$K$65536,4,FALSE) -> Category option | F16: =VLOOKUP($B16,[2]Codes!$A$1:$K$65536,5,FALSE) -> 999 | K16: Don't know | M16: La hatene | N16: next child
B17: H1.01.e | C17: =VLOOKUP($B17,[2]Codes!$A$1:$K$65536,2,FALSE) -> Response | E17: =VLOOKUP($B17,[2]Codes!$A$1:$K$65536,4,FALSE) -> Category option | F17: =VLOOKUP($B17,[2]Codes!$A$1:$K$65536,5,FALSE) -> 998 | K17: Refused to answer | M17: Lakohi fo resposta | N17: next child
A18: C3.1.02 | C18: Question | D18: Read question | E18: Category - choose one | F18: Code | J18: Why is {name} not enrolled in school? | L18: Tan sa mak {naran} la matrikula iha eskola? | Q18: H9.3 | R18: OK, but check for additional options through pilot-testing.
B19: H9.3.a | C19: =VLOOKUP($B19,[2]Codes!$A$1:$K$65536,2,FALSE) -> Response | E19: =VLOOKUP($B19,[2]Codes!$A$1:$K$65536,4,FALSE) -> Category option | F19: =VLOOKUP($B19,[2]Codes!$A$1:$K$65536,5,FALSE) -> 1 | K19: No interest in completing to senior high school | M19: La interese atu remata eskola sekundario | N19: =A33 -> C3.1.03 | O19: select this response if don't see the point in education
B20: H9.3.b | C20: =VLOOKUP($B20,[2]Codes!$A$1:$K$65536,2,FALSE) -> Response | E20: =VLOOKUP($B20,[2]Codes!$A$1:$K$65536,4,FALSE) -> Category option | F20: =VLOOKUP($B20,[2]Codes!$A$1:$K$65536,5,FALSE) -> 2 | K20: Too young | M20: Tinan seidauk to'o | N20: next child
B21: H9.3.c | C21: =VLOOKUP($B21,[2]Codes!$A$1:$K$65536,2,FALSE) -> Response | E21: =VLOOKUP($B21,[2]Codes!$A$1:$K$65536,4,FALSE) -> Category option | F21: =VLOOKUP($B21,[2]Codes!$A$1:$K$65536,5,FALSE) -> 3 | K21: Helps in the family home, farm or business | M21: Ajuda iha uma laran, natar ou bisnis | N21: =A33 -> C3.1.03
B22: H9.3.d | C22: =VLOOKUP($B22,[2]Codes!$A$1:$K$65536,2,FALSE) -> Response | E22: =VLOOKUP($B22,[2]Codes!$A$1:$K$65536,4,FALSE) -> Category option | F22: =VLOOKUP($B22,[2]Codes!$A$1:$K$65536,5,FALSE) -> 4 | K22: Works outside the home / farm / family business | M22: Serbisu iha liur / natar / halao familia nian bisnis | N22: =A33 -> C3.1.03
B23: H9.3.e | C23: =VLOOKUP($B23,[2]Codes!$A$1:$K$65536,2,FALSE) -> Response | E23: =VLOOKUP($B23,[2]Codes!$A$1:$K$65536,4,FALSE) -> Category option | F23: =VLOOKUP($B23,[2]Codes!$A$1:$K$65536,5,FALSE) -> 5 | K23: Grades too low / did not pass | M23: Notas ki'ik liu / la passa | N23: =A40 -> C3.1.04
B24: H9.3.f | C24: =VLOOKUP($B24,[2]Codes!$A$1:$K$65536,2,FALSE) -> Response | E24: =VLOOKUP($B24,[2]Codes!$A$1:$K$65536,4,FALSE) -> Category option | F24: =VLOOKUP($B24,[2]Codes!$A$1:$K$65536,5,FALSE) -> 6 | K24: Bad behaviour / expelled | M24: Hahalok at / hasai husi eskola | N24: =A40 -> C3.1.04
B25: H9.3.g | C25: =VLOOKUP($B25,[2]Codes!$A$1:$K$65536,2,FALSE) -> Response | E25: =VLOOKUP($B25,[2]Codes!$A$1:$K$65536,4,FALSE) -> Category option | F25: =VLOOKUP($B25,[2]Codes!$A$1:$K$65536,5,FALSE) -> 7 | K25: Sick / disabled / mute / deaf | M25: Moras /defisiente/ monok / diuk | N25: next child
B26: H9.3.h | C26: =VLOOKUP($B26,[2]Codes!$A$1:$K$65536,2,FALSE) -> Response | E26: =VLOOKUP($B26,[2]Codes!$A$1:$K$65536,4,FALSE) -> Category option | F26: =VLOOKUP($B26,[2]Codes!$A$1:$K$65536,5,FALSE) -> 8 | K26: School too far | M26: Eskola dok liu | N26: =A40 -> C3.1.04
B27: H9.3.i | C27: =VLOOKUP($B27,[2]Codes!$A$1:$K$65536,2,FALSE) -> Response | E27: =VLOOKUP($B27,[2]Codes!$A$1:$K$65536,4,FALSE) -> Category option | F27: =VLOOKUP($B27,[2]Codes!$A$1:$K$65536,5,FALSE) -> 9 | K27: School not functional (no teachers / standard is poor) | M27: Eskola la funsiona (la iha mestre /padraun la diak) | N27: =A40 -> C3.1.04
B28: H9.3.j | C28: =VLOOKUP($B28,[2]Codes!$A$1:$K$65536,2,FALSE) -> Response | E28: =VLOOKUP($B28,[2]Codes!$A$1:$K$65536,4,FALSE) -> Category option | F28: =VLOOKUP($B28,[2]Codes!$A$1:$K$65536,5,FALSE) -> 10 | K28: Not enough money for school fees / uniforms | M28: Osan la to'o atu selu osan eskola / farda | N28: =A40 -> C3.1.04
B29: H9.3.k | C29: =VLOOKUP($B29,[2]Codes!$A$1:$K$65536,2,FALSE) -> Response | E29: =VLOOKUP($B29,[2]Codes!$A$1:$K$65536,4,FALSE) -> Category option | F29: =VLOOKUP($B29,[2]Codes!$A$1:$K$65536,5,FALSE) -> 11 | K29: Got married / has a family | M29: Kaben ona / iha familia | N29: next child
B30: H9.3.l | C30: =VLOOKUP($B30,[2]Codes!$A$1:$K$65536,2,FALSE) -> Response | E30: =VLOOKUP($B30,[2]Codes!$A$1:$K$65536,4,FALSE) -> Category option | F30: =VLOOKUP($B30,[2]Codes!$A$1:$K$65536,5,FALSE) -> 12 | K30: Completed senior high school | M30: Ramata ona eskola sekundaria | N30: next child
B31: H1.01.c | C31: =VLOOKUP($B31,[2]Codes!$A$1:$K$65536,2,FALSE) -> Response | E31: =VLOOKUP($B31,[2]Codes!$A$1:$K$65536,4,FALSE) -> Category option | F31: =VLOOKUP($B31,[2]Codes!$A$1:$K$65536,5,FALSE) -> 997 | K31: Other (specify) | M31: Seluk (spesifika) | N31: =A32 -> C3.1.02x
A32: C3.1.02x | C32: Question | D32: Enumerator completes | E32: Text response | F32: Text | J32: [Specify other reason] | L32: [Espesifika razaun seluk] | N32: next child
A33: C3.1.03 | C33: Question | D33: Read question | E33: Category - choose one | F33: Code | J33: How unhappy are {name}'s parents that {name} is not enrolled in school? | L33: {Naran} nian inan-aman laran-susar oin sa tanba {naran} la matrikula iha eskola? | O33: Be aware if respondent is the child's mother/father | Q33: H9.3a | R33: This is OK, but do check reactions when pilot-testing.
B34: H9.3a.a | C34: =VLOOKUP($B34,[2]Codes!$A$1:$K$65536,2,FALSE) -> Response | E34: =VLOOKUP($B34,[2]Codes!$A$1:$K$65536,4,FALSE) -> Category option | F34: =VLOOKUP($B34,[2]Codes!$A$1:$K$65536,5,FALSE) -> 1 | K34: =VLOOKUP($B34,[2]Codes!$A$1:$K$65536,9,FALSE) -> Not unhappy | M34: La laran-susar | N34: =A40 -> C3.1.04
B35: H9.3a.b | C35: =VLOOKUP($B35,[2]Codes!$A$1:$K$65536,2,FALSE) -> Response | E35: =VLOOKUP($B35,[2]Codes!$A$1:$K$65536,4,FALSE) -> Category option | F35: =VLOOKUP($B35,[2]Codes!$A$1:$K$65536,5,FALSE) -> 2 | K35: =VLOOKUP($B35,[2]Codes!$A$1:$K$65536,9,FALSE) -> A little unhappy | M35: Larab susar uitoan | N35: =A40 -> C3.1.04
B36: H9.3a.c | C36: =VLOOKUP($B36,[2]Codes!$A$1:$K$65536,2,FALSE) -> Response | E36: =VLOOKUP($B36,[2]Codes!$A$1:$K$65536,4,FALSE) -> Category option | F36: =VLOOKUP($B36,[2]Codes!$A$1:$K$65536,5,FALSE) -> 3 | K36: =VLOOKUP($B36,[2]Codes!$A$1:$K$65536,9,FALSE) -> Undecided (in 2 minds) | M36: La desidi (laran-rua) | N36: =A40 -> C3.1.04
B37: H9.3a.d | C37: =VLOOKUP($B37,[2]Codes!$A$1:$K$65536,2,FALSE) -> Response | E37: =VLOOKUP($B37,[2]Codes!$A$1:$K$65536,4,FALSE) -> Category option | F37: =VLOOKUP($B37,[2]Codes!$A$1:$K$65536,5,FALSE) -> 4 | K37: =VLOOKUP($B37,[2]Codes!$A$1:$K$65536,9,FALSE) -> Don't care | M37: =VLOOKUP($B37,[2]Codes!$A$1:$K$65536,11,FALSE) -> La interese | N37: =A40 -> C3.1.04
B38: H1.01.d | C38: =VLOOKUP($B38,[2]Codes!$A$1:$K$65536,2,FALSE) -> Response | E38: =VLOOKUP($B38,[2]Codes!$A$1:$K$65536,4,FALSE) -> Category option | F38: =VLOOKUP($B38,[2]Codes!$A$1:$K$65536,5,FALSE) -> 999 | K38: =VLOOKUP($B38,[2]Codes!$A$1:$K$65536,9,FALSE) -> Don't know | M38: =VLOOKUP($B38,[2]Codes!$A$1:$K$65536,11,FALSE) -> La hatene | N38: =A40 -> C3.1.04
B39: H1.01.e | C39: =VLOOKUP($B39,[2]Codes!$A$1:$K$65536,2,FALSE) -> Response | E39: =VLOOKUP($B39,[2]Codes!$A$1:$K$65536,4,FALSE) -> Category option | F39: =VLOOKUP($B39,[2]Codes!$A$1:$K$65536,5,FALSE) -> 998 | K39: =VLOOKUP($B39,[2]Codes!$A$1:$K$65536,9,FALSE) -> Refused to answer | M39: =VLOOKUP($B39,[2]Codes!$A$1:$K$65536,11,FALSE) -> Lakohi fo resposta | N39: =A40 -> C3.1.04
A40: C3.1.04 | C40: Question | D40: Read question | E40: Numeric response | F40: Time: minutes + hours | J40: If {name} were to go to school, how long (in hours) would it take to get to the nearest state school if they walked? [Hints: Rough estimation is fine. 15 minutes - 0.25 hour; 30 mins = 0.5 hour; 45 mins = 0.75 hour; 60 min = 1 hour] | L40: Se {naran} ba eskola karik, han tempu hira (iha oras) atu ba too eskola publiku besik liu bainhira sira lao? [suzestaun: estimasaun bruto mos diak; minuto 15 = 0.25 de hora; minuto 30 mins = 0.5 de hora; minuto 45 = 0.75 de hora; 60 min = oras 1] | N40: =A41 -> C3.1.05 | O40: Closest state primary / pre-secondary / secondary school as appropriate for child's age
A41: C3.1.05 | C41: Question | D41: Read question | E41: Numeric response | F41: Time: minutes + hours | J41: If {name} were to go to school, how long (in hours) would it take to get to the nearest state school if they travelled by motorbike? [Hints: Rough estimation is fine. 15 minutes - 0.25 hour; 30 mins = 0.5 hour; 45 mins = 0.75 hour; 60 min = 1 hour] | L41: Se {naran} ba eskola karik, han tempu hira (oras) atu ba too eskola publiku besik liu bainhira sira sae motor? [suzestaun: estimasaun bruto mos diak; minuto 15 = 0.25 de hora; minuto 30 mins = 0.5 de hora; minuto 45 = 0.75 de hora; 60 min = oras 1] | N41: next child | O41: Closest state primary / pre-secondary / secondary school as appropriate for child's age
A42: C3.1.06 | C42: Question | D42: Read question | E42: Category - choose one | F42: Code | J42: Does {name} go to a community school, a state school or a private school? | L42: {Naran} ba eskola komunidade, eskola publiku ka eskola privadu? | O42: Religious schools are classed as private schools | Q42: H9.24 | R42: 0
B43: H9.4.a | C43: =VLOOKUP($B43,[2]Codes!$A$1:$K$65536,2,FALSE) -> Response | E43: =VLOOKUP($B43,[2]Codes!$A$1:$K$65536,4,FALSE) -> Category option | F43: =VLOOKUP($B43,[2]Codes!$A$1:$K$65536,5,FALSE) -> 1 | K43: =VLOOKUP($B43,[2]Codes!$A$1:$K$65536,9,FALSE) -> Community school | M43: =VLOOKUP($B43,[2]Codes!$A$1:$K$65536,11,FALSE) -> Eskola komunidade | N43: =A48 -> C3.1.07
B44: H9.4.b | C44: =VLOOKUP($B44,[2]Codes!$A$1:$K$65536,2,FALSE) -> Response | E44: =VLOOKUP($B44,[2]Codes!$A$1:$K$65536,4,FALSE) -> Category option | F44: =VLOOKUP($B44,[2]Codes!$A$1:$K$65536,5,FALSE) -> 2 | K44: =VLOOKUP($B44,[2]Codes!$A$1:$K$65536,9,FALSE) -> State school | M44: =VLOOKUP($B44,[2]Codes!$A$1:$K$65536,11,FALSE) -> Eskola publiku / estadu | N44: =A50 -> C3.1.09
B45: H9.4.c | C45: =VLOOKUP($B45,[2]Codes!$A$1:$K$65536,2,FALSE) -> Response | E45: =VLOOKUP($B45,[2]Codes!$A$1:$K$65536,4,FALSE) -> Category option | F45: =VLOOKUP($B45,[2]Codes!$A$1:$K$65536,5,FALSE) -> 3 | K45: =VLOOKUP($B45,[2]Codes!$A$1:$K$65536,9,FALSE) -> Private school | M45: =VLOOKUP($B45,[2]Codes!$A$1:$K$65536,11,FALSE) -> Eskola privadu / swasta | N45: =A50 -> C3.1.09
B46: H1.01.c | C46: =VLOOKUP($B46,[2]Codes!$A$1:$K$65536,2,FALSE) -> Response | E46: =VLOOKUP($B46,[2]Codes!$A$1:$K$65536,4,FALSE) -> Category option | F46: =VLOOKUP($B46,[2]Codes!$A$1:$K$65536,5,FALSE) -> 997 | K46: =VLOOKUP($B46,[2]Codes!$A$1:$K$65536,9,FALSE) -> Other (specify) | M46: =VLOOKUP($B46,[2]Codes!$A$1:$K$65536,11,FALSE) -> Seluk (spesifika) | N46: =A47 -> C3.1.06x
A47: C3.1.06x | C47: Question | D47: Enumerator completes | E47: Text response | F47: Text | J47: [Specify other type] | L47: [Espesifika tipu seluk] | N47: =A50 -> C3.1.09
A48: C3.1.07 | C48: Question | D48: Read question | E48: Numeric response | F48: Time: minutes + hours | J48: If {name} were to go to a state school, how long (in hours) would it take to get to the nearest state school if they walked? [Hints: Rough estimation is fine. 15 minutes - 0.25 hour; 30 mins = 0.5 hour; 45 mins = 0.75 hour; 60 min = 1 hour] | L48: Se {naran} ba eskola karik, han tempu hira (oras) atu ba too eskola publiku besik liu bainhira sira lao? [suzestaun: estimasaun bruto mos diak; minuto 15 =0.25 de hora; minuto 30 mins = 0.5 de hora; minuto 45 = 0.75 de hora; 60 min = oras 1] | N48: =A49 -> C3.1.08 | O48: Closest state school of child's level | Q48: H9.4 | R48: 0
A49: C3.1.08 | C49: Question | D49: Read question | E49: Numeric response | F49: Time: minutes + hours | J49: If {name} were to go to a state school, how long (in hours) would it take to get to the nearest state school if they travelled by motorbike? [Hints: Rough estimation is fine. 15 minutes - 0.25 hour; 30 mins = 0.5 hour; 45 mins = 0.75 hour; 60 min = 1 hour] | L49: Se {naran} ba eskola karik, han tempu hira atu ba too eskola publiku besik liu bainhira sira sae motor? [suzestaun: estimasaun bruto mos diak; minuto 15 = 0.25 de hora; minuto 30 mins = 0.5 de hora; minuto 45 = 0.75 de hora; 60 min = oras 1] | N49: next child | O49: Closest state school of child's level | Q49: H9.4 | R49: 0
A50: C3.1.09 | C50: Question | D50: Read question | E50: Category - choose one | F50: Code | J50: Where is the school located - in this aldeia, in another aldeia in this suku, or in another suku? | L50: Eskola ne'e iha nebee - iha aldeia ida ne'e, iha aldeia seluk maibe iha suku ida ne'e, ou iha suku seluk? | Q50: H9.29 | R50: Where the household has more than one child of school age, you may want to add an option to indicate the student attends the same school as another child so that the section is not then repeated.
B51: H4.22.a | C51: =VLOOKUP($B51,[2]Codes!$A$1:$K$65536,2,FALSE) -> Response | E51: =VLOOKUP($B51,[2]Codes!$A$1:$K$65536,4,FALSE) -> Category option | F51: =VLOOKUP($B51,[2]Codes!$A$1:$K$65536,5,FALSE) -> 1 | K51: =VLOOKUP($B51,[2]Codes!$A$1:$K$65536,9,FALSE) -> In this aldeia | M51: =VLOOKUP($B51,[2]Codes!$A$1:$K$65536,11,FALSE) -> Iha aldeia ida ne'e | N51: =A57 -> C3.1.10
B52: H4.22.b | C52: =VLOOKUP($B52,[2]Codes!$A$1:$K$65536,2,FALSE) -> Response | E52: =VLOOKUP($B52,[2]Codes!$A$1:$K$65536,4,FALSE) -> Category option | F52: =VLOOKUP($B52,[2]Codes!$A$1:$K$65536,5,FALSE) -> 2 | K52: =VLOOKUP($B52,[2]Codes!$A$1:$K$65536,9,FALSE) -> In another aldeia within this suku | M52: =VLOOKUP($B52,[2]Codes!$A$1:$K$65536,11,FALSE) -> Iha aldeia seluk, maibe iha suku ida ne'e | N52: =A57 -> C3.1.10
B53: H4.22.c | C53: =VLOOKUP($B53,[2]Codes!$A$1:$K$65536,2,FALSE) -> Response | E53: =VLOOKUP($B53,[2]Codes!$A$1:$K$65536,4,FALSE) -> Category option | F53: =VLOOKUP($B53,[2]Codes!$A$1:$K$65536,5,FALSE) -> 3 | K53: =VLOOKUP($B53,[2]Codes!$A$1:$K$65536,9,FALSE) -> In another suku | M53: =VLOOKUP($B53,[2]Codes!$A$1:$K$65536,11,FALSE) -> Iha suku seluk | N53: =A57 -> C3.1.10
B54: H4.22.d | C54: =VLOOKUP($B54,[2]Codes!$A$1:$K$65536,2,FALSE) -> Response | E54: =VLOOKUP($B54,[2]Codes!$A$1:$K$65536,4,FALSE) -> Category option | F54: =VLOOKUP($B54,[2]Codes!$A$1:$K$65536,5,FALSE) -> 4 | K54: =VLOOKUP($B54,[2]Codes!$A$1:$K$65536,9,FALSE) -> West Timor | M54: =VLOOKUP($B54,[2]Codes!$A$1:$K$65536,11,FALSE) -> Timor Loromonu | N54: next child
B55: H4.22.e | C55: =VLOOKUP($B55,[2]Codes!$A$1:$K$65536,2,FALSE) -> Response | E55: =VLOOKUP($B55,[2]Codes!$A$1:$K$65536,4,FALSE) -> Category option | F55: =VLOOKUP($B55,[2]Codes!$A$1:$K$65536,5,FALSE) -> 5 | K55: =VLOOKUP($B55,[2]Codes!$A$1:$K$65536,9,FALSE) -> Overseas | M55: =VLOOKUP($B55,[2]Codes!$A$1:$K$65536,11,FALSE) -> Iha rai liur | N55: next child
B56: H1.01.d | C56: =VLOOKUP($B56,[2]Codes!$A$1:$K$65536,2,FALSE) -> Response | E56: =VLOOKUP($B56,[2]Codes!$A$1:$K$65536,4,FALSE) -> Category option | F56: =VLOOKUP($B56,[2]Codes!$A$1:$K$65536,5,FALSE) -> 999 | K56: =VLOOKUP($B56,[2]Codes!$A$1:$K$65536,9,FALSE) -> Don't know | M56: =VLOOKUP($B56,[2]Codes!$A$1:$K$65536,11,FALSE) -> La hatene | N56: next child
A57: C3.1.10 | C57: Question | D57: Read question | E57: Category - choose one | F57: Code | J57: How does {name} travel to school? | L57: Oin sa {naran} ba eskola? | O57: If more than one mode, select the one which covers the longest distance | Q57: H9.6 | R57: 0
B58: MC10.08a | C58: =VLOOKUP($B58,[2]Codes!$A$1:$K$65536,2,FALSE) -> Response | E58: =VLOOKUP($B58,[2]Codes!$A$1:$K$65536,4,FALSE) -> Category option | F58: =VLOOKUP($B58,[2]Codes!$A$1:$K$65536,5,FALSE) -> 1 | K58: Walk | M58: Lao | N58: =A76 -> C3.1.12
B59: MC10.08b | C59: =VLOOKUP($B59,[2]Codes!$A$1:$K$65536,2,FALSE) -> Response | E59: =VLOOKUP($B59,[2]Codes!$A$1:$K$65536,4,FALSE) -> Category option | F59: =VLOOKUP($B59,[2]Codes!$A$1:$K$65536,5,FALSE) -> 2 | K59: Bicycle | M59: Bisikleta | N59: =A76 -> C3.1.12
B60: MC10.08c | C60: =VLOOKUP($B60,[2]Codes!$A$1:$K$65536,2,FALSE) -> Response | E60: =VLOOKUP($B60,[2]Codes!$A$1:$K$65536,4,FALSE) -> Category option | F60: =VLOOKUP($B60,[2]Codes!$A$1:$K$65536,5,FALSE) -> 3 | K60: Motorbike / scooter (own or no payment given) | M60: Motor (ninian ka la fo osan) | N60: =A76 -> C3.1.12
B61: MC10.08d | C61: =VLOOKUP($B61,[2]Codes!$A$1:$K$65536,2,FALSE) -> Response | E61: =VLOOKUP($B61,[2]Codes!$A$1:$K$65536,4,FALSE) -> Category option | F61: =VLOOKUP($B61,[2]Codes!$A$1:$K$65536,5,FALSE) -> 4 | K61: Motorbike / scooter / ojek (payment given) | M61: Motor / ojek (fo osan) | N61: =A72 -> C3.1.11 | O61: including ride-share on a private vehicle
B62: MC10.08e | C62: =VLOOKUP($B62,[2]Codes!$A$1:$K$65536,2,FALSE) -> Response | E62: =VLOOKUP($B62,[2]Codes!$A$1:$K$65536,4,FALSE) -> Category option | F62: =VLOOKUP($B62,[2]Codes!$A$1:$K$65536,5,FALSE) -> 5 | K62: Private car / truck (own or no payment given) | M62: Kareta / truk privadu (ninian ka la fo osan) | N62: =A76 -> C3.1.12
B63: MC10.08f | C63: =VLOOKUP($B63,[2]Codes!$A$1:$K$65536,2,FALSE) -> Response | E63: =VLOOKUP($B63,[2]Codes!$A$1:$K$65536,4,FALSE) -> Category option | F63: =VLOOKUP($B63,[2]Codes!$A$1:$K$65536,5,FALSE) -> 6 | K63: Private car / truck (payment given) | M63: Kareta / truk privadu (fo osan) | N63: =A76 -> C3.1.12
B64: MC10.08g | C64: =VLOOKUP($B64,[2]Codes!$A$1:$K$65536,2,FALSE) -> Response | E64: =VLOOKUP($B64,[2]Codes!$A$1:$K$65536,4,FALSE) -> Category option | F64: =VLOOKUP($B64,[2]Codes!$A$1:$K$65536,5,FALSE) -> 7 | K64: Public truck / mikrolet / bus / angguna | M64: Angguna / bis / mikrolet / truk publiku | N64: =A72 -> C3.1.11
B65: MC10.08h | C65: =VLOOKUP($B65,[2]Codes!$A$1:$K$65536,2,FALSE) -> Response | E65: =VLOOKUP($B65,[2]Codes!$A$1:$K$65536,4,FALSE) -> Category option | F65: =VLOOKUP($B65,[2]Codes!$A$1:$K$65536,5,FALSE) -> 8 | K65: Taxi | M65: Taxi | N65: =A72 -> C3.1.11
B66: MC10.08i | C66: =VLOOKUP($B66,[2]Codes!$A$1:$K$65536,2,FALSE) -> Response | E66: =VLOOKUP($B66,[2]Codes!$A$1:$K$65536,4,FALSE) -> Category option | F66: =VLOOKUP($B66,[2]Codes!$A$1:$K$65536,5,FALSE) -> 9 | K66: Horse | M66: Kuda | N66: =A76 -> C3.1.12
B67: MC10.08j | C67: =VLOOKUP($B67,[2]Codes!$A$1:$K$65536,2,FALSE) -> Response | E67: =VLOOKUP($B67,[2]Codes!$A$1:$K$65536,4,FALSE) -> Category option | F67: =VLOOKUP($B67,[2]Codes!$A$1:$K$65536,5,FALSE) -> 10 | K67: Boat (own or no payment given) | M67: Ber'o (ninian ka la fo osan) | N67: =A76 -> C3.1.12
B68: MC10.08k | C68: =VLOOKUP($B68,[2]Codes!$A$1:$K$65536,2,FALSE) -> Response | E68: =VLOOKUP($B68,[2]Codes!$A$1:$K$65536,4,FALSE) -> Category option | F68: =VLOOKUP($B68,[2]Codes!$A$1:$K$65536,5,FALSE) -> 11 | K68: Boat (payment given) | M68: Ber'o (fo osan) | N68: =A72 -> C3.1.11
B69: MC10.08l | C69: =VLOOKUP($B69,[2]Codes!$A$1:$K$65536,2,FALSE) -> Response | E69: =VLOOKUP($B69,[2]Codes!$A$1:$K$65536,4,FALSE) -> Category option | F69: =VLOOKUP($B69,[2]Codes!$A$1:$K$65536,5,FALSE) -> 12 | K69: Public Ferry | M69: Ferry | N69: =A72 -> C3.1.11
B70: H1.01.c | C70: =VLOOKUP($B70,[2]Codes!$A$1:$K$65536,2,FALSE) -> Response | E70: =VLOOKUP($B70,[2]Codes!$A$1:$K$65536,4,FALSE) -> Category option | F70: =VLOOKUP($B70,[2]Codes!$A$1:$K$65536,5,FALSE) -> 997 | K70: Other (specify) | M70: Seluk (spesifika) | N70: =A71 -> C3.1.10x
A71: C3.1.10x | C71: Question | D71: Enumerator completes | E71: Text | F71: Text | J71: [Specify other mode of transport] | L71: [Spesifika transporte seluk] | N71: =A76 -> C3.1.12 | O71: If more than one mode, select the one which covers the longest distance | Q71: H9.6 | R71: 0
A72: C3.1.11 | C72: Question | D72: Numeric response | E72: Numeric response | F72: XX.XX | J72: What is the cost to get from home to school [1 person, 1 way]? | L72: Selu hira husi uma ba eskola [ema ida, ba mai deit]? | N72: =A76 -> C3.1.12
C73: Response | D73: Don't read | E73: Category | F73: X | K73: Don't know | M73: La hatene
C74: Response | D74: Don't read | E74: Category | F74: X | K74: Insert response | M74: Hatama responsa
C75: Response | D75: Don't read | E75: Number | F75: Number | K75: Numerical input | M75: Numerical input
A76: C3.1.12 | C76: Question | D76: Read question | E76: Numeric response | F76: Time: minutes + hours | J76: How long (in hour) does it take to travel from home to the school? | L76: Presiza tempu hira (iha oras) atu lao husi ita nia uma atu ba eskola? | N76: =A80 -> C3.1.13 | Q76: H9.5 | R76: 0
C77: Response | D77: Don't read | E77: Category | F77: X | K77: Don't know | M77: La hatene
C78: Response | D78: Don't read | E78: Category | F78: X | K78: Insert response | M78: Hatama responsa
C79: Response | D79: Don't read | E79: Number | F79: Number | K79: Numerical input | M79: Numerical input
A80: C3.1.13 | C80: Question | D80: Read question | E80: Numeric response | F80: XXXX | J80: How many students are in {name}'s class at school? | L80: Iha estudante hira iha (naran) nian turma iha eskola ne'e? | N80: =A84 -> C3.1.15 | Q80: H9.8 | R80: OK
C81: Response | D81: Don't read | E81: Category | F81: X | K81: Don't know | M81: La hatene
C82: Response | D82: Don't read | E82: Category | F82: X | K82: Insert response | M82: Hatama responsa
C83: Response | D83: Don't read | E83: Number | F83: Number | K83: Numerical input | M83: Numerical input
A84: C3.1.15 | C84: Question | D84: Read question | E84: Category - choose one | F84: Code | J84: In the last 7 days, was {name} absent from school? | L84: Iha loron 7 liu ba, {naran} falta eskola ka lae?
B85: H1.01.a | C85: =VLOOKUP($B85,[2]Codes!$A$1:$K$65536,2,FALSE) -> Response | E85: =VLOOKUP($B85,[2]Codes!$A$1:$K$65536,4,FALSE) -> Category option | F85: =VLOOKUP($B85,[2]Codes!$A$1:$K$65536,5,FALSE) -> 0 | K85: No | M85: Lae | N85: =A109 -> C3.1.18
B86: H1.01.b | C86: =VLOOKUP($B86,[2]Codes!$A$1:$K$65536,2,FALSE) -> Response | E86: =VLOOKUP($B86,[2]Codes!$A$1:$K$65536,4,FALSE) -> Category option | F86: =VLOOKUP($B86,[2]Codes!$A$1:$K$65536,5,FALSE) -> 1 | K86: Yes | M86: Sim | N86: =A89 -> C3.1.16
B87: H1.01.d | C87: =VLOOKUP($B87,[2]Codes!$A$1:$K$65536,2,FALSE) -> Response | E87: =VLOOKUP($B87,[2]Codes!$A$1:$K$65536,4,FALSE) -> Category option | F87: =VLOOKUP($B87,[2]Codes!$A$1:$K$65536,5,FALSE) -> 999 | K87: Don't know | M87: La hatene | N87: =A109 -> C3.1.18
B88: H1.01.e | C88: =VLOOKUP($B88,[2]Codes!$A$1:$K$65536,2,FALSE) -> Response | E88: =VLOOKUP($B88,[2]Codes!$A$1:$K$65536,4,FALSE) -> Category option | F88: =VLOOKUP($B88,[2]Codes!$A$1:$K$65536,5,FALSE) -> 998 | K88: Refused to answer | M88: Lakohi fo resposta | N88: =A109 -> C3.1.18
A89: C3.1.16 | C89: Question | D89: Read question | E89: Numeric response | F89: X.xx | G89: 0 | H89: 6 | J89: For how many days was {name} absent from school? | L89: Durante loron hira mak {naran} falta eskola? | N89: =A90 -> C3.1.17
A90: C3.1.17 | C90: Question | D90: Read question | E90: Category - choose all | F90: Code | J90: Why was {name} absent from school? | L90: Tamba sa {naran} falta eskola?
C91: Response | E91: Category option | K91: Sick | M91: Moras | N91: =A109 -> C3.1.18
C92: Response | E92: Category option | K92: No interest | M92: La iha interese | N92: =A109 -> C3.1.18
C93: Response | E93: Category option | K93: Required to look after other family members | M93: Tenki hare / tau-matan ba membru família sira seluk | N93: =A109 -> C3.1.18
C94: Response | E94: Category option | K94: Required to work in the home, farm or family business | M94: Tenki serbisu iha uma, to'os ka negósiu família nian | N94: =A109 -> C3.1.18
C95: Response | E95: Category option | K95: No teacher | M95: La iha mestre | N95: =A109 -> C3.1.18
C96: Response | E96: Category option | K96: Not enough books / chairs / desks / equipment | M96: La iha livru / kadeira / meza / ekipamentu nato'on | N96: =A109 -> C3.1.18
C97: Response | E97: Category option | K97: School building damaged | M97: Uma Eskola a'at | N97: =A109 -> C3.1.18
C98: Response | E98: Category option | K98: Holiday | M98: Feriadu | N98: =A109 -> C3.1.18
C99: Response | E99: Category option | K99: Cultural event | M99: Eventu kultural | N99: =A109 -> C3.1.18
C100: Response | E100: Category option | K100: Birthday / wedding / funeral | M100: Loron halo-tinan / kaben / hakoi-mate | N100: =A109 -> C3.1.18
C101: Response | E101: Category option | K101: No transport | M101: La iha transporte | N101: =A109 -> C3.1.18
...

Sheet D
A1: IDENTICAL TO MALE PART D

Sheet E2
A1: PART E: CONSUMPTION (FEMALE) | Q1: PART C: HOUSEHOLD INFORMATION (FEMALE) | R1: AB Comments
A2: New ID | C2: Question or Response | D2: Question Completion Method | E2: Response Display Format | F2: Data Format | G2: Lower Bound | H2: Upper Bound | J2: Display Text | L2: Translation | N2: Chronology | O2: Additional explanation - English | P2: Tetun | Q2: Unique ID | R2: AB Comments
A3: H12. Consumption and Food Security | L3: Konsumu no Seguransa Ai-Han | Q3: H12. Prices and Consumption | R3: 0
A4: E2.1.01 | C4: Question | D4: Read question | E4: Numeric response | F4: X | G4: 0 | H4: 7 | J4: In the last 7 days, on how many days did members of your household eat rice? | L4: Iha loron 7 liu ba, iha loron hira nia laran maka membrus ita nia uma-kain nian han etu? | N4: =A5 -> E2.1.02 | O4: Enter 0 for did not eat in last 7 days | Q4: H12.30 | R4: I like this actually. A good way to get at food consumption / income in a simple manner. Consider re-instating.
A5: E2.1.02 | C5: Question | D5: Read question | E5: Numeric response | F5: X | G5: 0 | H5: 7 | J5: In the last 7 days, on how many days did members of your household eat corn? | L5: Iha loron 7 liu ba, iha loron hira nia laran maka membrus ita nia uma-kain nian han batar? | N5: =A6 -> E2.1.03 | O5: Enter 0 for did not eat in last 7 days | Q5: H12.31
A6: E2.1.03 | C6: Question | D6: Read question | E6: Numeric response | F6: X | G6: 0 | H6: 7 | J6: In the last 7 days, on how many days did members of your household eat cassava? | L6: Iha loron 7 liu ba, iha loron hira nia laran maka membrus ita nia uma-kain nian han aifarina? | N6: =A7 -> E2.1.04 | O6: Enter 0 for did not eat in last 7 days | Q6: H12.32
A7: E2.1.04 | C7: Question | D7: Read question | E7: Numeric response | F7: X | G7: 0 | H7: 7 | J7: In the last 7 days, on how many days did members of your household eat green vegetables? | L7: Iha loron 7 liu ba, iha loron hira nia laran maka membrus ita nia uma-kain nian han modo tahan? | N7: =A8 -> E2.1.05 | O7: Enter 0 for did not eat in last 7 days | Q7: H12.33
A8: E2.1.05 | C8: Question | D8: Read question | E8: Numeric response | F8: X | G8: 0 | H8: 7 | J8: In the last 7 days, on how many days did members of your household eat eggs? | L8: Iha loron hitu liu ba, iha loron hira nia laran maka membrus ita nia uma-kain nian han manu tolun? | N8: =A9 -> E2.1.06 | O8: Enter 0 for did not eat in last 7 days | Q8: H12.34
A9: E2.1.06 | C9: Question | D9: Read question | E9: Numeric response | F9: X | G9: 0 | H9: 7 | J9: In the last 7 days, on how many days did members of your household eat meat? | L9: Iha loron 7 liu ba, iha loron hira nia laran maka membrus ita nia uma-kain nian han na'an? | N9: =A10 -> E2.1.07 | O9: Enter 0 for did not eat in last 7 days | Q9: H12.35
A10: E2.1.07 | C10: Question | D10: Read question | E10: Numeric response | F10: X | G10: 0 | H10: 7 | J10: In the last 7 days, on how many days did members of your household eat fish? | L10: Iha loron 7 liu ba, iha loron hira nia laran maka membrus ita nia uma-kain nian han ikan? | N10: =A11 -> E2.1.08 | O10: Enter 0 for did not eat in last 7 days | Q10: H12.36
A11: E2.1.08 | C11: Question | D11: Read question | E11: Numeric response | F11: X | G11: 0 | H11: 7 | J11: In the last 7 days, on how many days did members of your household eat noodles? | L11: Iha loron 7 liu ba, iha loron hira nia laran maka membrus ita nia uma-kain nian han supermi? | N11: =A12 -> E2.1.09 | O11: Enter 0 for did not eat in last 7 days | Q11: H12.37 | R11: #N/A
A12: E2.1.09 | C12: Question | D12: Read question | E12: Numeric response | F12: X | G12: 0 | H12: 7 | J12: In the last 7 days, on how many days did members of your household use sugar in making food or drinks? | L12: Iha loron 7 liu ba, iha loron hira nia laran maka membrus ita nia uma-kain nian uza masi-midar hodi halo ai-han ka hemu sira? | N12: =A13 -> E2.1.10 | O12: Enter 0 for did not eat in last 7 days | Q12: H12.38 | R12: #N/A
A13: E2.1.10 | C13: Question | D13: Read question | E13: Numeric response | F13: X | G13: 0 | H13: 7 | J13: In the last 7 days, on how many days did members of your household use coconut oil or other cooking oils in making food? | L13: Iha loron 7 liu ba, iha loron hira nia laran maka membrus ita nia uma-kain uza mina-nu ka mina-tein seluk hodi tein ai-han? | N13: =A14 -> E2.1.11 | O13: Enter 0 for did not eat in last 7 days | Q13: H12.39 | R13: #N/A
A14: E2.1.11 | C14: Question | D14: Read question | E14: Category - choose one | F14: Code | J14: In which month did your household last buy rice? | L14: Iha fulan saida ita nia uma-kain ikus liu hola fos? | Q14: H12.1 | R14: What's the purpose of this?
B15: MC12.05.a | C15: Response | E15: Category option | F15: 1306 | K15: June 2013 | M15: Junhu 2013 | N15: =A29 -> E2.1.12
B16: MC12.05.b | C16: Response | E16: Category option | F16: 1307 | K16: July 2013 | M16: Julhu 2013 | N16: =A29 -> E2.1.12
B17: MC12.05.c | C17: Response | E17: Category option | F17: 1308 | K17: August 2013 | M17: Agostu 2013 | N17: =A29 -> E2.1.12
B18: MC12.05.d | C18: Response | E18: Category option | F18: 1309 | K18: September 2013 | M18: Setembru 2013 | N18: =A29 -> E2.1.12
B19: MC12.05.e | C19: Response | E19: Category option | F19: 1310 | K19: October 2013 | M19: Outubru 2013 | N19: =A29 -> E2.1.12
B20: MC12.05.f | C20: Response | E20: Category option | F20: 1311 | K20: November 2013 | M20: Novembru 2013 | N20: =A29 -> E2.1.12
B21: MC12.05.g | C21: Response | E21: Category option | F21: 1312 | K21: December 2013 | M21: Dezembru 2013 | N21: =A29 -> E2.1.12
B22: MC12.05.h | C22: Response | E22: Category option | F22: 1401 | K22: January 2014 | M22: Janeiru 2014 | N22: =A29 -> E2.1.12
B23: MC12.05.i | C23: Response | E23: Category option | F23: 1402 | K23: February 2014 | M23: Fevereiru 2014 | N23: =A29 -> E2.1.12
B24: MC12.05.j | C24: Response | E24: Category option | F24: 1403 | K24: March 2014 | M24: Marsu 2014 | N24: =A29 -> E2.1.12
B25: MC12.05.k | C25: Response | E25: Category option | F25: 1404 | K25: April 2014 | M25: Abril 2014 | N25: =A29 -> E2.1.12
B26: MC12.05.l | C26: Response | E26: Category option | F26: 1405 | K26: May 2014 | M26: Maiu 2014 | N26: =A29 -> E2.1.12
C27: Response | E27: Category option | K27: Never / more than 12 months ago | M27: Nunka/ liu husi fulan 12 liu ba | N27: =A36 -> E2.1.16
C28: Response | E28: Category option | K28: Don’t remember | M28: La hanoin kona | N28: =A29 -> E2.1.12
A29: E2.1.12 | C29: Question | D29: Read question | E29: Category - choose one | F29: Code | J29: When you last bought rice, did you buy it by the can or by the sack? | L29: Bainhira ita hola fos ida ikus ne'e, ita hola iha kaleng ka saka? | O29: Selecting 'sack' will let you specify Kg. By 'can' we mean small can - if bigger, select 'sack' and estimate size in Kg. | Q29: H12.2 | R29: What's the purpose of this?
C30: Response | E30: Category option | F30: X | K30: Can <500g | M30: Kaleng <500g | N30: =A34 -> E2.1.14
C31: Response | E31: Category option | F31: X | K31: Sack | M31: Saka | N31: =A33 -> E2.1.13
C32: Response | E32: Category option | F32: X | K32: Don't know | M32: La hatene | N32: =A36 -> E2.1.16
A33: E2.1.13 | C33: Question | D33: Read question | E33: Numeric response | F33: XXX | G33: 1 | H33: 100 | J33: How many kilograms per sack? | L33: Saka 1 kilograma hira? | N33: =A35 -> E2.1.15 | Q33: H12.2 | R33: What's the purpose of this?
A34: E2.1.14 | C34: Question | D34: Read question | E34: Numeric response | F34: X.xx | J34: This last time that you bought rice, how much did you pay for 1 can? | L34: Ita hola fos ida ikus ne'e, ita selu hira ba kaleng 1? | N34: =A36 -> E2.1.16 | Q34: H12.2 | R34: What's the purpose of this?
A35: E2.1.15 | C35: Question | D35: Read question | E35: Numeric response | F35: XX.xx | J35: This last time that you bought rice, how much did you pay for 1 sack? | L35: Ita hola fos ida ikus ne'e, ita selu hira ba saka 1? | N35: =A36 -> E2.1.16 | Q35: H12.2 | R35: What's the purpose of this?
A36: E2.1.16 | C36: Question | D36: Read question | E36: Category - choose one | F36: Code | J36: Did your household eat broken rice any time in the last 12 months? | L36: Ita nia uma kain han fos ikis iha fulan 12 liu ba? | O36: Broken rice meant for chickens, not just mixed-grade rice | Q36: H12.9 | R36: OK as long as this is a reliable indicator for poverty.
C37: Response | E37: Category option | K37: No | M37: Lae | N37: =A55 -> E2.1.18
C38: Response | E38: Category option | K38: Yes | M38: Sim | N38: =A41 -> E2.1.17
C39: Response | E39: Category option | K39: Don't Know | M39: Lae hatene | N39: =A55 -> E2.1.18
C40: Response | E40: Category option | K40: Refuse to answer | M40: Lakohi fo resposta | N40: =A55 -> E2.1.18
A41: E2.1.17 | C41: Question | D41: Read question | E41: Category - choose all | F41: Code | J41: In which months did your household eat broken rice? | L41: Iha sa fulan mak ita nia uma-kain han fos ikis? | Q41: H12.10 | R41: As above.
C42: Response | E42: Category option | F42: 1306 | K42: June 2013 | M42: Junhu 2013 | N42: =A$55 -> E2.1.18
C43: Response | E43: Category option | F43: 1307 | K43: July 2013 | M43: Julhu 2013 | N43: =A$55 -> E2.1.18
C44: Response | E44: Category option | F44: 1308 | K44: August 2013 | M44: Agostu 2013 | N44: =A$55 -> E2.1.18
C45: Response | E45: Category option | F45: 1309 | K45: September 2013 | M45: Setembru 2013 | N45: =A$55 -> E2.1.18
C46: Response | E46: Category option | F46: 1310 | K46: October 2013 | M46: Outubru 2013 | N46: =A$55 -> E2.1.18
C47: Response | E47: Category option | F47: 1311 | K47: November 2013 | M47: Novembru 2013 | N47: =A$55 -> E2.1.18
C48: Response | E48: Category option | F48: 1312 | K48: December 2013 | M48: Dezembru 2013 | N48: =A$55 -> E2.1.18
C49: Response | E49: Category option | F49: 1401 | K49: January 2014 | M49: Janeiru 2014 | N49: =A$55 -> E2.1.18
C50: Response | E50: Category option | F50: 1402 | K50: February 2014 | M50: Fevereiru 2014 | N50: =A$55 -> E2.1.18
C51: Response | E51: Category option | F51: 1403 | K51: March 2014 | M51: Marsu 2014 | N51: =A$55 -> E2.1.18
C52: Response | E52: Category option | F52: 1404 | K52: April 2014 | M52: Abril 2014 | N52: =A$55 -> E2.1.18
C53: Response | E53: Category option | F53: 1405 | K53: May 2014 | M53: Maiu 2014 | N53: =A$55 -> E2.1.18
C54: Response | E54: Category option | K54: Don’t remember | M54: La hanoin kona | N54: =A55 -> E2.1.18
A55: E2.1.18 | C55: Question | D55: Read question | E55: Category - choose one | F55: Code | J55: At any time in the last 12 months, has there been a time when there was difficulty for your household to have rice? | L55: Iha tempu ruma iha fulan 12 liu ba, iha ka lae tempu ida nebee ita nian uma-kain hetan susar atu hola fos? | Q55: H12.20 | R55: This is long and potentially confusing. Consider cutting to ask just about whether they ate this stuff.
C56: Response | E56: Category option | K56: No | M56: Lae | N56: =A98 -> E2.1.22
C57: Response | E57: Category option | K57: Yes | M57: Sim | N57: =A61 -> E2.1.19
C58: Response | E58: Category option | K58: Household does not eat rice | M58: Uma-kain ida ne'e la han fos | N58: =A98 -> E2.1.22
C59: Response | E59: Category option | K59: Don't remember | M59: La hanoin kona | N59: =A98 -> E2.1.22
C60: Response | E60: Category option | K60: Refuse to answer | M60: Lakohi fo resposta | N60: =A98 -> E2.1.22
A61: E2.1.19 | C61: Question | D61: Read question | E61: Category - choose all | F61: Code | J61: In which months did you experience this difficulty? | L61: Fulan ida nebe mak ita hasoru susar hola fos ne'e? | Q61: H12.21 | R61: Not sure about "because . . . "
C62: Response | E62: Category option | F62: 1306 | K62: June 2013 | M62: Junhu 2013 | N62: =A75 -> E2.1.20
C63: Response | E63: Category option | F63: 1307 | K63: July 2013 | M63: Julhu 2013 | N63: =A75 -> E2.1.20
C64: Response | E64: Category option | F64: 1308 | K64: August 2013 | M64: Agostu 2013 | N64: =A75 -> E2.1.20
C65: Response | E65: Category option | F65: 1309 | K65: September 2013 | M65: Setembru 2013 | N65: =A75 -> E2.1.20
C66: Response | E66: Category option | F66: 1310 | K66: October 2013 | M66: Outubru 2013 | N66: =A75 -> E2.1.20
C67: Response | E67: Category option | F67: 1311 | K67: November 2013 | M67: Novembru 2013 | N67: =A75 -> E2.1.20
C68: Response | E68: Category option | F68: 1312 | K68: December 2013 | M68: Dezembru 2013 | N68: =A75 -> E2.1.20
C69: Response | E69: Category option | F69: 1401 | K69: January 2014 | M69: Janeru 2014 | N69: =A75 -> E2.1.20
C70: Response | E70: Category option | F70: 1402 | K70: February 2014 | M70: Fevereiru 2014 | N70: =A75 -> E2.1.20
C71: Response | E71: Category option | F71: 1403 | K71: March 2014 | M71: Marsu 2014 | N71: =A75 -> E2.1.20
C72: Response | E72: Category option | F72: 1404 | K72: April 2014 | M72: Abril 2014 | N72: =A75 -> E2.1.20
C73: Response | E73: Category option | F73: 1405 | K73: May 2014 | M73: Maiu 2014 | N73: =A75 -> E2.1.20
C74: Response | E74: Category option | F74: X | K74: Don’t remember | M74: La hanoin kona | N74: =A75 -> E2.1.20
A75: E2.1.20 | C75: Question | D75: Read question | E75: Category - choose all | F75: Code | J75: Why was it difficult for your household to get rice? | L75: Tamba saida ita esperensia susar hola fos ne'e? | Q75: H12.21 | R75: Not sure about "because . . . "
C76: Response | E76: Category option | F76: X | K76: Household did not have enough money to buy rice [but price remained the same] | L76: Uma-kain osan la to'o atu hola fos [maske folin fos hanesan / la tun no la sae] | N76: =A$83 -> E2.1.21
C77: Response | E77: Category option | F77: X | K77: Rice shortage due to crop loss | M77: Fos la to'o tamba natar hetan estragus | N77: =A$83 -> E2.1.21
C78: Response | E78: Category option | F78: X | K78: Rice shortage due to lack of transport / supplies | M78: Fos la to'o tamba la iha transporte /fornesimentu | N78: =A$83 -> E2.1.21
C79: Response | E79: Category option | F79: X | K79: Price of rice went up for other / unexplained reason | M79: Folin fos sae tamba rasaun seluk/nebee labele explika | N79: =A$83 -> E2.1.21
C80: Response | E80: Category option | F80: X | K80: Other (specify) | M80: Seluk (eEspesifika) | N80: =A82 -> E2.1.20x
C81: Response | E81: Category option | F81: X | K81: Refuse to answer | M81: Lakohi fo resposta | N81: =A98 -> E2.1.22
A82: E2.1.20x | C82: Question | D82: Enumerator completes | E82: Text | F82: Text | J82: [Specify other] | L82: [EEspesifika liu tan] | N82: =A83 -> E2.1.21 | Q82: H12.23 | R82: #N/A
A83: E2.1.21 | C83: Question | D83: Read question | E83: Category - choose all | F83: Code | J83: What did your household do during this time? | L83: Ita nian uma-kain halo sa ida durante tempo ne'e? | Q83: H12.22 | R83: #N/A
C84: Response | E84: Category option | F84: X | K84: Eat cassava instead of rice | M84: Han aifarina, envez de fos | N84: =A$98 -> E2.1.22
C85: Response | E85: Category option | F85: X | K85: Eat maize instead of rice | M85: Han batar, envez de fos | N85: =A$98 -> E2.1.22
C86: Response | E86: Category option | F86: X | K86: Eat taro / tubers instead of rice | M86: Han talas / kontas, ienvez de fos | N86: =A$98 -> E2.1.22
C87: Response | E87: Category option | F87: X | K87: Eat wild foods instead of rice | M87: Han hahan fuik, envez de fos | N87: =A$98 -> E2.1.22
C88: Response | E88: Category option | F88: X | K88: Eat other food instead of rice | M88: Han hahan seluk,ienvez de fos | N88: =A$98 -> E2.1.22
C89: Response | E89: Category option | F89: X | K89: Borrow money to buy rice | M89: Empresta osan atu hola fos | N89: =A$98 -> E2.1.22
C90: Response | E90: Category option | F90: X | K90: Receive rice from family or friends | M90: Simu fos husi familia ou belun sira | N90: =A$98 -> E2.1.22
C91: Response | E91: Category option | F91: X | K91: Buy lower grade / broken rice | M91: Hola fos kualidade ladun diak / fos ikis | N91: =A$98 -> E2.1.22
C92: Response | E92: Category option | F92: X | K92: Eat smaller meals | M92: Han oitoan deit | N92: =A$98 -> E2.1.22
C93: Response | E93: Category option | F93: X | K93: Skip some meals | M93: Dala ruma la han | N93: =A$98 -> E2.1.22
C94: Response | E94: Category option | F94: X | K94: Go hungry | M94: Hamlaha deit | N94: =A$98 -> E2.1.22
C95: Response | E95: Category option | F95: X | K95: Other (specify) | M95: Seluk (Espesifika) | N95: =A97 -> E2.1.21x
C96: Response | E96: Category option | F96: X | K96: Refuse to answer | M96: Lakohi fo resposta | N96: =A98 -> E2.1.22
A97: E2.1.21x | C97: Question | D97: Enumerator completes | E97: Text | F97: Text | J97: [Specify other] | L97: [Espesifika seluk] | N97: =A98 -> E2.1.22 | Q97: H12.23 | R97: #N/A
A98: E2.1.22 | C98: Question | D98: Read question | E98: Category - choose one | F98: X | J98: In the last 7 days, did any member of your household go hungry because of lack of food? | M98: iha loron 7 liu ba, iha ita nia uma-kain ruma hamlaha tamba aihan menus? | Q98: H12.23 | R98: #N/A
C99: Response | E99: Category option | K99: No | M99: Lae | N99: =A105 -> E2.2.01
C100: Response | E100: Category option | K100: Yes | M100: Sim | N100: =A103 -> E2.1.23
...

Sheet E4
A1: PART C4: HEALTH (FEMALE)
A2: New ID | C2: Question or Response | D2: Question Completion Method | E2: Response Display Format | F2: Data Format | G2: Lower Bound | H2: Upper Bound | I2: Display Text | K2: Translation | M2: Chronology
A3: 1. Health and Health Centres | K3: Saude no Sentru Saude Sira
A4: Last 4 weeks | K4: Semana 4 liu ba
A5: C4.1.01 | C5: Question | D5: Read question | E5: Category - choose one | F5: Code | I5: In the last 4 weeks, was any household member (including children) sick, injured or have poor health? | K5: Durante semana 4 nia laran ne'e, membru uma-kain (inklui labarik sira) ruma mak moras, kanek, ka iha problema saude?
C6: Response | E6: Category option | J6: No | L6: Lae | M6: =A103 -> C4.1.23
C7: Response | E7: Category option | J7: Yes | L7: Sim | M7: =A9 -> C4.1.03
C8: Response | E8: Category option | J8: Don't know | L8: La hatene | M8: =A103 -> C4.1.23
A9: C4.1.03 | C9: Question | D9: Read question | E9: Table yes/No | I9: Which household members? [Hints: remember to ask 'any children sick?"] | K9: Membru uma-kain ida nebee? [suzestaun: labarik ruma?] | M9: =A12 -> C4.1.10
I10: Yes/No table for each household member? | L10: Tabela Sim/Lae ba membru Uma kain ida-idak?
A11: For each sick member:
A12: C4.1.10 | C12: Question | D12: Read question | E12: Category - choose all | I12: What was the nature of {name}'s illness? | K12: Nia {naran} moras saida?
C13: Response | E13: Category option | J13: Diarrhea | L13: Te be'en / diareia | M13: =A30 -> C4.1.11
C14: Response | E14: Category option | J14: Malaria | L14: Malaria | M14: =A30 -> C4.1.11
C15: Response | E15: Category option | J15: Dengue | L15: Dengue | M15: =A30 -> C4.1.11
C16: Response | E16: Category option | J16: Fever | L16: Isin-manas | M16: =A30 -> C4.1.11
C17: Response | E17: Category option | J17: Cough | L17: Mear | M17: =A30 -> C4.1.11
C18: Response | E18: Category option | J18: Flu / cold / headache / runny nose / pneumonia | L18: Konstipasaun / isin malirin / ulun-moras / inus-be'en ka inus metin / pneumonia | M18: =A30 -> C4.1.11
C19: Response | E19: Category option | J19: Stomach ache | L19: kabun moras | M19: =A30 -> C4.1.11
C20: Response | E20: Category option | J20: Toothache | L20: Nehan moras | M20: =A30 -> C4.1.11
C21: Response | E21: Category option | J21: Infection - ear/nose/throat infection | L21: Infesaun - infesaun tilun / inus / kakorok | M21: =A30 -> C4.1.11
C22: Response | E22: Category option | J22: Infection - skin | L22: Infesaun - infesaun kulit | M22: =A30 -> C4.1.11
C23: Response | E23: Category option | J23: Asthma / trouble breathing | L23: Asma / dada is susar | M23: =A30 -> C4.1.11
C24: Response | E24: Category option | J24: Stroke | L24: Strouk | M24: =A30 -> C4.1.11
C25: Response | E25: Category option | J25: Broken bones / accident | L25: Ruin tohar / asidenti | M25: =A30 -> C4.1.11
C26: Response | E26: Category option | J26: Back pain | L26: Kotuk moras | M26: =A30 -> C4.1.11
B27: H1.01.c | C27: Response | E27: Category option | J27: Other (specify) | L27: Seluk (Espesifika) | M27: =A29 -> C4.1.10x
C28: Response | E28: Category option | J28: Don't know | L28: La hatene | M28: =A30 -> C4.1.11
A29: C4.1.10x | C29: Question | D29: Enumerator completes | E29: Text response | F29: Text | I29: [Specify other illness] | K29: [Spesifika moras seluk] | M29: =A30 -> C4.1.11
A30: C4.1.11 | C30: Question | D30: Read question | E30: Category - choose one | F30: Code | I30: In the last 4 weeks, were there any days when {name} was unable to perform daily tasks like go to school, work in the house or on the farm due to this illness? | K30: Durante semana 4 nia laran ne'e, iha loron ruma nebe {naran} la konsege halao nia serbisu loron-loron hanesan la ba eskola ka la ba tos tamba moras ida ne'e?
C31: Response | E31: Category option | J31: No | L31: Lae | M31: =A39 -> C4.1.13
C32: Response | E32: Category option | J32: Yes - unable to perform some daily tasks | L32: Sim - la bele halo kna'ar loron balun | M32: =A35 -> C4.1.12
C33: Response | E33: Category option | J33: Yes - unable to perform any daily tasks | L33: Sim - la bele halo kna'ar loron ruma | M33: =A35 -> C4.1.12
C34: Response | E34: Text response | J34: Don't know | L34: La hatene | M34: =A39 -> C4.1.13
A35: C4.1.12 | C35: Question | D35: Read question | E35: Numeric response | F35: XX | G35: 1 | H35: 28 | I35: For how many days in the last 4 weeks [28 days]? | K35: Durante loron hira iha semana 4 liu ba [loron 28]? | M35: =A39 -> C4.1.13
C36: Response | D36: Don't read | J36: Don't know | L36: La hatene
C37: Response | D37: Don't read | J37: Insert response | L37: Hatama responsa
C38: Response | D38: Insert number | E38: Number | F38: Number | J38: Numerical input | L38: Numerical input
A39: C4.1.13 | C39: Question | D39: Read question | E39: Category - choose one | F39: Code | I39: Did {name} seek medical attention for this illness? | K39: {Naran} buka tratamentu médiku ba moras ne'e ka lae?
C40: Response | E40: Category option | J40: No | L40: Lae | M40: =A103 -> C4.1.23
C41: Response | E41: Category option | J41: Yes, attention received | L41: Sim, simu tratamentu | M41: =A45 -> C4.1.14
C42: Response | E42: Category option | J42: Yes, but no attention received - no health worker | L42: Sim, maibe la simu tratamentu - la iha pesoal saúde | M42: =A103 -> C4.1.23
C43: Response | E43: Category option | J43: Yes, but no attention received - queue too long | L43: Sim, maibe la simu tratamentu - forma linha naruk liu | M43: =A103 -> C4.1.23
C44: Response | E44: Category option | J44: Don't know | L44: La hatene | M44: =A103 -> C4.1.23
A45: C4.1.14 | C45: Question | D45: Read question | E45: Category - choose all | F45: Code | I45: Who did {name} see? | K45: {Naran} buka konsulta ba se'e?
C46: Response | E46: Category option | J46: Doctor | L46: Doutor | M46: =A56 -> C4.1.15
C47: Response | E47: Category option | J47: Nurse | L47: Enfermeira | M47: =A56 -> C4.1.15
C48: Response | E48: Category option | J48: Community health worker | L48: Tékniku saúde komunidade | M48: =A56 -> C4.1.15
C49: Response | E49: Category option | J49: Midwife | L49: Parteira | M49: =A56 -> C4.1.15
C50: Response | E50: Category option | J50: Dayan (unofficial midwife) | L50: Dayan / parteira tradisional | M50: =A56 -> C4.1.15
C51: Response | E51: Category option | J51: Matan dok (traditional healer) | L51: Matan dok (enfermeiru tradisional) | M51: =A56 -> C4.1.15
C52: Response | E52: Category option | J52: Tim pendoa (traditional healer / prayer) | L52: Tim pendoa (enfermeiru tradisional /harohan-nain) | M52: =A56 -> C4.1.15
C53: Response | E53: Category option | J53: Other (specify) | L53: Seluk (Espesifika) | M53: =A55 -> C4.1.14x
C54: Response | E54: Category option | J54: Don't know | L54: La hatene | M54: =A56 -> C4.1.15
A55: C4.1.14x | C55: Question | D55: Enumerator completes | E55: Text response | F55: Text | I55: [Specify other health worker] | K55: [Spesifika tekniku saude seluk] | M55: =A56 -> C4.1.15
A56: C4.1.15 | C56: Question | D56: Read question | E56: Category - choose all | F56: Code | I56: Where did {Name} they receive the care? | K56: Sira {naran} simu tratamentu iha nebee?
C57: Response | E57: Category option | J57: At home | L57: Iha uma | M57: =A92 -> C4.1.19
C58: Response | E58: Category option | J58: At a friend or relative's home | L58: Iha kolega ka maluk nia uma | M58: =A68 -> C4.1.16
C59: Response | E59: Category option | J59: At the home of the health worker / midwife / healer | L59: Iha tékniku saúde / parteira / matan dok ka pendoa nia uma | M59: =A68 -> C4.1.16
C60: Response | E60: Category option | J60: Mobile clinic (SISCA, NGO) visiting this aldeia | L60: Klinika movel (SISCA, ONG) nebe mai visita aldeia ne'e | M60: =A68 -> C4.1.16
C61: Response | E61: Category option | J61: Mobile clinic (SISCA, NGO) visiting another aldeia | L61: Klinika movel (SISCA, ONG) nebe mai visita aldeia seluk | M61: =A68 -> C4.1.16
C62: Response | E62: Category option | J62: Hospital / clinic / health post in this aldeia | L62: Hospital / klínika / postu saúde iha aldeia ne'e? | M62: =A68 -> C4.1.16
C63: Response | E63: Category option | J63: Hospital / clinic / health post in another aldeia within this suku | L63: Hospital / klínika / postu saúde iha aldeia seluk iha suku ne'e laran | M63: =A68 -> C4.1.16
C64: Response | E64: Category option | J64: Hospital / clinic / health post in another suku | L64: Hospital / klínika / postu saúde iha suku seluk | M64: =A68 -> C4.1.16
C65: Response | E65: Category option | J65: Health facility in West Timor | L65: Fasilidade saude iha Timor Osidental | M65: =A103 -> C4.1.23
C66: Response | E66: Category option | J66: Health facility overseas | L66: Fasilidade saude iha rai liur | M66: =A103 -> C4.1.23
C67: Response | E67: Category option | J67: Don't know | L67: La hatene | M67: =A103 -> C4.1.23
A68: C4.1.16 | C68: Question | D68: Read question | E68: Category - choose one | F68: Time: minutes + hours | I68: How did {Name} they travel to the place of treatment? [hint: If more than one mode, select the mode that travelled the longest distance] | K68: Oinsa sira {Naran} halo viajen ba fatin tratamentu ne'e? (suzestaun: se modu de viazeng liu husi ida, hili modu ida nebe mak sira uza ba viazeng nebe naruk liu)
B69: MC10.08a | C69: Response | E69: Category option | F69: 1 | J69: Walk | L69: Lao | M69: =A88 -> C4.1.18
B70: MC10.08b | C70: Response | E70: Category option | F70: 2 | J70: Bicycle | L70: Bisikleta | M70: =A88 -> C4.1.18
B71: MC10.08c | C71: Response | E71: Category option | F71: 3 | J71: Motorbike / scooter (own or no payment given) | L71: Motor (motor rasik ka la selu ho osan) | M71: =A88 -> C4.1.18
B72: MC10.08d | C72: Response | E72: Category option | F72: 4 | J72: Motorbike / scooter / ojek (payment given) | L72: Motor / ojek (fo osan) | M72: =A84 -> C4.1.17
B73: MC10.08e | C73: Response | E73: Category option | F73: 5 | J73: Private car / truck (own or no payment given) | L73: Kareta / truk privadu (karreta ka truk rasik ka la selu ho osan) | M73: =A88 -> C4.1.18
B74: MC10.08f | C74: Response | E74: Category option | F74: 6 | J74: Private car / truck (payment given) | L74: Kareta / truk privadu (fo osan) | M74: =A84 -> C4.1.17
B75: MC10.08g | C75: Response | E75: Category option | F75: 7 | J75: Public truck / mikrolet / bus / angguna | L75: Truk públiku / mikrolet / bus / angguna | M75: =A84 -> C4.1.17
B76: MC10.08h | C76: Response | E76: Category option | F76: 8 | J76: Taxi | L76: Taxi | M76: =A84 -> C4.1.17
B77: MC10.08i | C77: Response | E77: Category option | F77: 9 | J77: Horse | L77: Kuda | M77: =A88 -> C4.1.18
B78: MC10.08j | C78: Response | E78: Category option | F78: 10 | J78: Boat (own or no payment given) | L78: Ber'o (bero rasik ka la selu ho osan) | M78: =A88 -> C4.1.18
B79: MC10.08k | C79: Response | E79: Category option | F79: 11 | J79: Boat (payment given) | L79: Ber'o (fo osan) | M79: =A84 -> C4.1.17
B80: MC10.08l | C80: Response | E80: Category option | F80: 12 | J80: Public Ferry | L80: Barkasa públiku | M80: =A84 -> C4.1.17
C81: Response | E81: Category option | J81: Other (specify) | L81: Seluk (spesifika) | M81: =A83 -> C4.1.16x
C82: Response | E82: Category option | J82: Don't know | L82: La hatene | M82: =A88 -> C4.1.18
A83: C4.1.16x | C83: Question | D83: Enumerator completes | E83: Text response | F83: Text | I83: [Specify other transportation] | K83: [Spesifika transporte seluk] | M83: =A88 -> C4.1.18
A84: C4.1.17 | C84: Question | D84: Read question | E84: Category and Numeric | F84: XX.xx | I84: What is the cost to get from home to the place of treatment [1 person, 1 way]? | K84: Selu hira husi uma ba fatin tratamentu ne'e [ema 1, ba ka mai deit]?
C85: Response | D85: Don't read | E85: Category | F85: x | J85: Don't know | L85: La hatene | M85: =A88 -> C4.1.18
C86: Response | D86: Don't read | E86: Category | F86: x | J86: Insert response | L86: Hatama resposta | M86: =A88 -> C4.1.18
C87: Response | D87: Don't read | E87: Number | F87: Number | J87: Unit in USD | M87: =A88 -> C4.1.18
A88: C4.1.18 | C88: Question | D88: Read question | E88: Numeric response | F88: Time: minutes + hours | I88: How long did it take {name] them to get from home to the health facility (1 way)? | K88: Sira {Naran}lori tempu hira husi uma ba fasilidade saúde [ba deit ou mai deit]?
C89: Response | D89: Don't read | E89: Category | F89: x | J89: Don't know | L89: La hatene | M89: =A92 -> C4.1.19
C90: Response | D90: Don't read | E90: Category | F90: x | J90: Insert response | L90: Hatama resposta | M90: =A92 -> C4.1.19
C91: Response | D91: Don't read | E91: Number | F91: Number | J91: Unit in hours | M91: =A92 -> C4.1.19
A92: C4.1.19 | C92: Question | E92: Category - choose one | F92: Code | I92: Was {name} prescribed or given any medicine by the health worker? | K92: {Naran} hetan reseita ka ai-moruk ruma husi pesoal saúde?
C93: Response | E93: Category option | J93: No | L93: Lae | M93: =A44 -> 0
C94: Response | E94: Category option | J94: Yes | L94: Sim | M94: =A30 -> C4.1.11
C95: Response | E95: Category option | J95: Don't know | L95: La hatene | M95: =A44 -> 0
C96: Response | E96: Category option | J96: Refuse to answer | L96: Lakohi fo resposta | M96: =A44 -> 0
A97: C4.1.21 | C97: Question | D97: Read question | E97: Numeric - repeat following questions for each case | F97: XX.xx | I97: What was the total cost for the consultation? | K97: Kustu total ba konsulta hira? | M97: =A103 -> C4.1.23
C98: Response | E98: Text response | J98: Don't know | L98: La hatene | M98: =A103 -> C4.1.23
A99: C4.1.22 | C99: Question | D99: Read question | E99: Numeric - repeat following questions for each case | F99: XX.xx | I99: What was the total cost for the consultation and any medicines? | K99: Kustu total ba konsulta no ai-moruk hira? | M99: =A103 -> C4.1.23
C100: Response | E100: Text response | J100: Don't know | L100: La hatene | M100: =A103 -> C4.1.23
...

Sheet G
A1: GOVERNANCE: Female
A2: New ID | B2: Response ID | C2: Question or Response | D2: Question Completion Method | E2: Response Display Format | F2: Data Format | G2: Lower Bound | H2: Upper Bound | I2: Switching | J2: Image | K2: Display Text | M2: Translation | O2: Chronology | P2: Additional explanation - English | Q2: Tetun | R2: Unique ID | S2: AB Comments | T2: YT comments | U2: Pilot Comment
A3: End for
A5: Corruption
A6: G6.01 | C6: Question | D6: Read question with visual cues | E6: Category - choose one | F6: Code | L6: In your view, does the xefe aldeia work for the benefit of all people, just some people or just for their own benefit? | M6: Tuir ita nia hanoin, xefi aldeia nia servisu fo benefisiu ba ema hotu-hotu, balun deit ka ba nia a'an rasik?
C7: Response | E7: Category option | F7: X | L7: All people | N7: Ema hotu hotu | O7: =A12 -> G6.02
C8: Response | E8: Category option | F8: X | L8: Some people | N8: Ema balun | O8: =A12 -> G6.02
C9: Response | E9: Category option | F9: X | L9: Their own benefit | N9: Benefisu ba nia rasik | O9: =A12 -> G6.02
C10: Response | E10: Category option | F10: X | L10: Don't know | N10: La hatene | O10: =A12 -> G6.02
C11: Response | E11: Category option | F11: X | L11: Refused to answer | N11: Lakohi fo resposta | O11: =A12 -> G6.02
A12: G6.02 | C12: Question | D12: Read question with visual cues | E12: Category - choose one | F12: Code | L12: In your view, does the xefe suku work for the benefit of all people, just some people or just for their own benefit? | M12: Tuir ita nia hanoin, xefi suku nia servisu ne'e fo benefisiu ba ema hotu-hotu, balun deit ka ba nia a'an rasik?
C13: Response | E13: Category option | F13: X | L13: All people | N13: Ema hotu hotu | O13: =A18 -> G6.03
C14: Response | E14: Category option | F14: X | L14: Some people | N14: Ema balun | O14: =A18 -> G6.03
C15: Response | E15: Category option | F15: X | L15: Their own benefit | N15: Benefisu ba nia rasik | O15: =A18 -> G6.03
C16: Response | E16: Category option | F16: X | L16: Don't know | N16: La hatene | O16: =A18 -> G6.03
C17: Response | E17: Category option | F17: X | L17: Refused to answer | N17: Lakohi fo resposta | O17: =A18 -> G6.03
A18: G6.03 | C18: Question | D18: Read question with visual cues | E18: Category - choose one | F18: Code | L18: In your view, do the district and sub district administrators work for the benefit of all people, just some people or just for their own benefit? | M18: Tuir ita nia hanoin, administrador distritu no sub-distritu sira nia servisu ne'e fo benefisiu ba ema hotu-hotu, balun deit ka ba sira nia a'an rasik?
C19: Response | E19: Category option | F19: X | L19: All people | N19: Ema hotu hotu | O19: =A24 -> G6.04
C20: Response | E20: Category option | F20: X | L20: Some people | N20: Ema balun | O20: =A24 -> G6.04
C21: Response | E21: Category option | F21: X | L21: Their own benefit | N21: Benefisu ba nia rasik | O21: =A24 -> G6.04
C22: Response | E22: Category option | F22: X | L22: Don't know | N22: La hatene | O22: =A24 -> G6.04
C23: Response | E23: Category option | F23: X | L23: Refused to answer | N23: Lakohi fo resposta | O23: =A24 -> G6.04
A24: G6.04 | C24: Question | D24: Read question with visual cues | E24: Category - choose one | F24: Code | L24: In your view, does the central government work for the benefit of all people, just some people or just for their own benefit? | M24: Tuir ita nia hanoin, governo central nia servisu fo benefisiu ba ema hotu-hotu, ema balun ka sira nia an rasik?
C25: Response | E25: Category option | F25: X | L25: All people | N25: Ema hotu hotu | O25: =A30 -> G6.05
C26: Response | E26: Category option | F26: X | L26: Some people | N26: Ema balun | O26: =A30 -> G6.05
C27: Response | E27: Category option | F27: X | L27: Their own benefit | N27: Benefisu ba nia rasik | O27: =A30 -> G6.05
C28: Response | E28: Category option | F28: X | L28: Don't know | N28: La hatene | O28: =A30 -> G6.05
C29: Response | E29: Category option | F29: X | L29: Refused to answer | N29: Lakohi fo resposta | O29: =A30 -> G6.05
A30: G6.05 | C30: Question | D30: Read question | E30: Category - choose one | F30: Code | L30: In the past 12 months, have any officials submitted any registrations or documents for your household? | M30: Iha fulan 12 liu ba, iha ofisial ruma mak ajuda halo rejistu ka halo dokumentu ruma mai iha ita- bot nia uma?
C31: Response | E31: Category option | F31: X | L31: No | N31: Lae | O31: =A42 -> G7.01
C32: Response | E32: Category option | F32: X | L32: Yes | N32: Sim | O32: =A35 -> G6.06
C33: Response | E33: Category option | F33: X | L33: Don't know | N33: La hatene | O33: =A42 -> G7.01
C34: Response | E34: Category option | F34: X | L34: Refused to answer | N34: Lakohi fo resposta | O34: =A42 -> G7.01
A35: G6.06 | C35: Question | D35: Read question | E35: Category - choose one | F35: Code | K35: Did you pay for this service? | M35: Ita selu ba serviso ida ne'e?
C36: Response | E36: Category option | F36: X | L36: No | N36: Lae | O36: =A42 -> G7.01
C37: Response | E37: Category option | F37: X | L37: Yes | N37: Sim | O37: =A40 -> G6.07
C38: Response | E38: Category option | F38: X | L38: Don't know | N38: La hatene | O38: =A42 -> G7.01
C39: Response | E39: Category option | F39: X | L39: Refused to answer | N39: Lakohi for resposta | O39: =A42 -> G7.01
A40: G6.07 | C40: Question | D40: Read question | E40: Numeric response | F40: XX.xx | K40: How much did you pay for this service? | M40: Ita selu osan hira ba servisu ne'e? | O40: =A42 -> G7.01
A41: Voicing Concerns | S41: This section (9.40 - 9.45) could be dropped if the section is running long. It is somewhat difficult to interpret anyway (since if people are dissatisfied, does that mean governance is bad or that collective action is high?).
A42: G7.01 | C42: Question | D42: Read question | E42: Category - choose one | F42: Code | K42: In the last 12 months, have you disagreed with a decision made by the community leaders? | M42: Iha fulan 12 liu ba, iha ka la'e, ita boot la konkorda ho decizaun ruma nebe lideransa komunitaria sira foti?
C43: Response | E43: Category option | F43: X | L43: No | N43: Lae | O43: =A75 -> G8.01
C44: Response | E44: Category option | F44: X | L44: Yes | N44: Sim | O44: =A47 -> G7.02
C45: Response | E45: Category option | F45: X | L45: Refused to answer | N45: Lakohi fo resposta | O45: =A75 -> G8.01
C46: Response | E46: Category option | F46: X | L46: Don’t know about decisions made | N46: La hatene kona ba decizaun ne'e halo | O46: =A75 -> G8.01
A47: G7.02 | C47: Question | D47: Read question | E47: Category - choose one | F47: Code | K47: Did you voice this concern to the community leaders? | M47: Ita hato'o problema ne'e ba lideransa komunidade?
C48: Response | E48: Category option | F48: X | L48: No | N48: Lae | O48: =A51 -> G7.03
C49: Response | E49: Category option | F49: X | L49: Yes | N49: Sim | O49: =A62 -> G7.04
C50: Response | E50: Category option | F50: X | L50: Refused to answer | N50: Lakohi fo resposta | O50: =A75 -> G8.01
A51: G7.03 | C51: Question | D51: Read question | E51: Category - choose one | F51: Code | K51: Why not? | M51: Tan sa lae?
C52: Response | E52: Category option | F52: X | L52: Issue too small | N52: Problema ne'e ki'ik demais | O52: =A62 -> G7.04
C53: Response | E53: Category option | F53: X | L53: No time | N53: La iha tempu | O53: =A62 -> G7.04
C54: Response | E54: Category option | F54: X | K54: No point, the community leaders would not change their decision | N54: La presiza, xefe sei la muda sira nia desizaun | O54: =A62 -> G7.04
C55: Response | E55: Category option | F55: X | L55: Would have, but no opportunity to do so | N55: Bele muda, maibe la iha biban atu halo nune'e | O55: =A62 -> G7.04
C56: Response | E56: Category option | F56: X | L56: It will be my turn next time | N56: Hau nia vez sei mai | O56: =A62 -> G7.04
C57: Response | E57: Category option | F57: X | L57: Don't feel able to voice concerns | N57: La sinti bele hato'o problema sira ne'e | O57: =A62 -> G7.04
C58: Response | E58: Category option | F58: X | L58: Don't know | N58: La hatene | O58: =A62 -> G7.04
C59: Response | E59: Category option | F59: X | L59: Refused to answer | N59: Lakohi fo resposta | O59: =A62 -> G7.04
C60: Response | E60: Category option | F60: X | L60: Other | N60: Seluk | O60: =A61 -> G7.03x
A61: G7.03x | C61: Question | D61: Enumerator completes | E61: Text response | F61: Text | K61: Specify: | N61: Spesifiko | O61: =A62 -> G7.04
A62: G7.04 | C62: Question | D62: Read question | E62: Category - choose one | F62: Code | K62: Did you voice this concern to any of your friends? | M62: Ita hato'o problema ne'e ba ita nia kolega ruma?
C63: Response | E63: Category option | F63: X | L63: No | N63: Lae | O63: =A75 -> G8.01
C64: Response | E64: Category option | F64: X | L64: Yes | N64: Sim | O64: =A66 -> G7.05
C65: Response | E65: Category option | F65: X | L65: Refused to answer | N65: Lakohi fo resposta | O65: =A75 -> G8.01
A66: G7.05 | C66: Question | D66: Read question | E66: Category - choose one | F66: Code | K66: Did you and your friends try to change the decision? | M66: Ita ho ita nia kolega buka atu muda decizaun ida ne'e?
C67: Response | E67: Category option | F67: X | L67: No | N67: Lae | O67: =A75 -> G8.01
C68: Response | E68: Category option | F68: X | L68: Yes | N68: Sim | O68: =A70 -> G7.06
C69: Response | E69: Category option | F69: X | L69: Refused to answer | N69: Lakohi fo resposta | O69: =A75 -> G8.01
A70: G7.06 | C70: Question | D70: Read question | E70: Category - choose one | F70: Code | K70: Were you successful in changing the decision? | M70: Ita bot sira konsege muda decizaun ne'e?
C71: Response | E71: Category option | F71: X | L71: No | N71: Lae | O71: =A75 -> G8.01
C72: Response | E72: Category option | F72: X | L72: Yes | N72: Sim | O72: =A75 -> G8.01
C73: Response | E73: Category option | F73: X | L73: Refused to answer | N73: Lakohi fo resposta | O73: =A75 -> G8.01
A74: Political Participation and Preferences for Decentralisation | M74: Partisipasaun politika no preferensias kona ba desentralizasaun
A75: G8.01 | C75: Question | D75: Read question | E75: Category - choose one | F75: Code | K75: Did you vote in the last Xefe Suku election? | M75: Ita bot vota iha eleisaun Xefe Suku ida foin liu ba ne?
C76: Response | E76: Category option | F76: X | L76: No | N76: Lae | O76: =A79 -> G8.02
C77: Response | E77: Category option | F77: X | L77: Yes | N77: Sim | O77: =A79 -> G8.02
C78: Response | E78: Category option | F78: X | L78: Too young | N78: Tinan sidauk to'o | O78: =A79 -> G8.02
A79: G8.02 | C79: Question | D79: Read question | E79: Category - choose one | F79: Code | K79: Did you vote in the last national election? | M79: Ita boot vota iha eleisaun nasional ida liu ba ne?
C80: Response | E80: Category option | F80: X | L80: No | N80: Lae | O80: =A83 -> G8.03
C81: Response | E81: Category option | F81: X | L81: Yes | N81: Sim | O81: =A83 -> G8.03
C82: Response | E82: Category option | F82: X | L82: Too young | N82: Tinan sidauk to'o | O82: =A83 -> G8.03
A83: G8.03 | C83: Question | D83: Read question | E83: Category - choose one | F83: Code | L83: Over the last 3 years, how have the activities of the central government affected the lives of Timorese people? Have they improved lives a lot, a little, made no difference, a little worse or a lot worse? | M83: Atividade governo central nian iha tinan 3 liu ba hadia Timor-oan nia moris barak liu, hadia ona iha parte balun, laiha mudansa, halo estraga ka halo estraga a'at liu tan?
C84: Response | E84: Category option | F84: X | L84: Improved a lot | N84: Hadia barak | O84: =A90 -> G8.04
C85: Response | E85: Category option | F85: X | L85: Improved a little | N85: Hadia balun | O85: =A90 -> G8.04
C86: Response | E86: Category option | F86: X | L86: Made no difference | N86: Nunka hadia ka estraga | O86: =A90 -> G8.04
C87: Response | E87: Category option | F87: X | L87: Worsened a little | N87: Estraga Ituan | O87: =A90 -> G8.04
C88: Response | E88: Category option | F88: X | L88: Worsened a lot | N88: Estraga a'at liu tan | O88: =A90 -> G8.04
L89: Don't know | N89: La hatene
A90: G8.04 | C90: Question | D90: Read question | E90: Category - choose all | F90: Code | L90: What do you think is the best system of government for Timor-Leste? Should major decisions be made in Dili or Should {Name of District} make its own decisions separately? | M90: Sistema ida nebe maka ita boot hanoin diak liu ba Governu Timor Leste? Decizaun bo'ot hotu -hotu tenki foti iha Dili ka (distritu nia naran)tenki foti rasik nia desizaun ? | S90: Please keep piloting to make sure this works.
C91: Response | E91: Category option | F91: X | L91: Main decisions should made in Dili | N91: Decisaun importante tenki foti iha Dili | O91: =A93 -> G8.05
C92: Response | E92: Category option | F92: X | L92: Every district should make decision separately | N92: Distritu ida-idak tenki foti decizaun keta-ketak | O92: =A93 -> G8.05
A93: G8.05 | C93: Question | D93: Read question | E93: Category - choose all | F93: Code | L93: When an important decision has to be made for the suku, is it best for the decision to made by the xefe suku, suku council or should the whole community be able to participate in the discussion and decision-making process? | M93: Bainhira tenki halo desizaun importante ida ba suku, diak liu ne'e xefe suku maka foti ka, Konselhu Suku maka foti ka komunidade tomak tenki bele hola parte iha diskusaun no prosesu foti desizaun? | S93: Please keep piloting to make sure this works.
C94: Response | E94: Category option | F94: X | L94: Just Xefe Suku | N94: Xefe Suku deit | O94: Next Section
C95: Response | E95: Category option | F95: X | L95: Just Suku Council | N95: Konselhu Suku deit | O95: Next Section
C96: Response | E96: Category option | F96: X | L96: Anyone in the whole community | N96: Ema hotu-hotu iha komunidade tomak | O96: Next Section
C97: Response | E97: Category option | F97: X | L97: Don't know | N97: La hatene | O97: Next Section
C98: Response | E98: Category option | F98: X | L98: Refused to answer | N98: Lakohi fo resposta | O98: Next Section

Sheet F
A1: IDENTICAL TO MALE PART F

Sheet I
A1: IDENTICAL TO MALE PART I

Sheet J
B1: MALE
A2: Different to Male | B2: New ID | C2: Response ID | D2: Question or Response | E2: Question Completion Method | F2: Response Display Format | G2: Data Format | H2: Lower Bound | I2: Upper Bound | J2: Image | K2: Display Text | M2: Translation | O2: Chronology | P2: Additional explanation - English | Q2: Tetun | R2: Unique ID | S2: AB Comments | T2: YT comments
B3: Sources of Information | S3: 0
B4: MJ1.01 | D4: Question | E4: Read question | F4: Numeric response | G4: XXX | K4: In the last 7 days, how many times have you listened to radio? | M4: Iha loron 7 liu ba, dala hira maka ita rona radio? | O4: =B5 -> MJ1.02 | R4: P1.2 | S4: Can people really answer this? Maybe better to ask how many hours a day they listen. But, I'm not sure how we will use this info anyway. | T4: This is better than the previous one with last 4 weeks
B5: MJ1.02 | D5: Question | E5: Read question | F5: Numeric response | G5: XXX | K5: In the last 7 days, how many times have you watched television? | M5: Iha loron 7 liu ba, dala hira maka ita hare televizaun? | O5: next section | R5: P1.3 | S5: As above. | T5: This is better than the previous one with last 4 weeks
B6: MJ1.03 | D6: Question | E6: Read question | F6: Numeric response | G6: XXX | K6: In the last 4 weeks, how many times have you eaten a meal outside your house with people who are not relatives? | M6: Iha semana 4 liu ba, dala hira maka ita han hamutuk ho ema seluk nebe laos ita nia familia? | O6: =B71 -> MJ1.19 | R6: P1.7 | S6: We need to get at frequency of social interaction with other villagers, but this is very vague.
B7: MJ1.04 | D7: Question | E7: Read question | F7: Category - choose one | G7: Code | K7: How often do you receive information about what the government is doing in this area?; At least once a month, once or twice a year or never? | M7: Ita bot simu informasaun regularmente konaba saida mak governu halo iha suku ida ne'e?; Dala barak, dala ruma ka nunka?
D8: Response | F8: Category option | G8: 1 | L8: Often | N8: Dala barak | O8: =B11 -> MJ1.05
D9: Response | F9: Category option | G9: 2 | L9: Sometimes | N9: Dala ruma | O9: =B11 -> MJ1.05
D10: Response | F10: Category option | G10: 3 | L10: Never | N10: Nunka | O10: =B26 -> MJ1.06
B11: MJ1.05 | D11: Question | E11: Read question | F11: Category - choose all | G11: Code | K11: Where do you get this information from? | M11: Ita bot hetan informasaun ne'e husi nebe?
D12: Response | F12: Category option | G12: 1 | L12: District administrator | N12: Administrador distritu | O12: =B26 -> MJ1.06
D13: Response | F13: Category option | G13: 2 | L13: Subdistrict administrator | N13: Administrador subdistritu | O13: =B26 -> MJ1.06
D14: Response | F14: Category option | G14: 3 | L14: Xefe Suku | N14: Xefe Suku | O14: =B26 -> MJ1.06
D15: Response | F15: Category option | G15: 4 | L15: Xefe Aldeia | N15: Xefe Aldeia | O15: =B26 -> MJ1.06
D16: Response | F16: Category option | G16: 5 | L16: Suku meetings | N16: Enkontru suku | O16: =B26 -> MJ1.06
D17: Response | F17: Category option | G17: 6 | L17: Aldeia meetings | N17: Enkontru aldeia | O17: =B26 -> MJ1.06
D18: Response | F18: Category option | G18: 7 | L18: Community notice board | N18: Kuadru komunidade | O18: =B26 -> MJ1.06
D19: Response | F19: Category option | G19: 8 | L19: Friends and family | N19: Kolega no familia | O19: =B26 -> MJ1.06
D20: Response | F20: Category option | G20: 9 | L20: Radio | N20: Jornal | O20: =B26 -> MJ1.06
D21: Response | F21: Category option | G21: 10 | L21: Newspaper | N21: Radio | O21: =B26 -> MJ1.06
D22: Response | F22: Category option | G22: 11 | L22: Television | N22: Televizaun | O22: =B26 -> MJ1.06
D23: Response | F23: Category option | G23: 12 | L23: Internet / Facebook | N23: Internet / Facebook | O23: =B26 -> MJ1.06
C24: H1.01.c | D24: =VLOOKUP($C24,Codes!$A:$K,2,FALSE) -> Response | F24: =VLOOKUP($C24,Codes!$A:$K,4,FALSE) -> Category option | G24: =VLOOKUP($C24,Codes!$A:$K,5,FALSE) -> 997 | L24: =VLOOKUP($C24,Codes!$A:$K,9,FALSE) -> Other (specify) | N24: =VLOOKUP($C24,Codes!$A:$K,11,FALSE) -> Seluk (spesifika) | O24: =B25 -> MJ1.05x
B25: MJ1.05x | D25: Question | E25: Read question | F25: Text response | G25: Text | K25: [Specify other source] | M25: [Spesifika seluk] | O25: next section
B26: MJ1.06 | D26: Question | E26: Read question | F26: Category - choose one | G26: Code | K26: Have you heard of the government's Local Development Program (LDP)? | M26: Ita rona ona governo nia projeitu bolu program dezenvolvimentu local (PDL)? | R26: XA8.22 | S26: 0
C27: H1.01.a | D27: =VLOOKUP($C27,Codes!$A:$K,2,FALSE) -> Response | F27: =VLOOKUP($C27,Codes!$A:$K,4,FALSE) -> Category option | G27: =VLOOKUP($C27,Codes!$A:$K,5,FALSE) -> 0 | L27: =VLOOKUP($C27,Codes!$A:$K,9,FALSE) -> No | N27: =VLOOKUP($C27,Codes!$A:$K,11,FALSE) -> Lae | O27: =B29 -> MJ1.07
C28: H1.01.b | D28: =VLOOKUP($C28,Codes!$A:$K,2,FALSE) -> Response | F28: =VLOOKUP($C28,Codes!$A:$K,4,FALSE) -> Category option | G28: =VLOOKUP($C28,Codes!$A:$K,5,FALSE) -> 1 | L28: =VLOOKUP($C28,Codes!$A:$K,9,FALSE) -> Yes | N28: =VLOOKUP($C28,Codes!$A:$K,11,FALSE) -> Sim | O28: =B29 -> MJ1.07
B29: MJ1.07 | D29: Question | E29: Read question | F29: Category - choose one | G29: Code | K29: Have you heard of the government's Youth Development Project (YDP)? | M29: Ita rona ona governu nia Projeitu dezenvolvimentu Juventude? | R29: XA8.23 | S29: 0
C30: H1.01.a | D30: =VLOOKUP($C30,Codes!$A:$K,2,FALSE) -> Response | F30: =VLOOKUP($C30,Codes!$A:$K,4,FALSE) -> Category option | G30: =VLOOKUP($C30,Codes!$A:$K,5,FALSE) -> 0 | L30: =VLOOKUP($C30,Codes!$A:$K,9,FALSE) -> No | N30: =VLOOKUP($C30,Codes!$A:$K,11,FALSE) -> Lae | O30: =B32 -> MJ1.08
C31: H1.01.b | D31: =VLOOKUP($C31,Codes!$A:$K,2,FALSE) -> Response | F31: =VLOOKUP($C31,Codes!$A:$K,4,FALSE) -> Category option | G31: =VLOOKUP($C31,Codes!$A:$K,5,FALSE) -> 1 | L31: =VLOOKUP($C31,Codes!$A:$K,9,FALSE) -> Yes | N31: =VLOOKUP($C31,Codes!$A:$K,11,FALSE) -> Sim | O31: =B32 -> MJ1.08
B32: MJ1.08 | D32: Question | E32: Read question | F32: Category - choose one | G32: Code | K32: Have you heard of the government's Roads for Development Program? | M32: Ita rona ona konaba governu nia Programa Estradas ba Dezenvolvimentu? | R32: XA8.25 | S32: 0
C33: H1.01.a | D33: =VLOOKUP($C33,Codes!$A:$K,2,FALSE) -> Response | F33: =VLOOKUP($C33,Codes!$A:$K,4,FALSE) -> Category option | G33: =VLOOKUP($C33,Codes!$A:$K,5,FALSE) -> 0 | L33: =VLOOKUP($C33,Codes!$A:$K,9,FALSE) -> No | N33: =VLOOKUP($C33,Codes!$A:$K,11,FALSE) -> Lae | O33: =B35 -> MJ1.09
C34: H1.01.b | D34: =VLOOKUP($C34,Codes!$A:$K,2,FALSE) -> Response | F34: =VLOOKUP($C34,Codes!$A:$K,4,FALSE) -> Category option | G34: =VLOOKUP($C34,Codes!$A:$K,5,FALSE) -> 1 | L34: =VLOOKUP($C34,Codes!$A:$K,9,FALSE) -> Yes | N34: =VLOOKUP($C34,Codes!$A:$K,11,FALSE) -> Sim | O34: =B35 -> MJ1.09
B35: MJ1.09 | D35: Question | E35: Read question | F35: Category - choose one | G35: Code | K35: Have you heard of the government's Programa Nasional Desenvolvimentu Suku (PNDS)? | M35: Ita rona ona governu nia program bolu Programa Nasional Dezenvolvimentu Suku ou PNDS? | R35: XA8.24 | S35: 0
C36: H1.01.a | D36: =VLOOKUP($C36,Codes!$A:$K,2,FALSE) -> Response | F36: =VLOOKUP($C36,Codes!$A:$K,4,FALSE) -> Category option | G36: =VLOOKUP($C36,Codes!$A:$K,5,FALSE) -> 0 | L36: =VLOOKUP($C36,Codes!$A:$K,9,FALSE) -> No | N36: =VLOOKUP($C36,Codes!$A:$K,11,FALSE) -> Lae | O36: next section
C37: H1.01.b | D37: =VLOOKUP($C37,Codes!$A:$K,2,FALSE) -> Response | F37: =VLOOKUP($C37,Codes!$A:$K,4,FALSE) -> Category option | G37: =VLOOKUP($C37,Codes!$A:$K,5,FALSE) -> 1 | L37: =VLOOKUP($C37,Codes!$A:$K,9,FALSE) -> Yes | N37: =VLOOKUP($C37,Codes!$A:$K,11,FALSE) -> Sim | O37: next section
B38: Participation in Groups | S38: 0
A39: New | B39: P1.11 | D39: Question | E39: Read question | F39: Category - choose one | G39: Code | K39: Are you part of a women's group or association? | M39: Ita hola parte husi grupu ka assosiasaun feto nian? | R39: P1.11 | S39: 0
C40: H1.01.a | D40: =VLOOKUP($C40,Codes!$A:$K,2,FALSE) -> Response | F40: =VLOOKUP($C40,Codes!$A:$K,4,FALSE) -> Category option | G40: =VLOOKUP($C40,Codes!$A:$K,5,FALSE) -> 0 | L40: =VLOOKUP($C40,Codes!$A:$K,9,FALSE) -> No | N40: =VLOOKUP($C40,Codes!$A:$K,11,FALSE) -> Lae | O40: =B43 -> MJ1.10
C41: H1.01.b | D41: =VLOOKUP($C41,Codes!$A:$K,2,FALSE) -> Response | F41: =VLOOKUP($C41,Codes!$A:$K,4,FALSE) -> Category option | G41: =VLOOKUP($C41,Codes!$A:$K,5,FALSE) -> 1 | L41: =VLOOKUP($C41,Codes!$A:$K,9,FALSE) -> Yes | N41: =VLOOKUP($C41,Codes!$A:$K,11,FALSE) -> Sim | O41: =B43 -> MJ1.10
B42: If age<30: | S42: 0
B43: MJ1.10 | D43: Question | E43: Read question | F43: Category - choose one | G43: Code | K43: Are you part of a youth group? | M43: Ita hola parte husi grupu joven nian? | R43: P1.14 | S43: 0
C44: H1.01.a | D44: =VLOOKUP($C44,Codes!$A:$K,2,FALSE) -> Response | F44: =VLOOKUP($C44,Codes!$A:$K,4,FALSE) -> Category option | G44: =VLOOKUP($C44,Codes!$A:$K,5,FALSE) -> 0 | L44: =VLOOKUP($C44,Codes!$A:$K,9,FALSE) -> No | N44: =VLOOKUP($C44,Codes!$A:$K,11,FALSE) -> Lae | O44: =B47 -> MJ1.11
C45: H1.01.b | D45: =VLOOKUP($C45,Codes!$A:$K,2,FALSE) -> Response | F45: =VLOOKUP($C45,Codes!$A:$K,4,FALSE) -> Category option | G45: =VLOOKUP($C45,Codes!$A:$K,5,FALSE) -> 1 | L45: =VLOOKUP($C45,Codes!$A:$K,9,FALSE) -> Yes | N45: =VLOOKUP($C45,Codes!$A:$K,11,FALSE) -> Sim | O45: =B47 -> MJ1.11
B46: End if | S46: 0
B47: MJ1.11 | D47: Question | E47: Read question | F47: Category - choose one | G47: Code | K47: Are you part of a sports group? | M47: Ita hola parte husi grupu desportu nian? | R47: P1.14 | S47: 0
C48: H1.01.a | D48: =VLOOKUP($C48,Codes!$A:$K,2,FALSE) -> Response | F48: =VLOOKUP($C48,Codes!$A:$K,4,FALSE) -> Category option | G48: =VLOOKUP($C48,Codes!$A:$K,5,FALSE) -> 0 | L48: =VLOOKUP($C48,Codes!$A:$K,9,FALSE) -> No | N48: =VLOOKUP($C48,Codes!$A:$K,11,FALSE) -> Lae | O48: =B50 -> MJ1.12
C49: H1.01.b | D49: =VLOOKUP($C49,Codes!$A:$K,2,FALSE) -> Response | F49: =VLOOKUP($C49,Codes!$A:$K,4,FALSE) -> Category option | G49: =VLOOKUP($C49,Codes!$A:$K,5,FALSE) -> 1 | L49: =VLOOKUP($C49,Codes!$A:$K,9,FALSE) -> Yes | N49: =VLOOKUP($C49,Codes!$A:$K,11,FALSE) -> Sim | O49: =B50 -> MJ1.12
B50: MJ1.12 | D50: Question | E50: Read question | F50: Category - choose one | G50: Code | K50: Are you part of a health group? | M50: Ita hola parte husi grupu saude nian? | R50: P1.16 | S50: 0
C51: H1.01.a | D51: =VLOOKUP($C51,Codes!$A:$K,2,FALSE) -> Response | F51: =VLOOKUP($C51,Codes!$A:$K,4,FALSE) -> Category option | G51: =VLOOKUP($C51,Codes!$A:$K,5,FALSE) -> 0 | L51: =VLOOKUP($C51,Codes!$A:$K,9,FALSE) -> No | N51: =VLOOKUP($C51,Codes!$A:$K,11,FALSE) -> Lae | O51: =B53 -> MJ1.13
C52: H1.01.b | D52: =VLOOKUP($C52,Codes!$A:$K,2,FALSE) -> Response | F52: =VLOOKUP($C52,Codes!$A:$K,4,FALSE) -> Category option | G52: =VLOOKUP($C52,Codes!$A:$K,5,FALSE) -> 1 | L52: =VLOOKUP($C52,Codes!$A:$K,9,FALSE) -> Yes | N52: =VLOOKUP($C52,Codes!$A:$K,11,FALSE) -> Sim | O52: =B53 -> MJ1.13
B53: MJ1.13 | D53: Question | E53: Read question | F53: Category - choose one | G53: Code | K53: Are you part of a savings group, a credit group or arisan? | M53: Ita nudar parte husi grupu rai osan ka grupu kréditu ka arisan ida? | R53: P1.13 | S53: 0
C54: H1.01.a | D54: =VLOOKUP($C54,Codes!$A:$K,2,FALSE) -> Response | F54: =VLOOKUP($C54,Codes!$A:$K,4,FALSE) -> Category option | G54: =VLOOKUP($C54,Codes!$A:$K,5,FALSE) -> 0 | L54: =VLOOKUP($C54,Codes!$A:$K,9,FALSE) -> No | N54: =VLOOKUP($C54,Codes!$A:$K,11,FALSE) -> Lae | O54: =B56 -> MJ1.14
C55: H1.01.b | D55: =VLOOKUP($C55,Codes!$A:$K,2,FALSE) -> Response | F55: =VLOOKUP($C55,Codes!$A:$K,4,FALSE) -> Category option | G55: =VLOOKUP($C55,Codes!$A:$K,5,FALSE) -> 1 | L55: =VLOOKUP($C55,Codes!$A:$K,9,FALSE) -> Yes | N55: =VLOOKUP($C55,Codes!$A:$K,11,FALSE) -> Sim | O55: =B56 -> MJ1.14
B56: MJ1.14 | D56: Question | E56: Read question | F56: Category - choose one | G56: Code | K56: Are you part of a religious group? | M56: Ita hola parte husi grupu relijiaun nian? | P56: Outside of mass | R56: P1.12 | S56: Yes, variation could be a problem here. We don't want to be asking questions (other than consent ones) to which 95% of respondents provide the same answer. | T56: Maybe something like do you help organize religious activities at a church or religious group? It's probably best to ask if they participate in any religious groups? As many would participate but not necessarily help organising.
C57: H1.01.a | D57: =VLOOKUP($C57,Codes!$A:$K,2,FALSE) -> Response | F57: =VLOOKUP($C57,Codes!$A:$K,4,FALSE) -> Category option | G57: =VLOOKUP($C57,Codes!$A:$K,5,FALSE) -> 0 | L57: =VLOOKUP($C57,Codes!$A:$K,9,FALSE) -> No | N57: =VLOOKUP($C57,Codes!$A:$K,11,FALSE) -> Lae | O57: =B59 -> MJ1.15
C58: H1.01.b | D58: =VLOOKUP($C58,Codes!$A:$K,2,FALSE) -> Response | F58: =VLOOKUP($C58,Codes!$A:$K,4,FALSE) -> Category option | G58: =VLOOKUP($C58,Codes!$A:$K,5,FALSE) -> 1 | L58: =VLOOKUP($C58,Codes!$A:$K,9,FALSE) -> Yes | N58: =VLOOKUP($C58,Codes!$A:$K,11,FALSE) -> Sim | O58: =B59 -> MJ1.15
B59: MJ1.15 | D59: Question | E59: Read question | F59: Category - choose one | G59: Code | K59: Are you part of a martial arts or ritual arts group? | M59: Ita hola parte iha grupu arte martials? | R59: P1.14 | S59: 0
C60: H1.01.a | D60: =VLOOKUP($C60,Codes!$A:$K,2,FALSE) -> Response | F60: =VLOOKUP($C60,Codes!$A:$K,4,FALSE) -> Category option | G60: =VLOOKUP($C60,Codes!$A:$K,5,FALSE) -> 0 | L60: =VLOOKUP($C60,Codes!$A:$K,9,FALSE) -> No | N60: =VLOOKUP($C60,Codes!$A:$K,11,FALSE) -> Lae | O60: =B62 -> MJ1.16
C61: H1.01.b | D61: =VLOOKUP($C61,Codes!$A:$K,2,FALSE) -> Response | F61: =VLOOKUP($C61,Codes!$A:$K,4,FALSE) -> Category option | G61: =VLOOKUP($C61,Codes!$A:$K,5,FALSE) -> 1 | L61: =VLOOKUP($C61,Codes!$A:$K,9,FALSE) -> Yes | N61: =VLOOKUP($C61,Codes!$A:$K,11,FALSE) -> Sim | O61: =B62 -> MJ1.16
B62: MJ1.16 | D62: Question | E62: Read question | F62: Category - choose one | G62: Code | K62: Are you part of a traditional, cultural or adat group? | M62: Ita hola parte husi grupu traditional, kultural ka adat nian? | R62: P1.17 | S62: 0
C63: H1.01.a | D63: =VLOOKUP($C63,Codes!$A:$K,2,FALSE) -> Response | F63: =VLOOKUP($C63,Codes!$A:$K,4,FALSE) -> Category option | G63: =VLOOKUP($C63,Codes!$A:$K,5,FALSE) -> 0 | L63: =VLOOKUP($C63,Codes!$A:$K,9,FALSE) -> No | N63: =VLOOKUP($C63,Codes!$A:$K,11,FALSE) -> Lae | O63: =B65 -> MJ1.17
C64: H1.01.b | D64: =VLOOKUP($C64,Codes!$A:$K,2,FALSE) -> Response | F64: =VLOOKUP($C64,Codes!$A:$K,4,FALSE) -> Category option | G64: =VLOOKUP($C64,Codes!$A:$K,5,FALSE) -> 1 | L64: =VLOOKUP($C64,Codes!$A:$K,9,FALSE) -> Yes | N64: =VLOOKUP($C64,Codes!$A:$K,11,FALSE) -> Sim | O64: =B65 -> MJ1.17
B65: MJ1.17 | D65: Question | E65: Read question | F65: Category - choose one | G65: Code | K65: Are you a member of a political party? | M65: Ita hola parte iha grupu politico? | R65: P1.18 | S65: 0
C66: H1.01.a | D66: =VLOOKUP($C66,Codes!$A:$K,2,FALSE) -> Response | F66: =VLOOKUP($C66,Codes!$A:$K,4,FALSE) -> Category option | G66: =VLOOKUP($C66,Codes!$A:$K,5,FALSE) -> 0 | L66: =VLOOKUP($C66,Codes!$A:$K,9,FALSE) -> No | N66: =VLOOKUP($C66,Codes!$A:$K,11,FALSE) -> Lae | O66: =B68 -> MJ1.18
C67: H1.01.b | D67: =VLOOKUP($C67,Codes!$A:$K,2,FALSE) -> Response | F67: =VLOOKUP($C67,Codes!$A:$K,4,FALSE) -> Category option | G67: =VLOOKUP($C67,Codes!$A:$K,5,FALSE) -> 1 | L67: =VLOOKUP($C67,Codes!$A:$K,9,FALSE) -> Yes | N67: =VLOOKUP($C67,Codes!$A:$K,11,FALSE) -> Sim | O67: =B68 -> MJ1.18
B68: MJ1.18 | D68: Question | E68: Read question | F68: Category - choose one | G68: Code | K68: Are you part of a water committee? | M68: Ita hola parte husi komisaun ou grupu be'e nian? | R68: P1.18 | S68: 0
C69: H1.01.a | D69: =VLOOKUP($C69,Codes!$A:$K,2,FALSE) -> Response | F69: =VLOOKUP($C69,Codes!$A:$K,4,FALSE) -> Category option | G69: =VLOOKUP($C69,Codes!$A:$K,5,FALSE) -> 0 | L69: =VLOOKUP($C69,Codes!$A:$K,9,FALSE) -> No | N69: =VLOOKUP($C69,Codes!$A:$K,11,FALSE) -> Lae | O69: =B71 -> MJ1.19
C70: H1.01.b | D70: =VLOOKUP($C70,Codes!$A:$K,2,FALSE) -> Response | F70: =VLOOKUP($C70,Codes!$A:$K,4,FALSE) -> Category option | G70: =VLOOKUP($C70,Codes!$A:$K,5,FALSE) -> 1 | L70: =VLOOKUP($C70,Codes!$A:$K,9,FALSE) -> Yes | N70: =VLOOKUP($C70,Codes!$A:$K,11,FALSE) -> Sim | O70: =B71 -> MJ1.19
B71: MJ1.19 | D71: Question | E71: Read question | F71: Category - choose one | G71: Code | K71: Are you part of a farmer's group or cooperative? | M71: Ita hola parte iha grupu agrikultura ou koperativa agrikultura? | R71: P1.10 | S71: 0
C72: H1.01.a | D72: =VLOOKUP($C72,Codes!$A:$K,2,FALSE) -> Response | F72: =VLOOKUP($C72,Codes!$A:$K,4,FALSE) -> Category option | G72: =VLOOKUP($C72,Codes!$A:$K,5,FALSE) -> 0 | L72: =VLOOKUP($C72,Codes!$A:$K,9,FALSE) -> No | N72: =VLOOKUP($C72,Codes!$A:$K,11,FALSE) -> Lae | O72: =B74 -> MJ1.20
C73: H1.01.b | D73: =VLOOKUP($C73,Codes!$A:$K,2,FALSE) -> Response | F73: =VLOOKUP($C73,Codes!$A:$K,4,FALSE) -> Category option | G73: =VLOOKUP($C73,Codes!$A:$K,5,FALSE) -> 1 | L73: =VLOOKUP($C73,Codes!$A:$K,9,FALSE) -> Yes | N73: =VLOOKUP($C73,Codes!$A:$K,11,FALSE) -> Sim | O73: =B74 -> MJ1.20
B74: MJ1.20 | D74: Question | E74: Read question | F74: Category - choose one | G74: Code | K74: Are you part of a group or cooperative that joins together to buy or store food or produce? | M74: Ita hola parte husi grupu ka koperativa ida nebe hamutuk sosa ka haloot ai-han ka produtu agrikola? | R74: P1.15 | S74: 0
C75: H1.01.a | D75: =VLOOKUP($C75,Codes!$A:$K,2,FALSE) -> Response | F75: =VLOOKUP($C75,Codes!$A:$K,4,FALSE) -> Category option | G75: =VLOOKUP($C75,Codes!$A:$K,5,FALSE) -> 0 | L75: =VLOOKUP($C75,Codes!$A:$K,9,FALSE) -> No | N75: =VLOOKUP($C75,Codes!$A:$K,11,FALSE) -> Lae | O75: =B77 -> MJ1.21
C76: H1.01.b | D76: =VLOOKUP($C76,Codes!$A:$K,2,FALSE) -> Response | F76: =VLOOKUP($C76,Codes!$A:$K,4,FALSE) -> Category option | G76: =VLOOKUP($C76,Codes!$A:$K,5,FALSE) -> 1 | L76: =VLOOKUP($C76,Codes!$A:$K,9,FALSE) -> Yes | N76: =VLOOKUP($C76,Codes!$A:$K,11,FALSE) -> Sim | O76: =B77 -> MJ1.21
B77: MJ1.21 | D77: Question | E77: Read question | F77: Category - choose one | G77: Code | K77: Are you part of any other groups or cooperatives? | M77: Ita hola parte husi grupu seluk ka koperativa seluk? | R77: P1.19 | S77: 0
C78: H1.01.a | D78: =VLOOKUP($C78,Codes!$A:$K,2,FALSE) -> Response | F78: =VLOOKUP($C78,Codes!$A:$K,4,FALSE) -> Category option | G78: =VLOOKUP($C78,Codes!$A:$K,5,FALSE) -> 0 | L78: =VLOOKUP($C78,Codes!$A:$K,9,FALSE) -> No | N78: =VLOOKUP($C78,Codes!$A:$K,11,FALSE) -> Lae | O78: =B81 -> MJ1.22
C79: H1.01.b | D79: =VLOOKUP($C79,Codes!$A:$K,2,FALSE) -> Response | F79: =VLOOKUP($C79,Codes!$A:$K,4,FALSE) -> Category option | G79: =VLOOKUP($C79,Codes!$A:$K,5,FALSE) -> 1 | L79: =VLOOKUP($C79,Codes!$A:$K,9,FALSE) -> Yes | N79: =VLOOKUP($C79,Codes!$A:$K,11,FALSE) -> Sim | O79: =B80 -> MJ1.21x
B80: MJ1.21x | D80: Question | E80: Read question | F80: Text response | G80: Text | K80: [Specify other group] | M80: [Spesifika grupu seluk] | O80: =B81 -> MJ1.22
B81: MJ1.22 | D81: Question | E81: Read question | F81: Category - choose one | G81: Code | K81: Have you visited the home of the Xefe Aldeia or the aldeia office in the last 4 weeks? | M81: Ita vizita ona xefi aldeia nia uma ka sede aldeia iha semana 4 liu ba? | R81: P1.40 | S81: 0
C82: H1.01.a | D82: =VLOOKUP($C82,Codes!$A:$K,2,FALSE) -> Response | F82: =VLOOKUP($C82,Codes!$A:$K,4,FALSE) -> Category option | G82: =VLOOKUP($C82,Codes!$A:$K,5,FALSE) -> 0 | L82: =VLOOKUP($C82,Codes!$A:$K,9,FALSE) -> No | N82: =VLOOKUP($C82,Codes!$A:$K,11,FALSE) -> Lae | O82: =B84 -> MJ1.23
C83: H1.01.b | D83: =VLOOKUP($C83,Codes!$A:$K,2,FALSE) -> Response | F83: =VLOOKUP($C83,Codes!$A:$K,4,FALSE) -> Category option | G83: =VLOOKUP($C83,Codes!$A:$K,5,FALSE) -> 1 | L83: =VLOOKUP($C83,Codes!$A:$K,9,FALSE) -> Yes | N83: =VLOOKUP($C83,Codes!$A:$K,11,FALSE) -> Sim | O83: =B84 -> MJ1.23
B84: MJ1.23 | D84: Question | E84: Read question | F84: Category - choose one | G84: Code | K84: Have you visited the home of the Xefe Suku or the suku office in the last 4 weeks? | M84: Ita vizita ona xefe suku nia uma ka sede suku iha semana 4 liu ba? | R84: P1.41 | S84: 0
C85: H1.01.a | D85: =VLOOKUP($C85,Codes!$A:$K,2,FALSE) -> Response | F85: =VLOOKUP($C85,Codes!$A:$K,4,FALSE) -> Category option | G85: =VLOOKUP($C85,Codes!$A:$K,5,FALSE) -> 0 | L85: =VLOOKUP($C85,Codes!$A:$K,9,FALSE) -> No | N85: =VLOOKUP($C85,Codes!$A:$K,11,FALSE) -> Lae | O85: next section
C86: H1.01.b | D86: =VLOOKUP($C86,Codes!$A:$K,2,FALSE) -> Response | F86: =VLOOKUP($C86,Codes!$A:$K,4,FALSE) -> Category option | G86: =VLOOKUP($C86,Codes!$A:$K,5,FALSE) -> 1 | L86: =VLOOKUP($C86,Codes!$A:$K,9,FALSE) -> Yes | N86: =VLOOKUP($C86,Codes!$A:$K,11,FALSE) -> Sim | O86: next section
A87: Removed | B87: Lisan
B88: Education
B89: MJ3.01 | D89: =VLOOKUP($B89,'Recurring Qns'!$A:$K,3,FALSE) -> Question | E89: =VLOOKUP($B89,'Recurring Qns'!$A:$K,4,FALSE) -> Read question | F89: =VLOOKUP($B89,'Recurring Qns'!$A:$K,5,FALSE) -> Category - choose one | G89: =VLOOKUP($B89,'Recurring Qns'!$A:$K,6,FALSE) -> Code | H89: =VLOOKUP($B89,'Recurring Qns'!$A:$K,7,FALSE) -> - | I89: =VLOOKUP($B89,'Recurring Qns'!$A:$K,8,FALSE) -> - | K89: =VLOOKUP($B89,'Recurring Qns'!$A:$K,9,FALSE) -> Have you ever been enrolled in school? | M89: =VLOOKUP($B89,'Recurring Qns'!$A:$K,11,FALSE) -> Ita bot pernah ba eskola? | R89: H8.5 | S89: Collecting this information for everyone is dilatory . . . We should just ask the respondents (male / female / youth / elderly) about themselves only. We definitely don't need the information for everyone. You should also simpllify this so it is quicker. There should be a separate set of questions also for each school-age child and infant. These can be answered by the woman, but the household information will need to be transferred to her tablet and then used to ask questions about each. Please work with Catalpa on this.
C90: H1.01.a | D90: =VLOOKUP($C90,Codes!$A:$K,2,FALSE) -> Response | F90: =VLOOKUP($C90,Codes!$A:$K,4,FALSE) -> Category option | G90: =VLOOKUP($C90,Codes!$A:$K,5,FALSE) -> 0 | L90: =VLOOKUP($C90,Codes!$A:$K,9,FALSE) -> No | N90: =VLOOKUP($C90,Codes!$A:$K,11,FALSE) -> Lae | O90: next section
C91: H1.01.b | D91: =VLOOKUP($C91,Codes!$A:$K,2,FALSE) -> Response | F91: =VLOOKUP($C91,Codes!$A:$K,4,FALSE) -> Category option | G91: =VLOOKUP($C91,Codes!$A:$K,5,FALSE) -> 1 | L91: =VLOOKUP($C91,Codes!$A:$K,9,FALSE) -> Yes | N91: =VLOOKUP($C91,Codes!$A:$K,11,FALSE) -> Sim | O91: =B93 -> MJ3.02
C92: H1.01.e | D92: =VLOOKUP($C92,Codes!$A:$K,2,FALSE) -> Response | F92: =VLOOKUP($C92,Codes!$A:$K,4,FALSE) -> Category option | G92: =VLOOKUP($C92,Codes!$A:$K,5,FALSE) -> 998 | L92: =VLOOKUP($C92,Codes!$A:$K,9,FALSE) -> Refused to answer | N92: =VLOOKUP($C92,Codes!$A:$K,11,FALSE) -> Lakohi fo resposta | O92: next section
B93: MJ3.02 | D93: =VLOOKUP($B93,'Recurring Qns'!$A:$K,3,FALSE) -> Question | E93: =VLOOKUP($B93,'Recurring Qns'!$A:$K,4,FALSE) -> Read question | F93: =VLOOKUP($B93,'Recurring Qns'!$A:$K,5,FALSE) -> Category - choose one | G93: =VLOOKUP($B93,'Recurring Qns'!$A:$K,6,FALSE) -> Code | H93: =VLOOKUP($B93,'Recurring Qns'!$A:$K,7,FALSE) -> - | I93: =VLOOKUP($B93,'Recurring Qns'!$A:$K,8,FALSE) -> - | K93: =VLOOKUP($B93,'Recurring Qns'!$A:$K,9,FALSE) -> What is the highest level of education you have completed? | M93: =VLOOKUP($B93,'Recurring Qns'!$A:$K,11,FALSE) -> Nivel edukasaun ikus nebe ita bot hasai mak saida? | P93: Select level | R93: H8.6 | S93: Collecting this information for everyone is dilatory . . . We should just ask the respondents (male / female / youth / elderly) about themselves only. We definitely don't need the information for everyone. You should also simpllify this so it is quicker. There should be a separate set of questions also for each school-age child and infant. These can be answered by the woman, but the household information will need to be transferred to her tablet and then used to ask questions about each. Please work with Catalpa on this.
B94: MJ3.02rows | D94: Table | F94: Rows:
C95: H1.02.a | D95: =VLOOKUP($C95,Codes!$A:$K,2,FALSE) -> Response | F95: =VLOOKUP($C95,Codes!$A:$K,4,FALSE) -> Category option | G95: =VLOOKUP($C95,Codes!$A:$K,5,FALSE) -> 1 | L95: =VLOOKUP($C95,Codes!$A:$K,9,FALSE) -> None completed | N95: =VLOOKUP($C95,Codes!$A:$K,11,FALSE) -> La Kompletu | O95: next section
C96: H1.02.b | D96: =VLOOKUP($C96,Codes!$A:$K,2,FALSE) -> Response | F96: =VLOOKUP($C96,Codes!$A:$K,4,FALSE) -> Category option | G96: =VLOOKUP($C96,Codes!$A:$K,5,FALSE) -> 2 | L96: =VLOOKUP($C96,Codes!$A:$K,9,FALSE) -> Pre-School | N96: =VLOOKUP($C96,Codes!$A:$K,11,FALSE) -> Pre-Eskolar | O96: next section
C97: H1.02.c | D97: =VLOOKUP($C97,Codes!$A:$K,2,FALSE) -> Response | F97: =VLOOKUP($C97,Codes!$A:$K,4,FALSE) -> Category option | G97: =VLOOKUP($C97,Codes!$A:$K,5,FALSE) -> 3 | L97: =VLOOKUP($C97,Codes!$A:$K,9,FALSE) -> Primary School | N97: =VLOOKUP($C97,Codes!$A:$K,11,FALSE) -> Eskola Primária | O97: next section
C98: H1.02.d | D98: =VLOOKUP($C98,Codes!$A:$K,2,FALSE) -> Response | F98: =VLOOKUP($C98,Codes!$A:$K,4,FALSE) -> Category option | G98: =VLOOKUP($C98,Codes!$A:$K,5,FALSE) -> 4 | L98: =VLOOKUP($C98,Codes!$A:$K,9,FALSE) -> Junior High School | N98: =VLOOKUP($C98,Codes!$A:$K,11,FALSE) -> Eskola Pre-Sekundária | O98: =B106 -> MJ3.03
C99: H1.02.e | D99: =VLOOKUP($C99,Codes!$A:$K,2,FALSE) -> Response | F99: =VLOOKUP($C99,Codes!$A:$K,4,FALSE) -> Category option | G99: =VLOOKUP($C99,Codes!$A:$K,5,FALSE) -> 5 | L99: =VLOOKUP($C99,Codes!$A:$K,9,FALSE) -> Senior High School | N99: =VLOOKUP($C99,Codes!$A:$K,11,FALSE) -> Eskola Sekundario | O99: =B106 -> MJ3.03
C100: H1.02.f | D100: =VLOOKUP($C100,Codes!$A:$K,2,FALSE) -> Response | F100: =VLOOKUP($C100,Codes!$A:$K,4,FALSE) -> Category option | G100: =VLOOKUP($C100,Codes!$A:$K,5,FALSE) -> 6 | L100: =VLOOKUP($C100,Codes!$A:$K,9,FALSE) -> University | N100: =VLOOKUP($C100,Codes!$A:$K,11,FALSE) -> Universidade | O100: next section
...

Sheet PauseEnd
C1: PAUSE / END / RESCHEDULE
A2: Qn Order ID | B2: Response Order ID | C2: QR Order ID | D2: Unique ID | E2: KC Notes | F2: Trang Notes | G2: AB Notes | H2: YT Notes | I2: KM | J2: Changes 20 / 1 | K2: Head | L2: Male | M2: Female | N2: Elderly | O2: Youth | P2: Question or Response | Q2: Question Completion Method | R2: Response Display Format | S2: Data Format | T2: Lower Bound | U2: Upper Bound | V2: Conditional Question | W2: Display Text | Y2: Translation | AA2: Chronology
A3: 1 | B3: =IF(P3="Response",#REF!+1,0) -> 0 | C3: =A3+0.01*B3 -> 1 | D3: Pause/End Interview options always available: | AB3: These will (hopefully) be rare events, so enumerators may forget / not know how to handle them. Thus, please add a protocol here with directions here on what the enumerator should do . . . The protocol being that enumerator would tap a button (always available) that provides directions and initiates a dialogue. If a respondent is tired and cannot continue, the enumerator should first suggest a short break (maybe 10-15 mins.). If accepted, the would not pause dialogue need not be entered. If a longer break is required (e.g., the enumerator has another engagement), a time should be set - and recorded - for the enumerator to return (and ideally one that ensures that the schedule is not disrupted). Termination should be avoided wherever possible and the directions should make this clear.
A4: =IF(D4>0,A3+1,A3) -> 2 | B4: =IF(P4="Response",B3+1,0) -> 0 | C4: =A4+0.01*B4 -> 2 | D4: H0.0 | E4: Pause interview | K4: Yes | L4: Yes | M4: Yes | N4: Yes | O4: Yes | P4: Question | Q4: Read question | R4: Category - choose one | S4: Code | V4: Unconditional | W4: Why does the interview need to be paused? | Y4: Tan sa mak presiza halo pauza ba entrevista ne'e? | AB4: Add time etc. at which the interview will be re-initiated, as well as a record of when the interview was actually re-initiated.
A5: =IF(D5>0,A4+1,A4) -> 2 | B5: =IF(P5="Response",B4+1,0) -> 1 | C5: =A5+0.01*B5 -> 2.01 | K5: Yes | L5: Yes | M5: Yes | N5: Yes | O5: Yes | P5: Response | R5: Category option | S5: X | X5: Respondent sick / tired | Z5: Respondente moras / kole
A6: =IF(D6>0,A5+1,A5) -> 2 | B6: =IF(P6="Response",B5+1,0) -> 2 | C6: =A6+0.01*B6 -> 2.02 | K6: Yes | L6: Yes | M6: Yes | N6: Yes | O6: Yes | P6: Response | R6: Category option | S6: X | X6: Respondent upset | Z6: Respondente hirus | AB6: More information here would be useful. Specifically, whether the enumerator was upset by a particular question etc.
A7: =IF(D7>0,A6+1,A6) -> 2 | B7: =IF(P7="Response",B6+1,0) -> 3 | C7: =A7+0.01*B7 -> 2.03 | K7: Yes | L7: Yes | M7: Yes | N7: Yes | O7: Yes | P7: Response | R7: Category option | S7: X | X7: Respondent needs to attend to another matter | Z7: Respondente presiza trata / urus buat seluk
A8: =IF(D8>0,A7+1,A7) -> 2 | B8: =IF(P8="Response",B7+1,0) -> 4 | C8: =A8+0.01*B8 -> 2.04 | K8: Yes | L8: Yes | M8: Yes | N8: Yes | O8: Yes | P8: Response | R8: Category option | S8: X | X8: Weather | Z8: Klima | AB8: This shouldn't really be a reason for pausing / terminating the interview. Can you be more specific?
A9: =IF(D9>0,A8+1,A8) -> 2 | B9: =IF(P9="Response",B8+1,0) -> 5 | C9: =A9+0.01*B9 -> 2.05 | K9: Yes | L9: Yes | M9: Yes | N9: Yes | O9: Yes | P9: Response | R9: Category option | S9: X | X9: No private place to conduct interview | Z9: La iha fatin privadu atu halo entrevista | AB9: Then why was the interview started there in the first place? I am not sure this is a good reason for pausing / terminating.
A10: =IF(D10>0,A9+1,A9) -> 2 | B10: =IF(P10="Response",B9+1,0) -> 6 | C10: =A10+0.01*B10 -> 2.06 | K10: Yes | L10: Yes | M10: Yes | N10: Yes | O10: Yes | P10: Response | R10: Category option | S10: X | X10: Visitor or interruption by another person | Z10: Iha bainaka ka interupsaun husi ema seluk ida
A11: =IF(D11>0,A10+1,A10) -> 2 | B11: =IF(P11="Response",B10+1,0) -> 7 | C11: =A11+0.01*B11 -> 2.07 | K11: Yes | L11: Yes | M11: Yes | N11: Yes | O11: Yes | P11: Response | R11: Category option | S11: X | X11: Other, specify | Z11: Seluk, spesifika liu tan
A12: =IF(D12>0,A11+1,A11) -> 3 | B12: =IF(P12="Response",B11+1,0) -> 0 | C12: =A12+0.01*B12 -> 3 | D12: H0.0 | E12: End interview | K12: Yes | L12: Yes | M12: Yes | N12: Yes | O12: Yes | P12: Question | Q12: Read question | R12: Category - choose one | S12: Code | V12: Unconditional | W12: Why does the interview need to be terminated? | Y12: Tan sa mak presiza hapara / termina tia entrevista ne'e?
A13: =IF(D13>0,A12+1,A12) -> 3 | B13: =IF(P13="Response",B12+1,0) -> 1 | C13: =A13+0.01*B13 -> 3.01 | K13: Yes | L13: Yes | M13: Yes | N13: Yes | O13: Yes | P13: Response | R13: Category option | S13: X | X13: Respondent refused to continue | Z13: Respondente lakohi kontinua | AA13: End interview | AB13: Right, but we want to know why . . . This is not a useful option at all.
A14: =IF(D14>0,A13+1,A13) -> 3 | B14: =IF(P14="Response",B13+1,0) -> 2 | C14: =A14+0.01*B14 -> 3.02 | K14: Yes | L14: Yes | M14: Yes | N14: Yes | O14: Yes | P14: Response | R14: Category option | S14: X | X14: Respondent sick / tired | Z14: Respondente moras / kole | AA14: End interview
A15: =IF(D15>0,A14+1,A14) -> 3 | B15: =IF(P15="Response",B14+1,0) -> 3 | C15: =A15+0.01*B15 -> 3.03 | K15: Yes | L15: Yes | M15: Yes | N15: Yes | O15: Yes | P15: Response | R15: Category option | S15: X | X15: Respondent upset | Z15: Respondente hirus | AA15: End interview
A16: =IF(D16>0,A15+1,A15) -> 3 | B16: =IF(P16="Response",B15+1,0) -> 4 | C16: =A16+0.01*B16 -> 3.04 | K16: Yes | L16: Yes | M16: Yes | N16: Yes | O16: Yes | P16: Response | R16: Category option | S16: X | X16: Respondent needs to attend to another matter | Z16: Respondente presiza trata / urus buat seluk | AA16: End interview
A17: =IF(D17>0,A16+1,A16) -> 3 | B17: =IF(P17="Response",B16+1,0) -> 5 | C17: =A17+0.01*B17 -> 3.05 | K17: Yes | L17: Yes | M17: Yes | N17: Yes | O17: Yes | P17: Response | R17: Category option | S17: X | X17: Visitor or interruption by another person | Z17: Iha bainaka ka interupsaun husi ema seluk ida | AA17: End interview
A18: =IF(D18>0,A17+1,A17) -> 3 | B18: =IF(P18="Response",B17+1,0) -> 6 | C18: =A18+0.01*B18 -> 3.06 | K18: Yes | L18: Yes | M18: Yes | N18: Yes | O18: Yes | P18: Response | R18: Category option | S18: X | X18: Other, specify | Z18: Seluk, spesifika liu tan | AA18: End interview

Sheet Codes
A1: Response ID | B1: Question or Response | D1: Response Display Format | E1: Code | I1: English | K1: Tetun
A2: H1.01.a | B2: Response | D2: Category option | E2: 0 | I2: No | K2: Lae
A3: H1.01.b | B3: Response | D3: Category option | E3: 1 | I3: Yes | K3: Sim
A4: H1.01.c | B4: Response | D4: Category option | E4: 997 | I4: Other (specify) | K4: Seluk (spesifika)
A5: H1.01.d | B5: Response | D5: Category option | E5: 999 | I5: Don't know | K5: La hatene
A6: H1.01.e | B6: Response | D6: Category option | E6: 998 | I6: Refused to answer | K6: Lakohi fo resposta
A7: H2.30.a | B7: Response | D7: Category option | E7: 996 | I7: Estimated | K7: Estimasaun
A8: H2.30.b | B8: Response | D8: Category option | E8: 995 | I8: Seems wrong | K8: Karik sala
A9: H2.30.c | B9: Response | D9: Category option | E9: 994 | I9: Use year of birth instead | K9: Uza deit data moris
A10: H1.02.a | B10: Response | D10: Category option | E10: 1 | I10: None completed | K10: La Kompletu
A11: H1.02.b | B11: Response | D11: Category option | E11: 2 | I11: Pre-School | K11: Pre-Eskolar
A12: H1.02.c | B12: Response | D12: Category option | E12: 3 | I12: Primary School | K12: Eskola Primária
A13: H1.02.d | B13: Response | D13: Category option | E13: 4 | I13: Junior High School | K13: Eskola Pre-Sekundária
... A101: H2.13.b | B101: Response | D101: Category option | E101: 2 | I101: Late afternoon and evening (about 4 hours) | K101: Lokraik no kalan (maizoumenus oras 4)
A102: H2.13.c | B102: Response | D102: Category option | E102: 3 | I102: A few times throughout the day and in the evening (about 8 hours)
A103: H2.13.d | B103: Response | D103: Category option | E103: 4 | I103: For most of the day or night (12 hours)
A104: H2.13.e | B104: Response | D104: Category option | E104: 5 | I104: All day (24 hours) | K104: Loron tomak (oras 24)
A105: H2.14.a | B105: Response | D105: Category option | E105: 1 | I105: No, did not use electricity all day and all night | K105: Lae, la uza eletrisidade loron tomak no kalan tomak
A106: H2.14.b | B106: Response | D106: Category option | E106: 2 | I106: Yes, used electricity all day and all night | K106: Sim, uza eletrisidade loron tomak no kalan tomak
A107: H2.16x.a | B107: Response | D107: Category option | E107: 1 | I107: Hours | K107: Oras
A108: H2.16x.b | B108: Response | D108: Category option | E108: 2 | I108: Days | K108: Loron
A109: H2.16x.c | B109: Response | D109: Category option | E109: 3 | I109: Weeks | K109: Semana
A110: H2.16x.d | B110: Response | D110: Category option | E110: 4 | I110: Months | K110: Fulan
A111: H2.16x.e | B111: Response | D111: Category option | E111: 5 | I111: Years | K111: Tinan
A112: MC12.48.a | B112: Response | D112: Category option | E112: 6 | I112: Quarter (3 months) / trimester / school term | K112: Trimestre (fulan 3)
A113: MC12.48.b | B113: Response | D113: Category option | E113: 7 | I113: Semester (6 months) | K113: Semestre (fulan 6)
A114: MC12.81.a | B114: Response | D114: Category option | E114: 8 | I114: Once-off / irregular | K114: Selu dala ida / laiha regularidade
A115: H4.22.a | B115: Response | D115: Category option | E115: 1 | I115: In this aldeia | K115: Iha aldeia ida ne'e
... A193: MC5.02a | B193: Response | D193: Category option | E193: 1 | I193: Kgs | K193: Kilo
A194: MC5.02b | B194: Response | D194: Category option | E194: 2 | I194: Small tin / milk can (330g)
A195: MC5.02c | B195: Response | D195: Category option | E195: 3 | I195: Sack | K195: Saku
A196: MC5.02d | B196: Response | D196: Category option | E196: 4 | I196: Cart | K196: Gerobak / karosa
A197: MC5.02e | B197: Response | D197: Category option | E197: 5 | I197: Don't know - estimate amount with image of cart | K197: La hatene - koko sura liu husi hare foto gerobak
A198: MC5.01a | B198: Response | D198: Category option | E198: 1 | I198: Cassava | K198: Aifarina
A199: MC5.01b | B199: Response | D199: Category option | E199: 2 | I199: Maize or corn | K199: Batar
A200: MC5.01c | B200: Response | D200: Category option | E200: 3 | I200: Rice | K200: Fos / hare
A201: MC5.01d | B201: Response | D201: Category option | E201: 4 | I201: Squash / pumpkin | K201: Lakeru
A202: MC5.01e | B202: Response | D202: Category option | E202: 5 | I202: Potato / sweet potato | K202: Fehuk ka fehuk midar
A203: MC5.01f | B203: Response | D203: Category option | E203: 6 | I203: Taro (talas / kontas) | K203: Talas ka kontas
A204: MC5.01g | B204: Response | D204: Category option | E204: 7 | I204: Beans (kidney beans, soy beans) | K204: Koto (koto mean, fore keli)
A205: MC5.01h | B205: Response | D205: Category option | E205: 8 | I205: Peanuts | K205: Forai
A206: MC5.01i | B206: Response | D206: Category option | E206: 9 | I206: Other vegetables | K206: Modo sira seluk
... A374: C2.1.03.b | B374: Response | D374: Category option | E374: 2 | I374: Piped Into Dwelling | K374: Pipa nebe liga ba uma
A375: C2.1.03.c | B375: Response | D375: Category option | E375: 3 | I375: Piped To Yard / Plot (On-Site) | K375: Pipa nebe liga ba uma oin / fatin ida (iha fatin) | M375: piped to property, but not into house
A376: C2.1.03.d | B376: Response | D376: Category option | E376: 4 | I376: Piped To Neighbour | K376: Pipa nebe liga ba uma sorin / vizinhu
A377: C2.1.03.e | B377: Response | D377: Category option | E377: 5 | I377: Tap / Standpipe Off-Site | K377: Torneira | M377: not on property
A378: C2.1.03.f | B378: Response | D378: Category option | E378: 6 | I378: Dug Well | K378: Be posu
A379: C2.1.03.g | B379: Response | D379: Category option | E379: 7 | I379: Borehole / Tubewell | K379: Ke'e be | M379: hole bored or drilled to reach water underground. Water is extracted with pipe and pump (hand/motor)
A380: C2.1.03.h | B380: Response | D380: Category option | E380: 8 | I380: Spring | K380: Be moris
A381: C2.1.03.i | B381: Response | D381: Category option | E381: 9 | I381: River / Stream | K381: Mota / be sulin | M381: running water
A382: C2.1.03.j | B382: Response | D382: Category option | E382: 10 | I382: Dam / Lake / Pond | K382: Kolam / lagua | M382: stagnant water
A383: C2.1.03.k | B383: Response | D383: Category option | E383: 11 | I383: Canal / Irrigation Channel | K383: Be dalan / kanal irigasaun
A384: C2.1.03.l | B384: Response | D384: Category option | E384: 12 | I384: Rainwater | K384: Udan been
A385: C2.1.03.m | B385: Response | D385: Category option | E385: 13 | I385: Truck / Cart / Tanker | K385: Trek / gerobak / tanke

Sheet Recurring Qns
A1: Unique ID | C1: Question or Response | D1: Question Completion Method | E1: Response Display Format | F1: Data Format | G1: Lower Bound | H1: Upper Bound | I1: Display Text | K1: Tetun
A2: HB1.01 | C2: Question | D2: Read question | E2: Category - choose one | F2: Code | G2: - | H2: - | I2: Do you agree to participate in this interview? | K2: Ita bot aseita atu partisipa iha intrevista ida ne?
A3: HB2.10 | C3: Question | D3: Read question | E3: Text response | F3: Text | G3: - | H3: - | I3: Name | K3: Naran
A4: HB2.24 | C4: Question | D4: Enumerator completes | E4: Category - choose one | F4: Code | G4: - | H4: - | I4: ENUMERATOR CHECK: {Name} is {age}. Does this seem accurate? | K4: INTERVISTADOR KONFIRMA: Nia {naran} tinan {tinan}. Hatudu loos ka lae?
A5: HB2.34 | C5: =C4 -> Question | D5: =D4 -> Enumerator completes | E5: =E4 -> Category - choose one | F5: =F4 -> Code | G5: =G4 -> - | H5: =H4 -> - | I5: =I4 -> ENUMERATOR CHECK: {Name} is {age}. Does this seem accurate? | K5: =K4 -> INTERVISTADOR KONFIRMA: Nia {naran} tinan {tinan}. Hatudu loos ka lae?
A6: HB2.51 | C6: Question | D6: Read question | E6: Category - choose one | F6: Code | G6: - | H6: - | I6: Do you know how old {name} was when the Indonesians came in 1975? | K6: Ita hatene nia {naran} tinan iha momentu Indonezia tama ba 1975?
A7: HB2.52 | C7: Question | D7: Read question | E7: Numeric response | F7: XXX | G7: 0 | H7: 60 | I7: How old was {name} when the Indonesians came in 1975? | K7: Iha momentu Indonezia tama ba 1975, nia {naran} tinan hira?
A8: HB2.63 | C8: Question | D8: Read question | E8: Category - choose one | F8: Code | G8: - | H8: - | I8: Do you know how old {name} was at the 1999 referendum? | K8: Ita hatene nia {naran} tinan iha momentu referendum ba 1999?
A9: HB2.64 | C9: Question | D9: Read question | E9: Numeric response | F9: XXX | G9: 0 | H9: 60 | I9: How old was {name} at the 1999 referendum? | K9: Iha momentu referendum ba 1999, nia {naran} tinan hira?
A10: HB2.65 | C10: Question | D10: Read question | E10: Category - choose one | F10: Code | G10: - | H10: - | I10: Was {name} born before or after the Santa Cruz massacre in 1991? | K10: {Naran} moris antes ka depois masakre Santa Cruize (1991)?
A11: MJ3.01 | C11: Question | D11: Read question | E11: Category - choose one | F11: Code | G11: - | H11: - | I11: Have you ever been enrolled in school? | K11: Ita bot pernah ba eskola?
A12: MJ3.02 | C12: Question | D12: Read question | E12: Category - choose one | F12: Code | G12: - | H12: - | I12: What is the highest level of education you have completed? | K12: Nivel edukasaun ikus nebe ita bot hasai mak saida?
A13: HC1.03 | C13: Question | D13: Read question | E13: Numeric response | F13: X | G13: 1 | H13: 6 | I13: What is the highest class you have completed at primary school? | K13: Klasse eskola primária ikus nebe ita bot hasai mak saida?
A14: HC1.04 | C14: Question | D14: Read question | E14: Numeric response | F14: X | G14: 1 | H14: 3 | I14: What is the highest class you have completed at junior high school? | K14: Klasse eskola pre-sekundária ikus nebe ita bot hasai mak saida?
A15: HC1.05 | C15: Question | D15: Read question | E15: Numeric response | F15: X | G15: 1 | H15: 3 | I15: What is the highest class you have completed at senior high school? | K15: Klasse eskola sekundário ikus nebe ita bot hasai mak saida?
A16: MJ3.03 | C16: Question | D16: Read question | E16: Category - choose all | F16: Code | G16: - | H16: - | I16: Have you completed any courses at an academy or institute? | K16: Ita bot kompleta ona kursu iha akademia ou institutu balun?
A17: MJ3.03x | C17: Question | D17: Read question | E17: Text response | F17: Text | G17: - | H17: - | I17: [Specify other course] | K17: [Spesifika kursu seluk]
A18: MC9.01 | C18: Question | D18: Read question | E18: Category - choose one | F18: Code | G18: - | H18: - | I18: Does any member of this household have a bank account? | K18: Iha ema balun iha ita nian uma-kain laran nebe mak iha kontaria banku?
A19: HC2.16x | C19: Question | D19: Read question | E19: Category - choose one | F19: Code | G19: - | H19: - | I19: [Specify time period] | K19: [Spesifika tempu]
A20: MC4.02 | C20: Question | D20: Enumerator completes | E20: Numeric response | F20: XXXX | G20: - | H20: - | I20: Enter length 1 of land area in metres | K20: Hakerek rai nia naruk 1 iha metru
A21: MC4.03 | C21: Question | D21: Enumerator completes | E21: Numeric response | F21: XXXX | G21: - | H21: - | I21: Enter length 2 of land area in metres | K21: Hakerek rai nia naruk 1 iha metru
A22: MC4.04 | C22: Question | D22: Enumerator completes | E22: Numeric response | F22: XXXXX | G22: - | H22: - | I22: Enter area of land in square metres | K22: Hakerek rai nia luan iha metru kuadradu
A23: MC4.05 | C23: Question | D23: Enumerator completes | E23: Numeric response | F23: XXXX | G23: - | H23: - | I23: Enter area of land in hectares | K23: Hakerek rai nia luan iha hektar
A24: MC5.21 | C24: Question | D24: Read question | E24: Category - choose one | F24: Code | G24: - | H24: - | I24: Who can use this water source? | K24: Se'e deit mak bele uza be'e matan ne'e?
A25: MC5.21x | C25: Question | D25: Enumerator completes | E25: Text response | F25: Text | G25: - | H25: - | I25: [Specify who can use the water source] | K25: [Spesifika se mak bele uza be'e matan ne'e]
A26: MD2.01 | C26: Question | D26: Read question | E26: Category - choose one | F26: Code | I26: When was the last time you went to the sub-district capital? | K26: Horbain hira mak tempu ikus liu ita ba kapital sub-distritu nian?
A27: MD3.01 | C27: Question | D27: Read question | E27: Category - choose one | F27: Code | I27: When was the last time you went to the district capital? | K27: Horbain hira mak tempu ikus liu ita ba kapital distritu nian?
A28: MD4.01 | C28: Question | D28: Read question | E28: Category - choose one | F28: Code | I28: When was the last time you went to Dili? | K28: Horbain hira mak tempu ikus liu ita ba Dili?
A29: MC10.42 | C29: Question | D29: Read question | E29: Category - choose one | F29: Code | I29: When was the last time you went in to Dili? | K29: Horbain hira mak tempu ikus liu ita ba Dili sentral?
A30: MD2.02 | C30: Question | D30: Enumerator completes | E30: Numeric response | F30: Date: year + month + day | I30: [Select date] | K30: [Hili data]
A31: MD3.02 | C31: Question | D31: Enumerator completes | E31: Numeric response | F31: Date: year + month + day | I31: [Select date] | K31: [Hili data]
A32: MD4.02 | C32: Question | D32: Enumerator completes | E32: Numeric response | F32: Date: year + month + day | I32: [Select date] | K32: [Hili data]
A33: MC10.43 | C33: Question | D33: Enumerator completes | E33: Numeric response | F33: Date: year + month + day | I33: [Select date] | K33: [Hili data]
A34: MD2.03 | C34: Question | D34: Enumerator completes | E34: Numeric response | F34: Date: year + month | I34: [Select date] | K34: [Hili data]
A35: MD3.03 | C35: Question | D35: Enumerator completes | E35: Numeric response | F35: Date: year + month | I35: [Select date] | K35: [Hili data]
A36: MD4.03 | C36: Question | D36: Enumerator completes | E36: Numeric response | F36: Date: year + month | I36: [Select date]
A37: MC10.44 | C37: Question | D37: Enumerator completes | E37: Numeric response | F37: Date: year + month | I37: [Select date]
A38: MD2.04 | C38: Question | D38: Enumerator completes | E38: Numeric response | F38: XX | I38: [How many days ago?] | K38: [Loron liu ba hira?]
A39: MD3.04 | C39: Question | D39: Enumerator completes | E39: Numeric response | F39: XX | I39: [How many days ago?] | K39: [Loron liu ba hira?]
A40: MD4.04 | C40: Question | D40: Enumerator completes | E40: Numeric response | F40: XX | I40: [How many days ago?] | K40: [Loron liu ba hira?]
A41: MC10.45 | C41: Question | D41: Enumerator completes | E41: Numeric response | F41: XX | I41: [How many days ago?] | K41: [Loron liu ba hira?]
A42: MD2.05 | C42: Question | D42: Enumerator completes | E42: Numeric response | F42: XX | I42: [How many weeks ago?] | K42: [Semana liu ba hira?]
A43: MD3.05 | C43: Question | D43: Enumerator completes | E43: Numeric response | F43: XX | I43: [How many weeks ago?] | K43: [Semana liu ba hira?]
A44: MD4.05 | C44: Question | D44: Enumerator completes | E44: Numeric response | F44: XX | I44: [How many weeks ago?] | K44: [Semana liu ba hira?]
A45: MC10.46 | C45: Question | D45: Enumerator completes | E45: Numeric response | F45: XX | I45: [How many weeks ago?] | K45: [Semana liu ba hira?]
A46: MD2.06 | C46: Question | D46: Enumerator completes | E46: Numeric response | F46: XX | I46: [How many months ago?] | K46: [Fulan liu ba hira?]
A47: MD3.06 | C47: Question | D47: Enumerator completes | E47: Numeric response | F47: XX | I47: [How many months ago?] | K47: [Fulan liu ba hira?]
A48: MD4.06 | C48: Question | D48: Enumerator completes | E48: Numeric response | F48: XX | I48: [How many months ago?] | K48: [Fulan liu ba hira?]
A49: MC10.46 | C49: Question | D49: Enumerator completes | E49: Numeric response | F49: XX | I49: [How many months ago?] | K49: [Fulan liu ba hira?]
... A61: MC10.48 | C61: Question | D61: Read question | E61: Category - choose one | F61: Code | I61: This last time you went to Dili central, how did you travel there? | K61: Uza meius saida atu ba Dili sentral nian?
A62: MD2.08x | C62: Question | D62: Enumerator completes | E62: Text response | F62: Text | G62: - | H62: - | I62: [Specify other mode of transport] | K62: [Spesifika transporte seluk]
A63: MD3.08x | C63: Question | D63: Enumerator completes | E63: Text response | F63: Text | G63: - | H63: - | I63: [Specify other mode of transport] | K63: [Spesifika transporte seluk]
A64: MD4.08x | C64: Question | D64: Enumerator completes | E64: Text response | F64: Text | G64: - | H64: - | I64: [Specify other mode of transport] | K64: [Spesifika transporte seluk]
A65: MC10.48x | C65: Question | D65: Enumerator completes | E65: Text response | F65: Text | G65: - | H65: - | I65: [Specify other mode of transport] | K65: [Spesifika transporte seluk]
A66: MD2.09 | C66: Question | D66: Read question | E66: Numeric response | F66: XX.XX | I66: In total, how much did you pay for the journey from home to the sub-district capital? | K66: Hamutuk, husi ita nia fatin ba to'o iha kapital subdistritu ne'e, ita selu hira?
A67: MD3.09 | C67: Question | D67: Read question | E67: Numeric response | F67: XX.XX | I67: In total, how much did you pay for the journey from home to the district capital? | K67: Hamutuk, husi ita nia fatin ba to'o iha kapital distritu ne'e, ita selu hira?
A68: MD4.09 | C68: Question | D68: Read question | E68: Numeric response | F68: XX.XX | I68: In total, how much did you pay for the journey from home to Dili? | K68: Hamutuk, husi ita nia fatin ba to'o iha Dili ne'e, ita selu hira?
A69: MC10.49 | C69: Question | D69: Read question | E69: Numeric response | F69: XX.XX | I69: In total, how much did you pay for the journey from home to Dili central? | K69: Hamutuk, husi ita nia fatin ba to'o iha Dili ne'e, ita selu hira?
A70: H9.54 | C70: Question | D70: Read question | E70: Category - choose one | F70: Code | I70: Do you pay to use {transport}? | K70: Ita selu atu sae {transporte}?
A71: H9.8 | C71: Question | D71: Read question | E71: Category - choose one | F71: Code | I71: Do you pay to use {transport}? | K71: Ita selu atu sae {transporte}?
A72: H9.40 | C72: Question | D72: Read question | E72: Category - choose one | F72: Code | I72: Does {current child name} attend the same school as {previous child name}? | K72: {Naran} ho {naran oan primeiru nia} eskola iha fatin ida deit ka la'e?
A73: H9.4 | C73: Question | D73: Read question | E73: Category - choose one | F73: Code | I73: Does {name} attend a community school, a state school or a private school? | K73: Sei quando (naran) ba eskola, nia presiza tempu hira atu to'o iha eskola estadu nebe besik liu bainhira ba ho motor?
A74: H9.50 | C74: Question | D74: Read question | E74: Category - choose one | F74: Code | I74: Does {name} attend a community school, a state school or a private school? | K74: Sei quando (naran) ba eskola, nia presiza tempu hira atu to'o iha eskola estadu nebe besik liu bainhira ba ho motor?
A75: H9.59 | C75: Question | D75: Read question | E75: Category - choose one | F75: XX | I75: For how many days did {name} miss school because they could not reach the school? | K75: Durante loron hira mak {naran} la bele tama ba eskola?
A76: H9.13 | C76: Question | D76: Read question | E76: Category - choose one | F76: XX | I76: For how many days did {name} miss school because they could not reach the school? | K76: Durante loron hira mak {naran} la bele tama ba eskola?
A77: H9.53 | C77: Question | D77: Read question | E77: Table - Yes/No; Duration: minutes + hours | F77: Time: minutes + hours | I77: How does {name} travel to school? | K77: Nia (naran) ba eskola hanusa?
... A125: H9.31 | C125: Question | D125: Read question | E125: Category - choose one | F125: Code | I125: Why is {name} not enrolled in school? | K125: Tan sa mak {naran} la daftar / rejistu / matrikula iha eskola?
